Workbook
Name CEPLAN: #REF!
Name CEPLAN: #REF!
Name CEPLAN: #REF!
Name diasuteis: #REF!
Name diasuteis: #REF!
Name diasuteis: #REF!
Name diasuteis: #REF!
Name diasuteis: #REF!
Name diasuteis: #REF!
Name diasuteis: #REF!
Name Ferias: #REF!
Name Ferias: #REF!
Name Ferias: #REF!
Name Ferias: #REF!
Name Ferias: #REF!
Name Ferias: #REF!
Name Ferias: #REF!
Name RD: OFFSET(#REF!,(MATCH(SMALL(#REF!,ROW()-10),#REF!,0)-1),0)
Name RD: OFFSET(#REF!,(MATCH(SMALL(#REF!,ROW()-10),#REF!,0)-1),0)
Name RD: OFFSET(#REF!,(MATCH(SMALL(#REF!,ROW()-10),#REF!,0)-1),0)
Name RD: OFFSET(#REF!,(MATCH(SMALL(#REF!,ROW()-10),#REF!,0)-1),0)
Name RD: OFFSET(#REF!,(MATCH(SMALL(#REF!,ROW()-10),#REF!,0)-1),0)
Name RD: OFFSET(#REF!,(MATCH(SMALL(#REF!,ROW()-10),#REF!,0)-1),0)
Name RD: OFFSET(#REF!,(MATCH(SMALL(#REF!,ROW()-10),#REF!,0)-1),0)

Sheet REITORIA
A1: PROCESSO: 0759/2015/UDESC | D1: OBJETO: AQUISIÇÃO DE PEÇAS INCORPORÁVEIS AO COMPUTADOR PARA A UDESC | I1: VIGÊNCIA DA ATA: 21/09/2015 até 20/09/2016 | L1: AF/OS nº xxxx/2015 Qtde. DT | M1: AF/OS nº xxxx/2015 Qtde. DT | N1: AF/OS nº xxxx/2015 Qtde. DT | O1: AF/OS nº xxxx/2015 Qtde. DT | P1: AF/OS nº xxxx/2015 Qtde. DT | Q1: AF/OS nº xxxx/2015 Qtde. DT | R1: AF/OS nº xxxx/2015 Qtde. DT | S1: AF/OS nº xxxx/2015 Qtde. DT | T1: AF/OS nº xxxx/2015 Qtde. DT | U1: AF/OS nº xxxx/2015 Qtde. DT | V1: AF/OS nº xxxx/2015 Qtde. DT | W1: AF/OS nº xxxx/2015 Qtde. DT
A2: CENTRO PARTICIPANTE: REITORIA
A3: FORNECEDOR | B3: LOTE | C3: ITEM | D3: PRODUTO - CARACTERÍSTICAS MÍNIMAS | E3: UNIDADE | F3: MARCA | G3: DETALHAMENTO | H3: Preço UNITÁRIO (R$) | I3: Qtde Registrada | J3: Saldo / Automático | K3: ALERTA | L3: ...../...../...... | M3: ...../...../...... | N3: ...../...../...... | O3: ...../...../...... | P3: ...../...../...... | Q3: ...../...../...... | R3: ...../...../...... | S3: ...../...../...... | T3: ...../...../...... | U3: ...../...../...... | V3: ...../...../...... | W3: ...../...../......
A4: RICARL DISTRIBUIDORA EIRELI ME | B4: 1 | C4: 1 | D4: Conjunto de 4 pilhas recarregáveis do tipo NiMH, tamanho AA de 2700 mAh. | E4: Peça | F4: ELGIM | G4: 339030.26 | H4: 42.01 | I4: 4 | J4: =I4-(SUM(L4:W4)) -> 4 | K4: =IF(J4<0,"ATENÇÃO","OK") -> OK | L4: 0 | M4: 0 | N4: 0 | O4: 0 | P4: 0 | Q4: 0 | R4: 0 | S4: 0 | T4: 0 | U4: 0 | V4: 0 | W4: 0
C5: 2 | D5: Conjunto de 4 pilhas recarregáveis do tipo NiMH, tamanho AAA. | E5: Peça | F5: ELGIM | G5: 339030.26 | H5: 18.62 | I5: 4 | J5: =I5-(SUM(L5:W5)) -> 4 | K5: =IF(J5<0,"ATENÇÃO","OK") -> OK | L5: 0 | M5: 0 | N5: 0 | O5: 0 | P5: 0 | Q5: 0 | R5: 0 | S5: 0 | T5: 0 | U5: 0 | V5: 0 | W5: 0
C6: 3 | D6: Carregador Rápido de Baterias AA e AAA, Carga total em 3h, potência de Carga 2100 mAh | E6: Peça | F6: SONY | G6: 339030.26 | H6: 95 | J6: =I6-(SUM(L6:W6)) -> 0 | K6: =IF(J6<0,"ATENÇÃO","OK") -> OK | L6: 0 | M6: 0 | N6: 0 | O6: 0 | P6: 0 | Q6: 0 | R6: 0 | S6: 0 | T6: 0 | U6: 0 | V6: 0 | W6: 0
A7: FABRICIO SONCINI EQPTOS DE INFORMÁTICA ME | B7: 2 | C7: 4 | D7: HD SATA II - capacidade 500 Gb, 7200 RPM, 3.0 Gb/s com tecnologia S.M.A.R.T. Com cabos de força e comunicação. | E7: Peça | F7: SEAGATE | G7: 339030.17 | H7: 250 | J7: =I7-(SUM(L7:W7)) -> 0 | K7: =IF(J7<0,"ATENÇÃO","OK") -> OK | L7: 0 | M7: 0 | N7: 0 | O7: 0 | P7: 0 | Q7: 0 | R7: 0 | S7: 0 | T7: 0 | U7: 0 | V7: 0 | W7: 0
C8: 5 | D8: HD SATA II - capacidade 1 Tb, 7200 RPM, 3.0 Gb/s com tecnologia S.M.A.R.T. Com cabos de força e comunicação. | E8: Peça | F8: SEAGATE | G8: 339030.17 | H8: 360.08 | I8: 4 | J8: =I8-(SUM(L8:W8)) -> 4 | K8: =IF(J8<0,"ATENÇÃO","OK") -> OK | L8: 0 | M8: 0 | N8: 0 | O8: 0 | P8: 0 | Q8: 0 | R8: 0 | S8: 0 | T8: 0 | U8: 0 | V8: 0 | W8: 0
C9: 6 | D9: HD SATA II - capacidade 2 Tb, 7200 RPM, 3.0 Gb/s com tecnologia S.M.A.R.T. Com cabos de força e comunicação. | E9: Peça | F9: SEAGATE | G9: 339030.17 | H9: 558 | I9: 4 | J9: =I9-(SUM(L9:W9)) -> 4 | K9: =IF(J9<0,"ATENÇÃO","OK") -> OK | L9: 0 | M9: 0 | N9: 0 | O9: 0 | P9: 0 | Q9: 0 | R9: 0 | S9: 0 | T9: 0 | U9: 0 | V9: 0 | W9: 0
A10: BEE2B INFORMÁTICA LTDA ME | B10: 3 | C10: 7 | D10: HD Externo de 500 Gb com interface USB 3.0, alimentação via USB, LED indicativo de funcionamento, taxa de transferência de 480 Mbps, incluso cabo de conexão USB. | E10: Peça | F10: WD | G10: 449052.35 | H10: 326.43 | J10: =I10-(SUM(L10:W10)) -> 0 | K10: =IF(J10<0,"ATENÇÃO","OK") -> OK | L10: 0 | M10: 0 | N10: 0 | O10: 0 | P10: 0 | Q10: 0 | R10: 0 | S10: 0 | T10: 0 | U10: 0 | V10: 0 | W10: 0
C11: 8 | D11: HD Externo de 1 Tb com interface USB 3.0, alimentação via USB, LED indicativo de funcionamento, taxa de transferência de 480 Mbps, incluso cabo de conexão USB. | E11: Peça | F11: SEAGATE | G11: 449052.35 | H11: 414.2 | I11: 4 | J11: =I11-(SUM(L11:W11)) -> 4 | K11: =IF(J11<0,"ATENÇÃO","OK") -> OK | L11: 0 | M11: 0 | N11: 0 | O11: 0 | P11: 0 | Q11: 0 | R11: 0 | S11: 0 | T11: 0 | U11: 0 | V11: 0 | W11: 0
C12: 9 | D12: HD Externo de 2 Tb com interface USB 3.0, alimentação via USB, LED indicativo de funcionamento, taxa de transferência de 480 Mbps, incluso cabo de conexão USB. | E12: Peça | F12: TOSHIBA | G12: 449052.35 | H12: 552.83 | I12: 4 | J12: =I12-(SUM(L12:W12)) -> 4 | K12: =IF(J12<0,"ATENÇÃO","OK") -> OK | L12: 0 | M12: 0 | N12: 0 | O12: 0 | P12: 0 | Q12: 0 | R12: 0 | S12: 0 | T12: 0 | U12: 0 | V12: 0 | W12: 0
A13: RICARL DISTRIBUIDORA EIRELI ME | B13: 4 | C13: 10 | D13: Pen Drive 64 Gb USB 3.0 | E13: Peça | F13: SANDISK | G13: 339030.17 | H13: 189.3 | I13: 12 | J13: =I13-(SUM(L13:W13)) -> 12 | K13: =IF(J13<0,"ATENÇÃO","OK") -> OK | L13: 0 | M13: 0 | N13: 0 | O13: 0 | P13: 0 | Q13: 0 | R13: 0 | S13: 0 | T13: 0 | U13: 0 | V13: 0 | W13: 0
C14: 11 | D14: Pen Drive 32 Gb USB 3.0 | E14: Peça | F14: SANDISK | G14: 339030.17 | H14: 105 | I14: 12 | J14: =I14-(SUM(L14:W14)) -> 12 | K14: =IF(J14<0,"ATENÇÃO","OK") -> OK | L14: 0 | M14: 0 | N14: 0 | O14: 0 | P14: 0 | Q14: 0 | R14: 0 | S14: 0 | T14: 0 | U14: 0 | V14: 0 | W14: 0
C15: 12 | D15: Pen Drive 16 Gb USB 3.0 | E15: Peça | F15: SANDISK | G15: 339030.17 | H15: 68 | J15: =I15-(SUM(L15:W15)) -> 0 | K15: =IF(J15<0,"ATENÇÃO","OK") -> OK | L15: 0 | M15: 0 | N15: 0 | O15: 0 | P15: 0 | Q15: 0 | R15: 0 | S15: 0 | T15: 0 | U15: 0 | V15: 0 | W15: 0
A16: FABRICIO SONCINI EQPTOS DE INFORMÁTICA ME | B16: 5 | C16: 13 | D16: Pente de Memória 4 Gb DDR3-1066 | E16: Peça | F16: MARKVISION | G16: 339030.17 | H16: 197.64 | I16: 8 | J16: =I16-(SUM(L16:W16)) -> 8 | K16: =IF(J16<0,"ATENÇÃO","OK") -> OK | L16: 0 | M16: 0 | N16: 0 | O16: 0 | P16: 0 | Q16: 0 | R16: 0 | S16: 0 | T16: 0 | U16: 0 | V16: 0 | W16: 0
C17: 14 | D17: Pente de Memória 4 Gb DDR2-800 | E17: Peça | F17: KINGSTON | G17: 339030.17 | H17: 269 | I17: 8 | J17: =I17-(SUM(L17:W17)) -> 8 | K17: =IF(J17<0,"ATENÇÃO","OK") -> OK | L17: 0 | M17: 0 | N17: 0 | O17: 0 | P17: 0 | Q17: 0 | R17: 0 | S17: 0 | T17: 0 | U17: 0 | V17: 0 | W17: 0
C18: 15 | D18: Pente de Memória 2 Gb DDR2-667 | E18: Peça | F18: KINGSTON | G18: 339030.17 | H18: 133.11 | J18: =I18-(SUM(L18:W18)) -> 0 | K18: =IF(J18<0,"ATENÇÃO","OK") -> OK | L18: 0 | M18: 0 | N18: 0 | O18: 0 | P18: 0 | Q18: 0 | R18: 0 | S18: 0 | T18: 0 | U18: 0 | V18: 0 | W18: 0
A19: BEE2B INFORMÁTICA LTDA ME | B19: 6 | C19: 16 | D19: Processador AMD Athlon 64 X2 2.6 Ghz (5000B / Socket AM2) | E19: Peça | F19: ATHLON | G19: 339030.17 | H19: 435.95 | J19: =I19-(SUM(L19:W19)) -> 0 | K19: =IF(J19<0,"ATENÇÃO","OK") -> OK | L19: 0 | M19: 0 | N19: 0 | O19: 0 | P19: 0 | Q19: 0 | R19: 0 | S19: 0 | T19: 0 | U19: 0 | V19: 0 | W19: 0
C20: 17 | D20: Processador Intel Core 2 Duo 3 Ghz ou superior compatível com o socket LGA775 | E20: Peça | F20: INTEL | G20: 339030.17 | H20: 486.86 | J20: =I20-(SUM(L20:W20)) -> 0 | K20: =IF(J20<0,"ATENÇÃO","OK") -> OK | L20: 0 | M20: 0 | N20: 0 | O20: 0 | P20: 0 | Q20: 0 | R20: 0 | S20: 0 | T20: 0 | U20: 0 | V20: 0 | W20: 0
A21: MM COMÉRCIO DE EQPTOS LTDA ME | B21: 7 | C21: 18 | D21: Apoio de punho (teclado) ergonômico em gel. | E21: Peça | F21: PISC | G21: 339030.17 | H21: 41.09 | J21: =I21-(SUM(L21:W21)) -> 0 | K21: =IF(J21<0,"ATENÇÃO","OK") -> OK | L21: 0 | M21: 0 | N21: 0 | O21: 0 | P21: 0 | Q21: 0 | R21: 0 | S21: 0 | T21: 0 | U21: 0 | V21: 0 | W21: 0
C22: 19 | D22: Mouse pad com apoio ergonômico de gel | E22: Peça | F22: PISC | G22: 339030.17 | H22: 25.92 | J22: =I22-(SUM(L22:W22)) -> 0 | K22: =IF(J22<0,"ATENÇÃO","OK") -> OK | L22: 0 | M22: 0 | N22: 0 | O22: 0 | P22: 0 | Q22: 0 | R22: 0 | S22: 0 | T22: 0 | U22: 0 | V22: 0 | W22: 0
A23: BEE2B INFORMÁTICA LTDA ME | B23: 8 | C23: 20 | D23: Mouse Wireless com Apontador Laser ( Mouse Laser Bluetooth, Apresentador de Slides, Apontador Laser e Controle Remoto de Multimídia), com botão Ligar/Desligar, conexão Bluetooth de 2.4 Ghz, com estojo. | E23: Peça | F23: MICROSOFT | G23: 339030.17 | H23: 180 | I23: 12 | J23: =I23-(SUM(L23:W23)) -> 12 | K23: =IF(J23<0,"ATENÇÃO","OK") -> OK | L23: 0 | M23: 0 | N23: 0 | O23: 0 | P23: 0 | Q23: 0 | R23: 0 | S23: 0 | T23: 0 | U23: 0 | V23: 0 | W23: 0
C24: 21 | D24: Mouse USB preto (óptico 3 botões net scroll), (não o optomecânico) | E24: Peça | F24: LEADER TECH | G24: 339030.17 | H24: 15.5 | I24: 16 | J24: =I24-(SUM(L24:W24)) -> 16 | K24: =IF(J24<0,"ATENÇÃO","OK") -> OK | L24: 0 | M24: 0 | N24: 0 | O24: 0 | P24: 0 | Q24: 0 | R24: 0 | S24: 0 | T24: 0 | U24: 0 | V24: 0 | W24: 0
C25: 22 | D25: Teclado Wireless, padrão ABNT II Português; teclas com funções internet e multimídia; botão de rolagem no teclado (scroll); teclas de atalho para a função office; 256 endereços de Ids por canal; tecnologia RF (rádio frequência) amplo ângulo de transmissão de sinal; com apoio para pulso, previne L.E.R. | E25: Peça | F25: MULTILASER | G25: 339030.17 | H25: 152 | I25: 12 | J25: =I25-(SUM(L25:W25)) -> 12 | K25: =IF(J25<0,"ATENÇÃO","OK") -> OK | L25: 0 | M25: 0 | N25: 0 | O25: 0 | P25: 0 | Q25: 0 | R25: 0 | S25: 0 | T25: 0 | U25: 0 | V25: 0 | W25: 0
C26: 23 | D26: Teclado USB preto Padrão ABNT2 | E26: Peça | F26: MULTILASER | G26: 339030.17 | H26: 27 | I26: 16 | J26: =I26-(SUM(L26:W26)) -> 16 | K26: =IF(J26<0,"ATENÇÃO","OK") -> OK | L26: 0 | M26: 0 | N26: 0 | O26: 0 | P26: 0 | Q26: 0 | R26: 0 | S26: 0 | T26: 0 | U26: 0 | V26: 0 | W26: 0
A27: Infrutífero | B27: 9 | C27: 24 | D27: Mini-teclado numérico USB para PC, interface USB, cor preto, Comprimento do cabo de 1,80 m ou mais, dimensões 110/75/10 mm (Prof/Larg/Alt), fonte de alimentação PC / via USB, compatibilidade com Windows 2000 Windows 98 (SE) Windows ME Windows XP e com teclas de zero a 9 | E27: Peça | G27: 339030.17
C28: 25 | D28: Teclado PIN para senha 12 teclas com conexão para teclado, com display. | E28: Peça | G28: 339030.17
C29: 26 | D29: Teclado PIN: Mini-teclado numérico USB para desktops e notebooks. Função numérica e matemática com as quatro principais operações. Teclado formato slim com teclas e base finas. Tecla backspace para correção e Enter. | E29: Peça | G29: 339030.17
A30: Deserto | B30: 10 | C30: 27 | D30: Placa de Som PCI-e Creative Sound Blaster Audigy Rx, Processador de áudio: Creative E-MU, Relação Sinal para ruído (SNR): 106dB, Opções de conectividade (principais), Headphone Saída: 1 x 3.5mm jack compartilhada com Saída Frontal, Saída de linha: 1 x 3.5mm jack (Saída Frontal) 1 x 3.5mm jack (Rear / Side R) 1 x 3.5mm jack (C / Sub / Side L), Entrada de linha: 1 x 3,5 mm jack, Entrada de microfone: 2 x 3,5 mm jack, Saída ótica: 1 x TOSLINK, Amplificador dos fones de ouvido: Até 600 Ohms | E30: Peça | G30: 339030.17
A31: PERFORM TECNOLOGIA EIRELI EPP | B31: 11 | C31: 28 | D31: Placa de Rede 10/100/1000 PCI | E31: Peça | F31: INTELBRAS | G31: 339030.17 | H31: 65 | J31: =I31-(SUM(L31:W31)) -> 0 | K31: =IF(J31<0,"ATENÇÃO","OK") -> OK | L31: 0 | M31: 0 | N31: 0 | O31: 0 | P31: 0 | Q31: 0 | R31: 0 | S31: 0 | T31: 0 | U31: 0 | V31: 0 | W31: 0
C32: 29 | D32: Placa de Rede 10/100/1000 PCI-e | E32: Peça | F32: INTELBRAS | G32: 339030.17 | H32: 84.7 | J32: =I32-(SUM(L32:W32)) -> 0 | K32: =IF(J32<0,"ATENÇÃO","OK") -> OK | L32: 0 | M32: 0 | N32: 0 | O32: 0 | P32: 0 | Q32: 0 | R32: 0 | S32: 0 | T32: 0 | U32: 0 | V32: 0 | W32: 0
C33: 30 | D33: Placa de Rede Wireless, PCI-e, com antena externa, compativel com sinal 2,4 Ghz | E33: Peça | F33: INTELBRAS | G33: 339030.17 | H33: 75 | J33: =I33-(SUM(L33:W33)) -> 0 | K33: =IF(J33<0,"ATENÇÃO","OK") -> OK | L33: 0 | M33: 0 | N33: 0 | O33: 0 | P33: 0 | Q33: 0 | R33: 0 | S33: 0 | T33: 0 | U33: 0 | V33: 0 | W33: 0
A34: PERFORM TECNOLOGIA EIRELI EPP | B34: 12 | C34: 31 | D34: Placa de Vídeo PCI express 512 Mb | E34: Peça | F34: POWER COLOR | G34: 339030.17 | H34: 180 | J34: =I34-(SUM(L34:W34)) -> 0 | K34: =IF(J34<0,"ATENÇÃO","OK") -> OK | L34: 0 | M34: 0 | N34: 0 | O34: 0 | P34: 0 | Q34: 0 | R34: 0 | S34: 0 | T34: 0 | U34: 0 | V34: 0 | W34: 0
C35: 32 | D35: Placa de Vídeo 1 Gb Vga/Dvi/Hdmi (pricipalmente com HDMI) | E35: Peça | F35: POWER COLOR | G35: 339030.17 | H35: 150 | J35: =I35-(SUM(L35:W35)) -> 0 | K35: =IF(J35<0,"ATENÇÃO","OK") -> OK | L35: 0 | M35: 0 | N35: 0 | O35: 0 | P35: 0 | Q35: 0 | R35: 0 | S35: 0 | T35: 0 | U35: 0 | V35: 0 | W35: 0
C36: 33 | D36: Placa de Vídeo 2 Gb 256 bits Dual Dvi PCI-e | E36: Peça | F36: GIGABYTE | G36: 339030.17 | H36: 1232.25 | J36: =I36-(SUM(L36:W36)) -> 0 | K36: =IF(J36<0,"ATENÇÃO","OK") -> OK | L36: 0 | M36: 0 | N36: 0 | O36: 0 | P36: 0 | Q36: 0 | R36: 0 | S36: 0 | T36: 0 | U36: 0 | V36: 0 | W36: 0
A37: Deserto | B37: 13 | C37: 34 | D37: Placa mãe Lenovo Socket LGA775 ou compatível FRU-PartNumber 64Y3055 | E37: Peça | G37: 339030.17
C38: 35 | D38: Placa-mãe Lenovo L-A780 ou compatível (socket AM2) p/ computadores Lenovo Thinkcentre A62-7057 | E38: Peça | G38: 339030.17
A39: MM COMÉRCIO DE EQPTOS LTDA ME | B39: 14 | C39: 36 | D39: Spray para limpeza de contatos elétricos e componentes eletrônicos. Embalagem de 300 ml. | E39: Peça | F39: ORBI | G39: 339030.17 | H39: 28.69 | I39: 20 | J39: =I39-(SUM(L39:W39)) -> 20 | K39: =IF(J39<0,"ATENÇÃO","OK") -> OK | L39: 0 | M39: 0 | N39: 0 | O39: 0 | P39: 0 | Q39: 0 | R39: 0 | S39: 0 | T39: 0 | U39: 0 | V39: 0 | W39: 0
C40: 37 | D40: Pasta térmica: Condutividade térmica (Wmk) 1,2 Wmk (norma técnica ISSO 8301:1991). Ponto de gota inexistente. | E40: Peça | F40: TEKBOND | G40: 339030.17 | H40: 14.8 | J40: =I40-(SUM(L40:W40)) -> 0 | K40: =IF(J40<0,"ATENÇÃO","OK") -> OK | L40: 0 | M40: 0 | N40: 0 | O40: 0 | P40: 0 | Q40: 0 | R40: 0 | S40: 0 | T40: 0 | U40: 0 | V40: 0 | W40: 0
A41: COMP1 INFORMÁTICA LTDA EPP | B41: 15 | C41: 38 | D41: Fonte de alimentação ATX 2.0 entrada AC com chaveamento automático (110V e 220V), mínimo 430W. | E41: Peça | F41: CASEMALL | G41: 339030.17 | H41: 365 | J41: =I41-(SUM(L41:W41)) -> 0 | K41: =IF(J41<0,"ATENÇÃO","OK") -> OK | L41: 0 | M41: 0 | N41: 0 | O41: 0 | P41: 0 | Q41: 0 | R41: 0 | S41: 0 | T41: 0 | U41: 0 | V41: 0 | W41: 0
C42: 39 | D42: Adaptador para fonte ATX com saída SATA. Permite ligar um disco rígido SATA em um conector de 4 pontos da fonte. | E42: Peça | F42: COLLER MASTER | G42: 339030.17 | H42: 8 | J42: =I42-(SUM(L42:W42)) -> 0 | K42: =IF(J42<0,"ATENÇÃO","OK") -> OK | L42: 0 | M42: 0 | N42: 0 | O42: 0 | P42: 0 | Q42: 0 | R42: 0 | S42: 0 | T42: 0 | U42: 0 | V42: 0 | W42: 0
A43: Deserto | B43: 16 | C43: 40 | D43: Caixas de Som com subwoofer integrado e duas caixas de som, com potência mínima de 600W PMPO, entrada com conector padrão mini-jack e RCA (ou adaptador RCA para mini-jack), tensão de alimentação de 220v. | E43: Peça | G43: 339030.17
C44: 41 | D44: Caixas de Som com 2 canais estéreos amplificados, controle de volume, botão liga/desliga, saída para fone de ouvido estéreo, LED indicador de liga e desliga, 2 w RMS e alimentação 220v (sem uso de transformador externo). | E44: Peça | G44: 339030.17
C45: 42 | D45: Caixa de Som, 1 Subwoofer, 2 caixas Satélites, Potência de saída: 30W RMS, botão iluminado quando ligado, controle de volume, auto Bivolt, dimensões aproximadas: +/- 10 a 15% (Larg x Alt x Prof) 16 x 20 x 20 | E45: Peça | G45: 339030.17
A46: Deserto | B46: 17 | C46: 43 | D46: Fone de ouvido profissional, - Sensibilidade: 98 dB (SPL/mW); - Faixa de frequência: de 10 até 30.000 Hz; - Impedância: 32 Ohms; - Potência Máxima: 300 mW; - Cabo: 2,5 m com conector P2 e adaptador P10 | E46: Peça | G46: 339030.17
C47: 44 | D47: Headset (fones de ouvido com microfone): Escala de frequência 20 a 20000Hz. Sensibilidade 105dB/mW. Impedância 32Ohms. Potência máxima: 100 mW. Tamanho do cabo 1,60m (mínimo). Outras características: fones almofadados e revestidos de borracha. | E47: Peça | G47: 339030.17
A48: COMP1 INFORMÁTICA LTDA EPP | B48: 18 | C48: 45 | D48: WEBCAM PARA COMPUTADOR, PADRÃO DGOV - Diretoria de Governança Eletrônica (Órgão da Secretaria de Estado da Administração do Governo Estadual). Padronização conforme o art. 15, inc. I, da Lei Federal 8.666/1993. Resolução HD 720p; Lente confeccionada em vidro; Formato de imagem 16:9; Foco automático; Microfone incorporado; Porta USB 2.0; Suporte com rotação vertical e horizontal para fixação em monitores de LCD/LED; Compatibilidade com plataformas Ms-Windows 7 e 8. CONDIÇÔES GERAIS a) Garantia de hardware de 1 anos; b) Anexar documentação técnica detalhada oficial do fabricante; c) Indicação no site do fabricante do produto proposto. | E48: Peça | F48: LOGITECH HD | G48: 339030.17 | H48: 200 | J48: =I48-(SUM(L48:W48)) -> 0 | K48: =IF(J48<0,"ATENÇÃO","OK") -> OK | L48: 0 | M48: 0 | N48: 0 | O48: 0 | P48: 0 | Q48: 0 | R48: 0 | S48: 0 | T48: 0 | U48: 0 | V48: 0 | W48: 0
A49: Deserto | B49: 19 | C49: 46 | D49: Bateria Lítio 3V CR | E49: Peça | G49: 339030.17
A50: MM COMÉRCIO DE EQPTOS LTDA ME | B50: 20 | C50: 47 | D50: Cabo VGA para monitor HDB15 macho HDB15 macho com comprimento de 20 m blindado | E50: Peça | F50: CENTRAL CABOS | G50: 339030.17 | H50: 151.99 | I50: 2 | J50: =I50-(SUM(L50:W50)) -> 2 | K50: =IF(J50<0,"ATENÇÃO","OK") -> OK | L50: 0 | M50: 0 | N50: 0 | O50: 0 | P50: 0 | Q50: 0 | R50: 0 | S50: 0 | T50: 0 | U50: 0 | V50: 0 | W50: 0
C51: 48 | D51: Cabo VGA para monitor HDB15 macho HDB15 macho com comprimento de 15 m blindado | E51: Peça | F51: CENTRAL CABOS | G51: 339030.17 | H51: 170.99 | I51: 2 | J51: =I51-(SUM(L51:W51)) -> 2 | K51: =IF(J51<0,"ATENÇÃO","OK") -> OK | L51: 0 | M51: 0 | N51: 0 | O51: 0 | P51: 0 | Q51: 0 | R51: 0 | S51: 0 | T51: 0 | U51: 0 | V51: 0 | W51: 0
C52: 49 | D52: Cabo VGA para monitor HDB15 macho HDB15 macho com comprimento de 2 metros | E52: Peça | F52: CENTRAL CABOS | G52: 339030.17 | H52: 123.85 | J52: =I52-(SUM(L52:W52)) -> 0 | K52: =IF(J52<0,"ATENÇÃO","OK") -> OK | L52: 0 | M52: 0 | N52: 0 | O52: 0 | P52: 0 | Q52: 0 | R52: 0 | S52: 0 | T52: 0 | U52: 0 | V52: 0 | W52: 0
C53: 50 | D53: Cabo HDMI com 3m | E53: Peça | F53: PIX | G53: 339030.17 | H53: 59.65 | I53: 4 | J53: =I53-(SUM(L53:W53)) -> 4 | K53: =IF(J53<0,"ATENÇÃO","OK") -> OK | L53: 0 | M53: 0 | N53: 0 | O53: 0 | P53: 0 | Q53: 0 | R53: 0 | S53: 0 | T53: 0 | U53: 0 | V53: 0 | W53: 0
A54: Deserto | B54: 21 | C54: 51 | D54: Adaptador / Conversor p/ tomadas no novo padrão brasileiro NBR-14136, aceitando plugue macho dois pinos chatos, padrão NEMA, 15A-250V~, plugue macho dois pinos chatos + terra, 15A-250V~, plugue macho dois pinos redondos, 10A-250V~, plugue macho dois pinos redondos + terra, 10A-250V~ | E54: Peça | G54: 339030.26
C55: 52 | D55: Adaptador / Conversor p/ tomadas no padrão antigo (dois pinos chatos + terra), aceitando plugue do padrão atual brasileiro NBR-14136 | E55: Peça | G55: 339030.26
C56: 53 | D56: Filtro de linha com 05 tomadas que aceite o plugue do padrão atual brasileiro NBR-14136, com fusível, chave liga/desliga, indicador luminoso e funcionamento, 220V. | E56: Peça | G56: 339030.26
A57: Deserto | B57: 22 | C57: 54 | D57: Apresentador sem fio com função de emulação de mouse com um apontador eletrônico (laser) para total controle de apresentação (avançar e retroceder transparências, além de abrir e fechar documentos e aplicativos), com um alcance mínimo de 6 metros através de conexão com o PC pela porta USB. | E57: Peça | G57: 449052.35
A58: Deserto | B58: 23 | C58: 55 | D58: LEITOR PARA CÓDIGO, DE BARRAS, Leitor Código Barras para porta Usb, com cabo. Velocidade 100 leituras/segundo, Peso 120 g (±10 g), Dimensões 81 mm x 63.5mm e 179 mm e Interfaces USB e Teclado. Características Técnicas: Fonte de luz LED Vermelho 632 nm, Sensor Linear CCD, Ângulo de leitura Lateral ± 25° (±5°) e Frontal 10°~40° (±5°), Profundidade do campo 60 mm, Processador C8051, Resistência a queda 1,5 m. Cabo padrão 1,5 m (±5 cm). Características Ambientais: Temperatura de operação 0ºC a 50ºC, Luz ambiente Lâmpada Fluorescente 5000 Lux Max. / Luz Solar 1500 Lux Max. Características Elétricas: Tensão de entrada + 5V +/- 5% Operação 120 mA (USB) Códigos lidos All UPC/EAN/JAN, EAN128 Code, Code 39, Code 39 Full ASCII, Code32 / Italian Pharmacy, Code 128, CODABAR/NW7, Interleave 25, Industrial 25, Matrix 25, MSI/PLESSEY, Telepen, Code 93, Code 11, China Postage, Code 26, LCD25 e GS1 DataBar Códigos pré-programados All UPC/EAN/JAN, EAN128 Code, Code 39, Code 128, CODABAR/NW7, Interleave 25. Garantia de um ano | E58: Peça | G58: 449052.35
C59: 56 | D59: Leitores de código de barras, conexão usb: Elemento foto detetor: CCD (Charge Coupled Device) de 2048 elementos; Fonte de luz: LEDs, luz vermelha, 660 nm; Velocidade de leitura: 100 varreduras por segundo; Contraste mínimo de impressão dos códigos: 45%; Profundidade de campo: de 0 a 20 mm; Largura da janela de leitura: 82 mm; Largura mínima dos elementos dos códigos (resolução): 0,1 mm; Rejeição à luz ambiente: 1.500 Lux; Padrões de códigos de barras lidos: EAN, UPC, 39, 128, 93, 2 de 5 intercalado; Indicadores de leituras bem sucedidas: Visual (Led) e Sonoro (Beep); Programação: Através do manual ou através do seu Exclusivo programa utilitário; Atualização de Firmware: Por software, pelo próprio usuário; Tensão de alimentação: 5 Vcc +/- 10%; Consumo máximo: 120 mA; Temperatura de operação: de 0 a 50º C; Temperatura de armazenagem: de -10 a 60º C; Umidade tolerável: de 5% até 95% não condensado; Material do corpo: ABS de alto impacto, nas versões bege ou preto; Resistência a quedas: 1,00 metro sobre superfície de concreto; Dimensões físicas (máximas): 180 x 83 x 30 mm; Cabo para conexão USB | G59: 449052.35
C60: 57 | D60: Leitor de código de barras Laser - Fonte de luz Diodo de luz visível de no mínimo 650 nm + 10 nm, Potência do Laser aproximado de 0,96 mW (pico), Profundidade de campo de 0 a 203 mm para códigos de barras de 13 mils, Largura de campo mínimas de 64 mm na face e 249 mm a 203 mm de distância, velocidade de varredura mínima de 72 + 2 varreduras por segundo (bidirecional), padrão de varredura de uma linha, barra mínima de leitura de 5 mils, ativação por infravermelho, longa distância: 0 a 279 mm, curta distância: 0 a 102 mm. Capacidade de decodificação: Auto-discrimina todos os padrões. Interfaceamento RS232C, Teclado PC/AT, Teclado Stand Alone, OCIA, IBM 468X/469X. Contraste 35% mínimo de reflectância. Número de caracteres a ser lido até 80 caracteres Roll, Pitch, Yaw 42º, 68º, 52º . Sinal sonoro 7 tons ou sem sinal. Indicador luminoso Verde: laser ligado, pronto para ler - Vermelho: Boa leitura - Amarelo: (somente o MS9540) = CodeGate ativo. Tensão de entrada de 5 VDC + 0,25 V Potência em operação de aproximadamente 825 mW, Potência em repouso de 600 mW Transformador para DC classe 2; 5.2 VDC @ 650 mA. Classe do laser: CDRH: Classe II; EN60825-1:1994/A11:1996 Classe 1 EMC FCC Classe B. Garantia de fábica de no mínimo 3 anos. | E60: Peça | G60: 449052.35
A61: Deserto | B61: 24 | C61: 58 | D61: LUPA ELETRONICA, TIPO MOUSE, Reproduz as imagens em vídeo normal ou reverso (letra preta, fundo branco ou letra branca, fundo preto). Amplia até 30x em TV de 20''. Ampliador eletrônico de imagem com inversão de contraste. Aumento de 15x a 15x dependendo do tamanho da tela. Bivolt. Aparelho Pb | E61: Peça | G61: 449052.35
A62: Deserto | B62: 25 | C62: 59 | D62: ESTABILIZADOR DE TENSAO, POTENCIA NOMINAL: 1000VA, Tensão de Entrada bivolt (115/220V); Tensão de saída: 115V; Potência nominal: 1000VA; Potência contínua: 1000W; Microprocessado; Filtro de linha integrado; Regulação true RMS; Gabinete em Metal e/ou ABS antichamas; Sinalização visual via led indicado modo de operação da rede; Chave liga/desliga frontal embutida; Mínimo 5 tomadas saída padrão NBR 14136; Cabo de força de entrada padrão NBR 14136 com no mínimo 60cm de comprimento; Proteção de curto circuito; Proteção de surtos de tensão; Proteção sub/sobretensão de rede com desligamento e rearme automático; Proteção de sobre aquecimento; Proteção sobrecarga; Porta fusível externo com uma unidade reserva; Atender a norma NBR 14.373:2006; 3 anos de garantia no mínimo | E62: Peça | G62: 449052.30
C63: 60 | D63: TRANSFORMADOR ESTABILIZADOR DE TENSAO, COM 220/110VOLTS, PADRÃO DGOV - Diretoria de Governança Eletrônica (Órgão da Secretaria de Estado da Administração do Governo Estadual). Padronização conforme o art. 15, inc. I, da Lei Federal 8.666/1993.Potência de saída 600 W; Tensão de entrada de 110VAC ±15 % e 220VAC ±15 %, monofásica, fase/neutro/terra; Frequência de entrada 60 Hz ±5%; Tensão de saída senoidal 220VAC ±6 %, monofásica, fase/neutro/terra; Frequência de saída 60 Hz ± 0,05%; Rendimento de 90%; Fator de potência de saída 0,90; Indicadores de nível de energia; Proteção contra curto circuito, subtensão, sobretensão; Ruído acústico a um metro de distância, menor que 75db (DIN 45635); Gabinete plastico anti-chamas; 4 tomadas de saída padrão NBR141362002; Homologação INMETRO. CONDIÇÔES GERAIS: a) Garantia de hardware do tipo on-site de 3 anos, realizada por empresa autorizada oficialmente pelo fabricante, com tempo de solução em até cinco dias; b) Anexar documentação técnica detalhada oficial do fabricante; c) Indicação no site do fabricante do produto proposto. | E63: Peça | G63: 449052.30
C64: 61 | D64: Nobreak 220 volts que suporte CPU, Projetor 283 w e caixa de som 150 w, com autonomia em torno de uma hora e trinta minutos, recarga automática das baterias, mesmo com o nobreak desligado, leds coloridos no painel frontal para indicar as condições de funcionamento do nobreak (modo rede, modo inversor/bateria, final de autonomia, entre outras), alarme audiovisual para sinalizar eventos como queda de rede e fim do tempo de autonomia, entre outros, garantia de, no mínimo, 12 meses, realizada por empresa autorizada oficialmente pelo fabricante, com tempo de solução em até cinco dias e assistência técnica na região, anexar documentação técnica detalhada oficial do fabricante e indicação no site do fabricante do produto proposto. | E64: Peça | G64: 449052.30
A65: Deserto | B65: 26 | C65: 62 | D65: MULTIMETRO: DIGITAL PORTATIL, Display máximo: 3 ½ dígitos 1999 máx; Tamanho do display: 65×45mm; Principais Características: - Corrente continua e alternada; - Sistema de proteção total contra sobrecarga; - Dispensa qualquer outro aparelho de medição de tensão elétrica; - Precisão é garantida, 23 °C ±, menos do que 80% umidade relativa; Descrição: - Leitura de display 1999; - Sistema de proteção sobre carga; - Compacto para medição de voltagem; - DC e AC, corrente DC, resistência e diodo; - Medição de transistores e teste funcional de continuidade; Dados Técnicos: DVC:220mv-1000v; - ACV:200V-750V; - DCA:200µa-10A; - OHM:200-2000k; - HFE: Sim; - Teste de Diodo: Sim; - Aviso Sonoro: Sim; - Onda Quadrada O/P: Sim; - Leitura Display: 1999 | E65: Peça | G65: 339030.42
A66: Deserto | B66: 27 | C66: 63 | D66: Kit Profissional de Ferramentas - Kit composto por 20 ferramentas. - Ideal para pequenos serviços de manutenções a PCs. - Todas as ferramentas são desmagnetizadas. - Prático estojo com zíper para armazenagem de forma organizada. - Compartimentos individuais para cada ferramenta no estojo. - Material feito em couro sintético. - Ferramenta em ferro de solda 127V CA com potência de 30W. | E66: Peça | G66: 339030.42
A67: Deserto | B67: 28 | C67: 64 | D67: Fonte de alimentação ATX 2.0 entrada AC com chaveamento automático (110V e 220V), mínimo 300W compatível com Computador Compaq 6005 Pro Microtower PC | E67: Peça | G67: 339030.17
C68: 65 | D68: Processador Phenon II X4 compatível com Placa Mãe HP 531966-001 503335-001 | E68: Peça | G68: 339030.17
C69: 66 | D69: Placa Mãe HP 531966-001 503335-001 ou modelo mais novo compatível com HP 6005 Pro Microtower com processador AMD | E69: Peça | G69: 339030.17
A70: Deserto | B70: 29 | C70: 67 | D70: Drive gravador CD/DVD 12x/48X. Interface, SATA, tipo interno. Cor: preto fosco. Velocidade de gravação DVD-R 24x, DVD-R DL 8x, CD-RW 6x. | E70: Peça | G70: 339030.17
A71: Deserto | B71: 30 | C71: 68 | D71: Adaptador USB Wireless. Taxa de transmissão de até 300 Mbps, faixa de frequencia 2,4 GHz, padrões wirless IEEE 802.11b, g, n. Segurança wirless WEP de 64/128 bit. WPA-PSK, WPA WPA 2, Antena interna. | E71: Peça | G71: 339030.17
A72: MM COMÉRCIO DE EQPTOS LTDA ME | B72: 31 | C72: 69 | D72: Mesa digitalizadora, Área Ativa para Caneta: 15,2 x 9,5 cm (6” x 3,7”), Dimensões (CxLxA): 21 x 17,8 x 1 cm (8,25” x 7” x 0,4”), Interface: USB, Tecnologia da caneta sem fio e sem pilhas, Precisão caneta : +/- 0.5 mm, Níveis de sensibilidade à pressão: 1024, Resolução: 2.540 lpi, ExpressKeys: 4 teclas personalizáveis, Sem fio suporte, Tablet de design ambidestro, Anéis de identificação de cores e marcas, Plataforma do Computador: PC & Mac | E72: Peça | F72: WACOM | G72: 449052.35 | H72: 399.54 | J72: =I72-(SUM(L72:W72)) -> 0 | K72: =IF(J72<0,"ATENÇÃO","OK") -> OK | L72: 0 | M72: 0 | N72: 0 | O72: 0 | P72: 0 | Q72: 0 | R72: 0 | S72: 0 | T72: 0 | U72: 0 | V72: 0 | W72: 0
A73: FABRICIO SONCINI EQPTOS DE INFORMÁTICA ME | B73: 32 | C73: 70 | D73: HD SATA II 500GB 7200RPM SFF Hot-Plug para servidor HP Proliant ML350 G6 | E73: Peça | F73: HP | G73: 339030.17 | H73: 1993 | J73: =I73-(SUM(L73:W73)) -> 0 | K73: =IF(J73<0,"ATENÇÃO","OK") -> OK | L73: 0 | M73: 0 | N73: 0 | O73: 0 | P73: 0 | Q73: 0 | R73: 0 | S73: 0 | T73: 0 | U73: 0 | V73: 0 | W73: 0
A74: Deserto | B74: 33 | C74: 71 | D74: Fonte Redundante Kit 750W para servidor HP Proliant ML350 G6 | E74: Peça | G74: 339030.17
A75: FABRICIO SONCINI EQPTOS DE INFORMÁTICA ME | B75: 34 | C75: 72 | D75: Memória 2GB (1x2GB) PC3-10600R DDR3 RDIMM para servidor HP Proliant ML350 G6 | E75: Peça | F75: HP | G75: 339030.17 | H75: 848 | J75: =I75-(SUM(L75:W75)) -> 0 | K75: =IF(J75<0,"ATENÇÃO","OK") -> OK | L75: 0 | M75: 0 | N75: 0 | O75: 0 | P75: 0 | Q75: 0 | R75: 0 | S75: 0 | T75: 0 | U75: 0 | V75: 0 | W75: 0
A76: Deserto | B76: 35 | C76: 73 | D76: HP Ventilador Redundante p/ ML350G6 para servidor HP Proliant ML350 G6 | E76: Peça | G76: 339030.17
A77: Deserto | B77: 36 | C77: 74 | D77: HP Kit de Conversão Torre p/ Rack p/ ML350G6 para servidor HP Proliant ML350 G6 | E77: Peça | G77: 339030.17
A78: Deserto | B78: 37 | C78: 75 | D78: Processador Intel XEON E5504 2.0GHz para servidor HP Proliant ML350 G6 | E78: Peça | G78: 339030.17
A79: Deserto | B79: 38 | C79: 76 | D79: StorageWorks RDX Removable Disk Backup System HP para servidor HP Proliant ML350 G6 | E79: Peça | G79: 339030.17
A80: Deserto | B80: 39 | C80: 77 | D80: Disco Rígido 3TB NL-SAS 7.2K RPM PN: 02359092 Marca: Huawei. Deverá apresentar declaração do fabricante comprovando compatibilidade do disco rígido com o Storage OceanStor S2600T. Deve ser instalado, por um técnico certificado do fabricante (anexar comprovação), no Storage OceanStor S2600T da FAED e disponibilizado seu espaço de armazenamento no servidor de arquivos. | E80: Peça | G80: 339030.17
D82: Lote 9 - Infrutífero
D83: Lotes 10, 13, 16, 17, 19, 21 ao 30, 33, 35 ao 39 - Desertos
D84: Prazos de entrega e pagamento conforme Termo de Referência

Sheet ESAG
A1: PROCESSO: 0759/2015/UDESC | D1: OBJETO: AQUISIÇÃO DE PEÇAS INCORPORÁVEIS AO COMPUTADOR PARA A UDESC | I1: VIGÊNCIA DA ATA: 21/09/2015 até 20/09/2016 | L1: AF/OS nº 2115/2015 Qtde. DT | M1: AF/OS nº xxxx/2015 Qtde. DT | N1: AF/OS nº xxxx/2015 Qtde. DT | O1: AF/OS nº xxxx/2015 Qtde. DT | P1: AF/OS nº xxxx/2015 Qtde. DT | Q1: AF/OS nº xxxx/2015 Qtde. DT | R1: AF/OS nº xxxx/2015 Qtde. DT | S1: AF/OS nº xxxx/2015 Qtde. DT | T1: AF/OS nº xxxx/2015 Qtde. DT | U1: AF/OS nº xxxx/2015 Qtde. DT | V1: AF/OS nº xxxx/2015 Qtde. DT | W1: AF/OS nº xxxx/2015 Qtde. DT
A2: CENTRO PARTICIPANTE: ESAG
A3: FORNECEDOR | B3: LOTE | C3: ITEM | D3: PRODUTO - CARACTERÍSTICAS MÍNIMAS | E3: UNIDADE | F3: MARCA | G3: DETALHAMENTO | H3: Preço UNITÁRIO (R$) | I3: Qtde Registrada | J3: Saldo / Automático | K3: ALERTA | L3: ...../...../...... | M3: ...../...../...... | N3: ...../...../...... | O3: ...../...../...... | P3: ...../...../...... | Q3: ...../...../...... | R3: ...../...../...... | S3: ...../...../...... | T3: ...../...../...... | U3: ...../...../...... | V3: ...../...../...... | W3: ...../...../......
A4: RICARL DISTRIBUIDORA EIRELI ME | B4: 1 | C4: 1 | D4: Conjunto de 4 pilhas recarregáveis do tipo NiMH, tamanho AA de 2700 mAh. | E4: Peça | F4: ELGIM | G4: 339030.26 | H4: 42.01 | J4: =I4-(SUM(L4:W4)) -> 0 | K4: =IF(J4<0,"ATENÇÃO","OK") -> OK | M4: 0 | N4: 0 | O4: 0 | P4: 0 | Q4: 0 | R4: 0 | S4: 0 | T4: 0 | U4: 0 | V4: 0 | W4: 0
C5: 2 | D5: Conjunto de 4 pilhas recarregáveis do tipo NiMH, tamanho AAA. | E5: Peça | F5: ELGIM | G5: 339030.26 | H5: 18.62 | J5: =I5-(SUM(L5:W5)) -> 0 | K5: =IF(J5<0,"ATENÇÃO","OK") -> OK | M5: 0 | N5: 0 | O5: 0 | P5: 0 | Q5: 0 | R5: 0 | S5: 0 | T5: 0 | U5: 0 | V5: 0 | W5: 0
C6: 3 | D6: Carregador Rápido de Baterias AA e AAA, Carga total em 3h, potência de Carga 2100 mAh | E6: Peça | F6: SONY | G6: 339030.26 | H6: 95 | J6: =I6-(SUM(L6:W6)) -> 0 | K6: =IF(J6<0,"ATENÇÃO","OK") -> OK | M6: 0 | N6: 0 | O6: 0 | P6: 0 | Q6: 0 | R6: 0 | S6: 0 | T6: 0 | U6: 0 | V6: 0 | W6: 0
A7: FABRICIO SONCINI EQPTOS DE INFORMÁTICA ME | B7: 2 | C7: 4 | D7: HD SATA II - capacidade 500 Gb, 7200 RPM, 3.0 Gb/s com tecnologia S.M.A.R.T. Com cabos de força e comunicação. | E7: Peça | F7: SEAGATE | G7: 339030.17 | H7: 250 | I7: 2 | J7: =I7-(SUM(L7:W7)) -> 2 | K7: =IF(J7<0,"ATENÇÃO","OK") -> OK | M7: 0 | N7: 0 | O7: 0 | P7: 0 | Q7: 0 | R7: 0 | S7: 0 | T7: 0 | U7: 0 | V7: 0 | W7: 0
C8: 5 | D8: HD SATA II - capacidade 1 Tb, 7200 RPM, 3.0 Gb/s com tecnologia S.M.A.R.T. Com cabos de força e comunicação. | E8: Peça | F8: SEAGATE | G8: 339030.17 | H8: 360.08 | J8: =I8-(SUM(L8:W8)) -> 0 | K8: =IF(J8<0,"ATENÇÃO","OK") -> OK | M8: 0 | N8: 0 | O8: 0 | P8: 0 | Q8: 0 | R8: 0 | S8: 0 | T8: 0 | U8: 0 | V8: 0 | W8: 0
C9: 6 | D9: HD SATA II - capacidade 2 Tb, 7200 RPM, 3.0 Gb/s com tecnologia S.M.A.R.T. Com cabos de força e comunicação. | E9: Peça | F9: SEAGATE | G9: 339030.17 | H9: 558 | J9: =I9-(SUM(L9:W9)) -> 0 | K9: =IF(J9<0,"ATENÇÃO","OK") -> OK | M9: 0 | N9: 0 | O9: 0 | P9: 0 | Q9: 0 | R9: 0 | S9: 0 | T9: 0 | U9: 0 | V9: 0 | W9: 0
A10: BEE2B INFORMÁTICA LTDA ME | B10: 3 | C10: 7 | D10: HD Externo de 500 Gb com interface USB 3.0, alimentação via USB, LED indicativo de funcionamento, taxa de transferência de 480 Mbps, incluso cabo de conexão USB. | E10: Peça | F10: WD | G10: 449052.35 | H10: 326.43 | J10: =I10-(SUM(L10:W10)) -> 0 | K10: =IF(J10<0,"ATENÇÃO","OK") -> OK | M10: 0 | N10: 0 | O10: 0 | P10: 0 | Q10: 0 | R10: 0 | S10: 0 | T10: 0 | U10: 0 | V10: 0 | W10: 0
C11: 8 | D11: HD Externo de 1 Tb com interface USB 3.0, alimentação via USB, LED indicativo de funcionamento, taxa de transferência de 480 Mbps, incluso cabo de conexão USB. | E11: Peça | F11: SEAGATE | G11: 449052.35 | H11: 414.2 | I11: 3 | J11: =I11-(SUM(L11:W11)) -> 3 | K11: =IF(J11<0,"ATENÇÃO","OK") -> OK | M11: 0 | N11: 0 | O11: 0 | P11: 0 | Q11: 0 | R11: 0 | S11: 0 | T11: 0 | U11: 0 | V11: 0 | W11: 0
C12: 9 | D12: HD Externo de 2 Tb com interface USB 3.0, alimentação via USB, LED indicativo de funcionamento, taxa de transferência de 480 Mbps, incluso cabo de conexão USB. | E12: Peça | F12: TOSHIBA | G12: 449052.35 | H12: 552.83 | I12: 1 | J12: =I12-(SUM(L12:W12)) -> 1 | K12: =IF(J12<0,"ATENÇÃO","OK") -> OK | M12: 0 | N12: 0 | O12: 0 | P12: 0 | Q12: 0 | R12: 0 | S12: 0 | T12: 0 | U12: 0 | V12: 0 | W12: 0
A13: RICARL DISTRIBUIDORA EIRELI ME | B13: 4 | C13: 10 | D13: Pen Drive 64 Gb USB 3.0 | E13: Peça | F13: SANDISK | G13: 339030.17 | H13: 189.3 | I13: 3 | J13: =I13-(SUM(L13:W13)) -> 3 | K13: =IF(J13<0,"ATENÇÃO","OK") -> OK | M13: 0 | N13: 0 | O13: 0 | P13: 0 | Q13: 0 | R13: 0 | S13: 0 | T13: 0 | U13: 0 | V13: 0 | W13: 0
C14: 11 | D14: Pen Drive 32 Gb USB 3.0 | E14: Peça | F14: SANDISK | G14: 339030.17 | H14: 105 | I14: 5 | J14: =I14-(SUM(L14:W14)) -> 5 | K14: =IF(J14<0,"ATENÇÃO","OK") -> OK | M14: 0 | N14: 0 | O14: 0 | P14: 0 | Q14: 0 | R14: 0 | S14: 0 | T14: 0 | U14: 0 | V14: 0 | W14: 0
C15: 12 | D15: Pen Drive 16 Gb USB 3.0 | E15: Peça | F15: SANDISK | G15: 339030.17 | H15: 68 | I15: 30 | J15: =I15-(SUM(L15:W15)) -> 30 | K15: =IF(J15<0,"ATENÇÃO","OK") -> OK | M15: 0 | N15: 0 | O15: 0 | P15: 0 | Q15: 0 | R15: 0 | S15: 0 | T15: 0 | U15: 0 | V15: 0 | W15: 0
A16: FABRICIO SONCINI EQPTOS DE INFORMÁTICA ME | B16: 5 | C16: 13 | D16: Pente de Memória 4 Gb DDR3-1066 | E16: Peça | F16: MARKVISION | G16: 339030.17 | H16: 197.64 | J16: =I16-(SUM(L16:W16)) -> 0 | K16: =IF(J16<0,"ATENÇÃO","OK") -> OK | M16: 0 | N16: 0 | O16: 0 | P16: 0 | Q16: 0 | R16: 0 | S16: 0 | T16: 0 | U16: 0 | V16: 0 | W16: 0
C17: 14 | D17: Pente de Memória 4 Gb DDR2-800 | E17: Peça | F17: KINGSTON | G17: 339030.17 | H17: 269 | J17: =I17-(SUM(L17:W17)) -> 0 | K17: =IF(J17<0,"ATENÇÃO","OK") -> OK | M17: 0 | N17: 0 | O17: 0 | P17: 0 | Q17: 0 | R17: 0 | S17: 0 | T17: 0 | U17: 0 | V17: 0 | W17: 0
C18: 15 | D18: Pente de Memória 2 Gb DDR2-667 | E18: Peça | F18: KINGSTON | G18: 339030.17 | H18: 133.11 | J18: =I18-(SUM(L18:W18)) -> 0 | K18: =IF(J18<0,"ATENÇÃO","OK") -> OK | M18: 0 | N18: 0 | O18: 0 | P18: 0 | Q18: 0 | R18: 0 | S18: 0 | T18: 0 | U18: 0 | V18: 0 | W18: 0
A19: BEE2B INFORMÁTICA LTDA ME | B19: 6 | C19: 16 | D19: Processador AMD Athlon 64 X2 2.6 Ghz (5000B / Socket AM2) | E19: Peça | F19: ATHLON | G19: 339030.17 | H19: 435.95 | J19: =I19-(SUM(L19:W19)) -> 0 | K19: =IF(J19<0,"ATENÇÃO","OK") -> OK | M19: 0 | N19: 0 | O19: 0 | P19: 0 | Q19: 0 | R19: 0 | S19: 0 | T19: 0 | U19: 0 | V19: 0 | W19: 0
C20: 17 | D20: Processador Intel Core 2 Duo 3 Ghz ou superior compatível com o socket LGA775 | E20: Peça | F20: INTEL | G20: 339030.17 | H20: 486.86 | J20: =I20-(SUM(L20:W20)) -> 0 | K20: =IF(J20<0,"ATENÇÃO","OK") -> OK | M20: 0 | N20: 0 | O20: 0 | P20: 0 | Q20: 0 | R20: 0 | S20: 0 | T20: 0 | U20: 0 | V20: 0 | W20: 0
A21: MM COMÉRCIO DE EQPTOS LTDA ME | B21: 7 | C21: 18 | D21: Apoio de punho (teclado) ergonômico em gel. | E21: Peça | F21: PISC | G21: 339030.17 | H21: 41.09 | I21: 20 | J21: =I21-(SUM(L21:W21)) -> 20 | K21: =IF(J21<0,"ATENÇÃO","OK") -> OK | M21: 0 | N21: 0 | O21: 0 | P21: 0 | Q21: 0 | R21: 0 | S21: 0 | T21: 0 | U21: 0 | V21: 0 | W21: 0
C22: 19 | D22: Mouse pad com apoio ergonômico de gel | E22: Peça | F22: PISC | G22: 339030.17 | H22: 25.92 | I22: 30 | J22: =I22-(SUM(L22:W22)) -> 30 | K22: =IF(J22<0,"ATENÇÃO","OK") -> OK | M22: 0 | N22: 0 | O22: 0 | P22: 0 | Q22: 0 | R22: 0 | S22: 0 | T22: 0 | U22: 0 | V22: 0 | W22: 0
A23: BEE2B INFORMÁTICA LTDA ME | B23: 8 | C23: 20 | D23: Mouse Wireless com Apontador Laser ( Mouse Laser Bluetooth, Apresentador de Slides, Apontador Laser e Controle Remoto de Multimídia), com botão Ligar/Desligar, conexão Bluetooth de 2.4 Ghz, com estojo. | E23: Peça | F23: MICROSOFT | G23: 339030.17 | H23: 180 | J23: =I23-(SUM(L23:W23)) -> 0 | K23: =IF(J23<0,"ATENÇÃO","OK") -> OK | M23: 0 | N23: 0 | O23: 0 | P23: 0 | Q23: 0 | R23: 0 | S23: 0 | T23: 0 | U23: 0 | V23: 0 | W23: 0
C24: 21 | D24: Mouse USB preto (óptico 3 botões net scroll), (não o optomecânico) | E24: Peça | F24: LEADER TECH | G24: 339030.17 | H24: 15.5 | J24: =I24-(SUM(L24:W24)) -> 0 | K24: =IF(J24<0,"ATENÇÃO","OK") -> OK | M24: 0 | N24: 0 | O24: 0 | P24: 0 | Q24: 0 | R24: 0 | S24: 0 | T24: 0 | U24: 0 | V24: 0 | W24: 0
C25: 22 | D25: Teclado Wireless, padrão ABNT II Português; teclas com funções internet e multimídia; botão de rolagem no teclado (scroll); teclas de atalho para a função office; 256 endereços de Ids por canal; tecnologia RF (rádio frequência) amplo ângulo de transmissão de sinal; com apoio para pulso, previne L.E.R. | E25: Peça | F25: MULTILASER | G25: 339030.17 | H25: 152 | J25: =I25-(SUM(L25:W25)) -> 0 | K25: =IF(J25<0,"ATENÇÃO","OK") -> OK | M25: 0 | N25: 0 | O25: 0 | P25: 0 | Q25: 0 | R25: 0 | S25: 0 | T25: 0 | U25: 0 | V25: 0 | W25: 0
C26: 23 | D26: Teclado USB preto Padrão ABNT2 | E26: Peça | F26: MULTILASER | G26: 339030.17 | H26: 27 | I26: 20 | J26: =I26-(SUM(L26:W26)) -> 20 | K26: =IF(J26<0,"ATENÇÃO","OK") -> OK | M26: 0 | N26: 0 | O26: 0 | P26: 0 | Q26: 0 | R26: 0 | S26: 0 | T26: 0 | U26: 0 | V26: 0 | W26: 0
A27: Infrutífero | B27: 9 | C27: 24 | D27: Mini-teclado numérico USB para PC, interface USB, cor preto, Comprimento do cabo de 1,80 m ou mais, dimensões 110/75/10 mm (Prof/Larg/Alt), fonte de alimentação PC / via USB, compatibilidade com Windows 2000 Windows 98 (SE) Windows ME Windows XP e com teclas de zero a 9 | E27: Peça | G27: 339030.17
C28: 25 | D28: Teclado PIN para senha 12 teclas com conexão para teclado, com display. | E28: Peça | G28: 339030.17
C29: 26 | D29: Teclado PIN: Mini-teclado numérico USB para desktops e notebooks. Função numérica e matemática com as quatro principais operações. Teclado formato slim com teclas e base finas. Tecla backspace para correção e Enter. | E29: Peça | G29: 339030.17
A30: Deserto | B30: 10 | C30: 27 | D30: Placa de Som PCI-e Creative Sound Blaster Audigy Rx, Processador de áudio: Creative E-MU, Relação Sinal para ruído (SNR): 106dB, Opções de conectividade (principais), Headphone Saída: 1 x 3.5mm jack compartilhada com Saída Frontal, Saída de linha: 1 x 3.5mm jack (Saída Frontal) 1 x 3.5mm jack (Rear / Side R) 1 x 3.5mm jack (C / Sub / Side L), Entrada de linha: 1 x 3,5 mm jack, Entrada de microfone: 2 x 3,5 mm jack, Saída ótica: 1 x TOSLINK, Amplificador dos fones de ouvido: Até 600 Ohms | E30: Peça | G30: 339030.17
A31: PERFORM TECNOLOGIA EIRELI EPP | B31: 11 | C31: 28 | D31: Placa de Rede 10/100/1000 PCI | E31: Peça | F31: INTELBRAS | G31: 339030.17 | H31: 65 | J31: =I31-(SUM(L31:W31)) -> 0 | K31: =IF(J31<0,"ATENÇÃO","OK") -> OK | M31: 0 | N31: 0 | O31: 0 | P31: 0 | Q31: 0 | R31: 0 | S31: 0 | T31: 0 | U31: 0 | V31: 0 | W31: 0
C32: 29 | D32: Placa de Rede 10/100/1000 PCI-e | E32: Peça | F32: INTELBRAS | G32: 339030.17 | H32: 84.7 | J32: =I32-(SUM(L32:W32)) -> 0 | K32: =IF(J32<0,"ATENÇÃO","OK") -> OK | M32: 0 | N32: 0 | O32: 0 | P32: 0 | Q32: 0 | R32: 0 | S32: 0 | T32: 0 | U32: 0 | V32: 0 | W32: 0
C33: 30 | D33: Placa de Rede Wireless, PCI-e, com antena externa, compativel com sinal 2,4 Ghz | E33: Peça | F33: INTELBRAS | G33: 339030.17 | H33: 75 | J33: =I33-(SUM(L33:W33)) -> 0 | K33: =IF(J33<0,"ATENÇÃO","OK") -> OK | M33: 0 | N33: 0 | O33: 0 | P33: 0 | Q33: 0 | R33: 0 | S33: 0 | T33: 0 | U33: 0 | V33: 0 | W33: 0
A34: PERFORM TECNOLOGIA EIRELI EPP | B34: 12 | C34: 31 | D34: Placa de Vídeo PCI express 512 Mb | E34: Peça | F34: POWER COLOR | G34: 339030.17 | H34: 180 | J34: =I34-(SUM(L34:W34)) -> 0 | K34: =IF(J34<0,"ATENÇÃO","OK") -> OK | M34: 0 | N34: 0 | O34: 0 | P34: 0 | Q34: 0 | R34: 0 | S34: 0 | T34: 0 | U34: 0 | V34: 0 | W34: 0
C35: 32 | D35: Placa de Vídeo 1 Gb Vga/Dvi/Hdmi (pricipalmente com HDMI) | E35: Peça | F35: POWER COLOR | G35: 339030.17 | H35: 150 | I35: 3 | J35: =I35-(SUM(L35:W35)) -> 3 | K35: =IF(J35<0,"ATENÇÃO","OK") -> OK | M35: 0 | N35: 0 | O35: 0 | P35: 0 | Q35: 0 | R35: 0 | S35: 0 | T35: 0 | U35: 0 | V35: 0 | W35: 0
C36: 33 | D36: Placa de Vídeo 2 Gb 256 bits Dual Dvi PCI-e | E36: Peça | F36: GIGABYTE | G36: 339030.17 | H36: 1232.25 | I36: 2 | J36: =I36-(SUM(L36:W36)) -> 2 | K36: =IF(J36<0,"ATENÇÃO","OK") -> OK | M36: 0 | N36: 0 | O36: 0 | P36: 0 | Q36: 0 | R36: 0 | S36: 0 | T36: 0 | U36: 0 | V36: 0 | W36: 0
A37: Deserto | B37: 13 | C37: 34 | D37: Placa mãe Lenovo Socket LGA775 ou compatível FRU-PartNumber 64Y3055 | E37: Peça | G37: 339030.17
C38: 35 | D38: Placa-mãe Lenovo L-A780 ou compatível (socket AM2) p/ computadores Lenovo Thinkcentre A62-7057 | E38: Peça | G38: 339030.17
A39: MM COMÉRCIO DE EQPTOS LTDA ME | B39: 14 | C39: 36 | D39: Spray para limpeza de contatos elétricos e componentes eletrônicos. Embalagem de 300 ml. | E39: Peça | F39: ORBI | G39: 339030.17 | H39: 28.69 | J39: =I39-(SUM(L39:W39)) -> 0 | K39: =IF(J39<0,"ATENÇÃO","OK") -> OK | M39: 0 | N39: 0 | O39: 0 | P39: 0 | Q39: 0 | R39: 0 | S39: 0 | T39: 0 | U39: 0 | V39: 0 | W39: 0
C40: 37 | D40: Pasta térmica: Condutividade térmica (Wmk) 1,2 Wmk (norma técnica ISSO 8301:1991). Ponto de gota inexistente. | E40: Peça | F40: TEKBOND | G40: 339030.17 | H40: 14.8 | J40: =I40-(SUM(L40:W40)) -> 0 | K40: =IF(J40<0,"ATENÇÃO","OK") -> OK | M40: 0 | N40: 0 | O40: 0 | P40: 0 | Q40: 0 | R40: 0 | S40: 0 | T40: 0 | U40: 0 | V40: 0 | W40: 0
A41: COMP1 INFORMÁTICA LTDA EPP | B41: 15 | C41: 38 | D41: Fonte de alimentação ATX 2.0 entrada AC com chaveamento automático (110V e 220V), mínimo 430W. | E41: Peça | F41: CASEMALL | G41: 339030.17 | H41: 365 | J41: =I41-(SUM(L41:W41)) -> 0 | K41: =IF(J41<0,"ATENÇÃO","OK") -> OK | M41: 0 | N41: 0 | O41: 0 | P41: 0 | Q41: 0 | R41: 0 | S41: 0 | T41: 0 | U41: 0 | V41: 0 | W41: 0
C42: 39 | D42: Adaptador para fonte ATX com saída SATA. Permite ligar um disco rígido SATA em um conector de 4 pontos da fonte. | E42: Peça | F42: COLLER MASTER | G42: 339030.17 | H42: 8 | J42: =I42-(SUM(L42:W42)) -> 0 | K42: =IF(J42<0,"ATENÇÃO","OK") -> OK | M42: 0 | N42: 0 | O42: 0 | P42: 0 | Q42: 0 | R42: 0 | S42: 0 | T42: 0 | U42: 0 | V42: 0 | W42: 0
A43: Deserto | B43: 16 | C43: 40 | D43: Caixas de Som com subwoofer integrado e duas caixas de som, com potência mínima de 600W PMPO, entrada com conector padrão mini-jack e RCA (ou adaptador RCA para mini-jack), tensão de alimentação de 220v. | E43: Peça | G43: 339030.17
C44: 41 | D44: Caixas de Som com 2 canais estéreos amplificados, controle de volume, botão liga/desliga, saída para fone de ouvido estéreo, LED indicador de liga e desliga, 2 w RMS e alimentação 220v (sem uso de transformador externo). | E44: Peça | G44: 339030.17
C45: 42 | D45: Caixa de Som, 1 Subwoofer, 2 caixas Satélites, Potência de saída: 30W RMS, botão iluminado quando ligado, controle de volume, auto Bivolt, dimensões aproximadas: +/- 10 a 15% (Larg x Alt x Prof) 16 x 20 x 20 | E45: Peça | G45: 339030.17
A46: Deserto | B46: 17 | C46: 43 | D46: Fone de ouvido profissional, - Sensibilidade: 98 dB (SPL/mW); - Faixa de frequência: de 10 até 30.000 Hz; - Impedância: 32 Ohms; - Potência Máxima: 300 mW; - Cabo: 2,5 m com conector P2 e adaptador P10 | E46: Peça | G46: 339030.17
C47: 44 | D47: Headset (fones de ouvido com microfone): Escala de frequência 20 a 20000Hz. Sensibilidade 105dB/mW. Impedância 32Ohms. Potência máxima: 100 mW. Tamanho do cabo 1,60m (mínimo). Outras características: fones almofadados e revestidos de borracha. | E47: Peça | G47: 339030.17
A48: COMP1 INFORMÁTICA LTDA EPP | B48: 18 | C48: 45 | D48: WEBCAM PARA COMPUTADOR, PADRÃO DGOV - Diretoria de Governança Eletrônica (Órgão da Secretaria de Estado da Administração do Governo Estadual). Padronização conforme o art. 15, inc. I, da Lei Federal 8.666/1993. Resolução HD 720p; Lente confeccionada em vidro; Formato de imagem 16:9; Foco automático; Microfone incorporado; Porta USB 2.0; Suporte com rotação vertical e horizontal para fixação em monitores de LCD/LED; Compatibilidade com plataformas Ms-Windows 7 e 8. CONDIÇÔES GERAIS a) Garantia de hardware de 1 anos; b) Anexar documentação técnica detalhada oficial do fabricante; c) Indicação no site do fabricante do produto proposto. | E48: Peça | F48: LOGITECH HD | G48: 339030.17 | H48: 200 | J48: =I48-(SUM(L48:W48)) -> 0 | K48: =IF(J48<0,"ATENÇÃO","OK") -> OK | M48: 0 | N48: 0 | O48: 0 | P48: 0 | Q48: 0 | R48: 0 | S48: 0 | T48: 0 | U48: 0 | V48: 0 | W48: 0
A49: Deserto | B49: 19 | C49: 46 | D49: Bateria Lítio 3V CR | E49: Peça | G49: 339030.17
A50: MM COMÉRCIO DE EQPTOS LTDA ME | B50: 20 | C50: 47 | D50: Cabo VGA para monitor HDB15 macho HDB15 macho com comprimento de 20 m blindado | E50: Peça | F50: CENTRAL CABOS | G50: 339030.17 | H50: 151.99 | I50: 15 | J50: =I50-(SUM(L50:W50)) -> 0 | K50: =IF(J50<0,"ATENÇÃO","OK") -> OK | L50: 15 | M50: 0 | N50: 0 | O50: 0 | P50: 0 | Q50: 0 | R50: 0 | S50: 0 | T50: 0 | U50: 0 | V50: 0 | W50: 0
C51: 48 | D51: Cabo VGA para monitor HDB15 macho HDB15 macho com comprimento de 15 m blindado | E51: Peça | F51: CENTRAL CABOS | G51: 339030.17 | H51: 170.99 | I51: 15 | J51: =I51-(SUM(L51:W51)) -> 15 | K51: =IF(J51<0,"ATENÇÃO","OK") -> OK | M51: 0 | N51: 0 | O51: 0 | P51: 0 | Q51: 0 | R51: 0 | S51: 0 | T51: 0 | U51: 0 | V51: 0 | W51: 0
C52: 49 | D52: Cabo VGA para monitor HDB15 macho HDB15 macho com comprimento de 2 metros | E52: Peça | F52: CENTRAL CABOS | G52: 339030.17 | H52: 123.85 | J52: =I52-(SUM(L52:W52)) -> 0 | K52: =IF(J52<0,"ATENÇÃO","OK") -> OK | M52: 0 | N52: 0 | O52: 0 | P52: 0 | Q52: 0 | R52: 0 | S52: 0 | T52: 0 | U52: 0 | V52: 0 | W52: 0
C53: 50 | D53: Cabo HDMI com 3m | E53: Peça | F53: PIX | G53: 339030.17 | H53: 59.65 | I53: 5 | J53: =I53-(SUM(L53:W53)) -> 5 | K53: =IF(J53<0,"ATENÇÃO","OK") -> OK | M53: 0 | N53: 0 | O53: 0 | P53: 0 | Q53: 0 | R53: 0 | S53: 0 | T53: 0 | U53: 0 | V53: 0 | W53: 0
A54: Deserto | B54: 21 | C54: 51 | D54: Adaptador / Conversor p/ tomadas no novo padrão brasileiro NBR-14136, aceitando plugue macho dois pinos chatos, padrão NEMA, 15A-250V~, plugue macho dois pinos chatos + terra, 15A-250V~, plugue macho dois pinos redondos, 10A-250V~, plugue macho dois pinos redondos + terra, 10A-250V~ | E54: Peça | G54: 339030.26
C55: 52 | D55: Adaptador / Conversor p/ tomadas no padrão antigo (dois pinos chatos + terra), aceitando plugue do padrão atual brasileiro NBR-14136 | E55: Peça | G55: 339030.26
C56: 53 | D56: Filtro de linha com 05 tomadas que aceite o plugue do padrão atual brasileiro NBR-14136, com fusível, chave liga/desliga, indicador luminoso e funcionamento, 220V. | E56: Peça | G56: 339030.26
A57: Deserto | B57: 22 | C57: 54 | D57: Apresentador sem fio com função de emulação de mouse com um apontador eletrônico (laser) para total controle de apresentação (avançar e retroceder transparências, além de abrir e fechar documentos e aplicativos), com um alcance mínimo de 6 metros através de conexão com o PC pela porta USB. | E57: Peça | G57: 449052.35
A58: Deserto | B58: 23 | C58: 55 | D58: LEITOR PARA CÓDIGO, DE BARRAS, Leitor Código Barras para porta Usb, com cabo. Velocidade 100 leituras/segundo, Peso 120 g (±10 g), Dimensões 81 mm x 63.5mm e 179 mm e Interfaces USB e Teclado. Características Técnicas: Fonte de luz LED Vermelho 632 nm, Sensor Linear CCD, Ângulo de leitura Lateral ± 25° (±5°) e Frontal 10°~40° (±5°), Profundidade do campo 60 mm, Processador C8051, Resistência a queda 1,5 m. Cabo padrão 1,5 m (±5 cm). Características Ambientais: Temperatura de operação 0ºC a 50ºC, Luz ambiente Lâmpada Fluorescente 5000 Lux Max. / Luz Solar 1500 Lux Max. Características Elétricas: Tensão de entrada + 5V +/- 5% Operação 120 mA (USB) Códigos lidos All UPC/EAN/JAN, EAN128 Code, Code 39, Code 39 Full ASCII, Code32 / Italian Pharmacy, Code 128, CODABAR/NW7, Interleave 25, Industrial 25, Matrix 25, MSI/PLESSEY, Telepen, Code 93, Code 11, China Postage, Code 26, LCD25 e GS1 DataBar Códigos pré-programados All UPC/EAN/JAN, EAN128 Code, Code 39, Code 128, CODABAR/NW7, Interleave 25. Garantia de um ano | E58: Peça | G58: 449052.35
C59: 56 | D59: Leitores de código de barras, conexão usb: Elemento foto detetor: CCD (Charge Coupled Device) de 2048 elementos; Fonte de luz: LEDs, luz vermelha, 660 nm; Velocidade de leitura: 100 varreduras por segundo; Contraste mínimo de impressão dos códigos: 45%; Profundidade de campo: de 0 a 20 mm; Largura da janela de leitura: 82 mm; Largura mínima dos elementos dos códigos (resolução): 0,1 mm; Rejeição à luz ambiente: 1.500 Lux; Padrões de códigos de barras lidos: EAN, UPC, 39, 128, 93, 2 de 5 intercalado; Indicadores de leituras bem sucedidas: Visual (Led) e Sonoro (Beep); Programação: Através do manual ou através do seu Exclusivo programa utilitário; Atualização de Firmware: Por software, pelo próprio usuário; Tensão de alimentação: 5 Vcc +/- 10%; Consumo máximo: 120 mA; Temperatura de operação: de 0 a 50º C; Temperatura de armazenagem: de -10 a 60º C; Umidade tolerável: de 5% até 95% não condensado; Material do corpo: ABS de alto impacto, nas versões bege ou preto; Resistência a quedas: 1,00 metro sobre superfície de concreto; Dimensões físicas (máximas): 180 x 83 x 30 mm; Cabo para conexão USB | G59: 449052.35
C60: 57 | D60: Leitor de código de barras Laser - Fonte de luz Diodo de luz visível de no mínimo 650 nm + 10 nm, Potência do Laser aproximado de 0,96 mW (pico), Profundidade de campo de 0 a 203 mm para códigos de barras de 13 mils, Largura de campo mínimas de 64 mm na face e 249 mm a 203 mm de distância, velocidade de varredura mínima de 72 + 2 varreduras por segundo (bidirecional), padrão de varredura de uma linha, barra mínima de leitura de 5 mils, ativação por infravermelho, longa distância: 0 a 279 mm, curta distância: 0 a 102 mm. Capacidade de decodificação: Auto-discrimina todos os padrões. Interfaceamento RS232C, Teclado PC/AT, Teclado Stand Alone, OCIA, IBM 468X/469X. Contraste 35% mínimo de reflectância. Número de caracteres a ser lido até 80 caracteres Roll, Pitch, Yaw 42º, 68º, 52º . Sinal sonoro 7 tons ou sem sinal. Indicador luminoso Verde: laser ligado, pronto para ler - Vermelho: Boa leitura - Amarelo: (somente o MS9540) = CodeGate ativo. Tensão de entrada de 5 VDC + 0,25 V Potência em operação de aproximadamente 825 mW, Potência em repouso de 600 mW Transformador para DC classe 2; 5.2 VDC @ 650 mA. Classe do laser: CDRH: Classe II; EN60825-1:1994/A11:1996 Classe 1 EMC FCC Classe B. Garantia de fábica de no mínimo 3 anos. | E60: Peça | G60: 449052.35
A61: Deserto | B61: 24 | C61: 58 | D61: LUPA ELETRONICA, TIPO MOUSE, Reproduz as imagens em vídeo normal ou reverso (letra preta, fundo branco ou letra branca, fundo preto). Amplia até 30x em TV de 20''. Ampliador eletrônico de imagem com inversão de contraste. Aumento de 15x a 15x dependendo do tamanho da tela. Bivolt. Aparelho Pb | E61: Peça | G61: 449052.35
A62: Deserto | B62: 25 | C62: 59 | D62: ESTABILIZADOR DE TENSAO, POTENCIA NOMINAL: 1000VA, Tensão de Entrada bivolt (115/220V); Tensão de saída: 115V; Potência nominal: 1000VA; Potência contínua: 1000W; Microprocessado; Filtro de linha integrado; Regulação true RMS; Gabinete em Metal e/ou ABS antichamas; Sinalização visual via led indicado modo de operação da rede; Chave liga/desliga frontal embutida; Mínimo 5 tomadas saída padrão NBR 14136; Cabo de força de entrada padrão NBR 14136 com no mínimo 60cm de comprimento; Proteção de curto circuito; Proteção de surtos de tensão; Proteção sub/sobretensão de rede com desligamento e rearme automático; Proteção de sobre aquecimento; Proteção sobrecarga; Porta fusível externo com uma unidade reserva; Atender a norma NBR 14.373:2006; 3 anos de garantia no mínimo | E62: Peça | G62: 449052.30
C63: 60 | D63: TRANSFORMADOR ESTABILIZADOR DE TENSAO, COM 220/110VOLTS, PADRÃO DGOV - Diretoria de Governança Eletrônica (Órgão da Secretaria de Estado da Administração do Governo Estadual). Padronização conforme o art. 15, inc. I, da Lei Federal 8.666/1993.Potência de saída 600 W; Tensão de entrada de 110VAC ±15 % e 220VAC ±15 %, monofásica, fase/neutro/terra; Frequência de entrada 60 Hz ±5%; Tensão de saída senoidal 220VAC ±6 %, monofásica, fase/neutro/terra; Frequência de saída 60 Hz ± 0,05%; Rendimento de 90%; Fator de potência de saída 0,90; Indicadores de nível de energia; Proteção contra curto circuito, subtensão, sobretensão; Ruído acústico a um metro de distância, menor que 75db (DIN 45635); Gabinete plastico anti-chamas; 4 tomadas de saída padrão NBR141362002; Homologação INMETRO. CONDIÇÔES GERAIS: a) Garantia de hardware do tipo on-site de 3 anos, realizada por empresa autorizada oficialmente pelo fabricante, com tempo de solução em até cinco dias; b) Anexar documentação técnica detalhada oficial do fabricante; c) Indicação no site do fabricante do produto proposto. | E63: Peça | G63: 449052.30
C64: 61 | D64: Nobreak 220 volts que suporte CPU, Projetor 283 w e caixa de som 150 w, com autonomia em torno de uma hora e trinta minutos, recarga automática das baterias, mesmo com o nobreak desligado, leds coloridos no painel frontal para indicar as condições de funcionamento do nobreak (modo rede, modo inversor/bateria, final de autonomia, entre outras), alarme audiovisual para sinalizar eventos como queda de rede e fim do tempo de autonomia, entre outros, garantia de, no mínimo, 12 meses, realizada por empresa autorizada oficialmente pelo fabricante, com tempo de solução em até cinco dias e assistência técnica na região, anexar documentação técnica detalhada oficial do fabricante e indicação no site do fabricante do produto proposto. | E64: Peça | G64: 449052.30
A65: Deserto | B65: 26 | C65: 62 | D65: MULTIMETRO: DIGITAL PORTATIL, Display máximo: 3 ½ dígitos 1999 máx; Tamanho do display: 65×45mm; Principais Características: - Corrente continua e alternada; - Sistema de proteção total contra sobrecarga; - Dispensa qualquer outro aparelho de medição de tensão elétrica; - Precisão é garantida, 23 °C ±, menos do que 80% umidade relativa; Descrição: - Leitura de display 1999; - Sistema de proteção sobre carga; - Compacto para medição de voltagem; - DC e AC, corrente DC, resistência e diodo; - Medição de transistores e teste funcional de continuidade; Dados Técnicos: DVC:220mv-1000v; - ACV:200V-750V; - DCA:200µa-10A; - OHM:200-2000k; - HFE: Sim; - Teste de Diodo: Sim; - Aviso Sonoro: Sim; - Onda Quadrada O/P: Sim; - Leitura Display: 1999 | E65: Peça | G65: 339030.42
A66: Deserto | B66: 27 | C66: 63 | D66: Kit Profissional de Ferramentas - Kit composto por 20 ferramentas. - Ideal para pequenos serviços de manutenções a PCs. - Todas as ferramentas são desmagnetizadas. - Prático estojo com zíper para armazenagem de forma organizada. - Compartimentos individuais para cada ferramenta no estojo. - Material feito em couro sintético. - Ferramenta em ferro de solda 127V CA com potência de 30W. | E66: Peça | G66: 339030.42
A67: Deserto | B67: 28 | C67: 64 | D67: Fonte de alimentação ATX 2.0 entrada AC com chaveamento automático (110V e 220V), mínimo 300W compatível com Computador Compaq 6005 Pro Microtower PC | E67: Peça | G67: 339030.17
C68: 65 | D68: Processador Phenon II X4 compatível com Placa Mãe HP 531966-001 503335-001 | E68: Peça | G68: 339030.17
C69: 66 | D69: Placa Mãe HP 531966-001 503335-001 ou modelo mais novo compatível com HP 6005 Pro Microtower com processador AMD | E69: Peça | G69: 339030.17
A70: Deserto | B70: 29 | C70: 67 | D70: Drive gravador CD/DVD 12x/48X. Interface, SATA, tipo interno. Cor: preto fosco. Velocidade de gravação DVD-R 24x, DVD-R DL 8x, CD-RW 6x. | E70: Peça | G70: 339030.17
A71: Deserto | B71: 30 | C71: 68 | D71: Adaptador USB Wireless. Taxa de transmissão de até 300 Mbps, faixa de frequencia 2,4 GHz, padrões wirless IEEE 802.11b, g, n. Segurança wirless WEP de 64/128 bit. WPA-PSK, WPA WPA 2, Antena interna. | E71: Peça | G71: 339030.17
A72: MM COMÉRCIO DE EQPTOS LTDA ME | B72: 31 | C72: 69 | D72: Mesa digitalizadora, Área Ativa para Caneta: 15,2 x 9,5 cm (6” x 3,7”), Dimensões (CxLxA): 21 x 17,8 x 1 cm (8,25” x 7” x 0,4”), Interface: USB, Tecnologia da caneta sem fio e sem pilhas, Precisão caneta : +/- 0.5 mm, Níveis de sensibilidade à pressão: 1024, Resolução: 2.540 lpi, ExpressKeys: 4 teclas personalizáveis, Sem fio suporte, Tablet de design ambidestro, Anéis de identificação de cores e marcas, Plataforma do Computador: PC & Mac | E72: Peça | F72: WACOM | G72: 449052.35 | H72: 399.54 | J72: =I72-(SUM(L72:W72)) -> 0 | K72: =IF(J72<0,"ATENÇÃO","OK") -> OK | M72: 0 | N72: 0 | O72: 0 | P72: 0 | Q72: 0 | R72: 0 | S72: 0 | T72: 0 | U72: 0 | V72: 0 | W72: 0
A73: FABRICIO SONCINI EQPTOS DE INFORMÁTICA ME | B73: 32 | C73: 70 | D73: HD SATA II 500GB 7200RPM SFF Hot-Plug para servidor HP Proliant ML350 G6 | E73: Peça | F73: HP | G73: 339030.17 | H73: 1993 | J73: =I73-(SUM(L73:W73)) -> 0 | K73: =IF(J73<0,"ATENÇÃO","OK") -> OK | M73: 0 | N73: 0 | O73: 0 | P73: 0 | Q73: 0 | R73: 0 | S73: 0 | T73: 0 | U73: 0 | V73: 0 | W73: 0
A74: Deserto | B74: 33 | C74: 71 | D74: Fonte Redundante Kit 750W para servidor HP Proliant ML350 G6 | E74: Peça | G74: 339030.17
A75: FABRICIO SONCINI EQPTOS DE INFORMÁTICA ME | B75: 34 | C75: 72 | D75: Memória 2GB (1x2GB) PC3-10600R DDR3 RDIMM para servidor HP Proliant ML350 G6 | E75: Peça | F75: HP | G75: 339030.17 | H75: 848 | J75: =I75-(SUM(L75:W75)) -> 0 | K75: =IF(J75<0,"ATENÇÃO","OK") -> OK | M75: 0 | N75: 0 | O75: 0 | P75: 0 | Q75: 0 | R75: 0 | S75: 0 | T75: 0 | U75: 0 | V75: 0 | W75: 0
A76: Deserto | B76: 35 | C76: 73 | D76: HP Ventilador Redundante p/ ML350G6 para servidor HP Proliant ML350 G6 | E76: Peça | G76: 339030.17
A77: Deserto | B77: 36 | C77: 74 | D77: HP Kit de Conversão Torre p/ Rack p/ ML350G6 para servidor HP Proliant ML350 G6 | E77: Peça | G77: 339030.17
A78: Deserto | B78: 37 | C78: 75 | D78: Processador Intel XEON E5504 2.0GHz para servidor HP Proliant ML350 G6 | E78: Peça | G78: 339030.17
A79: Deserto | B79: 38 | C79: 76 | D79: StorageWorks RDX Removable Disk Backup System HP para servidor HP Proliant ML350 G6 | E79: Peça | G79: 339030.17
A80: Deserto | B80: 39 | C80: 77 | D80: Disco Rígido 3TB NL-SAS 7.2K RPM PN: 02359092 Marca: Huawei. Deverá apresentar declaração do fabricante comprovando compatibilidade do disco rígido com o Storage OceanStor S2600T. Deve ser instalado, por um técnico certificado do fabricante (anexar comprovação), no Storage OceanStor S2600T da FAED e disponibilizado seu espaço de armazenamento no servidor de arquivos. | E80: Peça | G80: 339030.17
D82: Lote 9 - Infrutífero
D83: Lotes 10, 13, 16, 17, 19, 21 ao 30, 33, 35 ao 39 - Desertos
D84: Prazos de entrega e pagamento conforme Termo de Referência

Sheet CEART
A1: PROCESSO: 0759/2015/UDESC | D1: OBJETO: AQUISIÇÃO DE PEÇAS INCORPORÁVEIS AO COMPUTADOR PARA A UDESC | I1: VIGÊNCIA DA ATA: 21/09/2015 até 20/09/2016 | L1: AF07/2016 | M1: AF 08/2016 | N1: AF/OS nº xxxx/2015 Qtde. DT | O1: AF/OS nº xxxx/2015 Qtde. DT | P1: AF/OS nº xxxx/2015 Qtde. DT | Q1: AF/OS nº xxxx/2015 Qtde. DT | R1: AF/OS nº xxxx/2015 Qtde. DT | S1: AF/OS nº xxxx/2015 Qtde. DT | T1: AF/OS nº xxxx/2015 Qtde. DT | U1: AF/OS nº xxxx/2015 Qtde. DT | V1: AF/OS nº xxxx/2015 Qtde. DT | W1: AF/OS nº xxxx/2015 Qtde. DT
A2: CENTRO PARTICIPANTE: CEART
A3: FORNECEDOR | B3: LOTE | C3: ITEM | D3: PRODUTO - CARACTERÍSTICAS MÍNIMAS | E3: UNIDADE | F3: MARCA | G3: DETALHAMENTO | H3: Preço UNITÁRIO (R$) | I3: Qtde Registrada | J3: Saldo / Automático | K3: ALERTA | L3: 42377 | M3: 42377 | N3: ...../...../...... | O3: ...../...../...... | P3: ...../...../...... | Q3: ...../...../...... | R3: ...../...../...... | S3: ...../...../...... | T3: ...../...../...... | U3: ...../...../...... | V3: ...../...../...... | W3: ...../...../......
A4: RICARL DISTRIBUIDORA EIRELI ME | B4: 1 | C4: 1 | D4: Conjunto de 4 pilhas recarregáveis do tipo NiMH, tamanho AA de 2700 mAh. | E4: Peça | F4: ELGIM | G4: 339030.26 | H4: 42.01 | I4: 12 | J4: =I4-(SUM(L4:W4)) -> 12 | K4: =IF(J4<0,"ATENÇÃO","OK") -> OK | L4: 0 | M4: 0 | N4: 0 | O4: 0 | P4: 0 | Q4: 0 | R4: 0 | S4: 0 | T4: 0 | U4: 0 | V4: 0 | W4: 0
C5: 2 | D5: Conjunto de 4 pilhas recarregáveis do tipo NiMH, tamanho AAA. | E5: Peça | F5: ELGIM | G5: 339030.26 | H5: 18.62 | J5: =I5-(SUM(L5:W5)) -> 0 | K5: =IF(J5<0,"ATENÇÃO","OK") -> OK | L5: 0 | M5: 0 | N5: 0 | O5: 0 | P5: 0 | Q5: 0 | R5: 0 | S5: 0 | T5: 0 | U5: 0 | V5: 0 | W5: 0
C6: 3 | D6: Carregador Rápido de Baterias AA e AAA, Carga total em 3h, potência de Carga 2100 mAh | E6: Peça | F6: SONY | G6: 339030.26 | H6: 95 | J6: =I6-(SUM(L6:W6)) -> 0 | K6: =IF(J6<0,"ATENÇÃO","OK") -> OK | L6: 0 | M6: 0 | N6: 0 | O6: 0 | P6: 0 | Q6: 0 | R6: 0 | S6: 0 | T6: 0 | U6: 0 | V6: 0 | W6: 0
A7: FABRICIO SONCINI EQPTOS DE INFORMÁTICA ME | B7: 2 | C7: 4 | D7: HD SATA II - capacidade 500 Gb, 7200 RPM, 3.0 Gb/s com tecnologia S.M.A.R.T. Com cabos de força e comunicação. | E7: Peça | F7: SEAGATE | G7: 339030.17 | H7: 250 | J7: =I7-(SUM(L7:W7)) -> 0 | K7: =IF(J7<0,"ATENÇÃO","OK") -> OK | L7: 0 | M7: 0 | N7: 0 | O7: 0 | P7: 0 | Q7: 0 | R7: 0 | S7: 0 | T7: 0 | U7: 0 | V7: 0 | W7: 0
C8: 5 | D8: HD SATA II - capacidade 1 Tb, 7200 RPM, 3.0 Gb/s com tecnologia S.M.A.R.T. Com cabos de força e comunicação. | E8: Peça | F8: SEAGATE | G8: 339030.17 | H8: 360.08 | J8: =I8-(SUM(L8:W8)) -> 0 | K8: =IF(J8<0,"ATENÇÃO","OK") -> OK | L8: 0 | M8: 0 | N8: 0 | O8: 0 | P8: 0 | Q8: 0 | R8: 0 | S8: 0 | T8: 0 | U8: 0 | V8: 0 | W8: 0
C9: 6 | D9: HD SATA II - capacidade 2 Tb, 7200 RPM, 3.0 Gb/s com tecnologia S.M.A.R.T. Com cabos de força e comunicação. | E9: Peça | F9: SEAGATE | G9: 339030.17 | H9: 558 | J9: =I9-(SUM(L9:W9)) -> 0 | K9: =IF(J9<0,"ATENÇÃO","OK") -> OK | L9: 0 | M9: 0 | N9: 0 | O9: 0 | P9: 0 | Q9: 0 | R9: 0 | S9: 0 | T9: 0 | U9: 0 | V9: 0 | W9: 0
A10: BEE2B INFORMÁTICA LTDA ME | B10: 3 | C10: 7 | D10: HD Externo de 500 Gb com interface USB 3.0, alimentação via USB, LED indicativo de funcionamento, taxa de transferência de 480 Mbps, incluso cabo de conexão USB. | E10: Peça | F10: WD | G10: 449052.35 | H10: 326.43 | J10: =I10-(SUM(L10:W10)) -> 0 | K10: =IF(J10<0,"ATENÇÃO","OK") -> OK | L10: 0 | M10: 0 | N10: 0 | O10: 0 | P10: 0 | Q10: 0 | R10: 0 | S10: 0 | T10: 0 | U10: 0 | V10: 0 | W10: 0
C11: 8 | D11: HD Externo de 1 Tb com interface USB 3.0, alimentação via USB, LED indicativo de funcionamento, taxa de transferência de 480 Mbps, incluso cabo de conexão USB. | E11: Peça | F11: SEAGATE | G11: 449052.35 | H11: 414.2 | I11: 5 | J11: =I11-(SUM(L11:W11)) -> 3 | K11: =IF(J11<0,"ATENÇÃO","OK") -> OK | L11: 2 | M11: 0 | N11: 0 | O11: 0 | P11: 0 | Q11: 0 | R11: 0 | S11: 0 | T11: 0 | U11: 0 | V11: 0 | W11: 0
C12: 9 | D12: HD Externo de 2 Tb com interface USB 3.0, alimentação via USB, LED indicativo de funcionamento, taxa de transferência de 480 Mbps, incluso cabo de conexão USB. | E12: Peça | F12: TOSHIBA | G12: 449052.35 | H12: 552.83 | J12: =I12-(SUM(L12:W12)) -> 0 | K12: =IF(J12<0,"ATENÇÃO","OK") -> OK | L12: 0 | M12: 0 | N12: 0 | O12: 0 | P12: 0 | Q12: 0 | R12: 0 | S12: 0 | T12: 0 | U12: 0 | V12: 0 | W12: 0
A13: RICARL DISTRIBUIDORA EIRELI ME | B13: 4 | C13: 10 | D13: Pen Drive 64 Gb USB 3.0 | E13: Peça | F13: SANDISK | G13: 339030.17 | H13: 189.3 | I13: 4 | J13: =I13-(SUM(L13:W13)) -> 4 | K13: =IF(J13<0,"ATENÇÃO","OK") -> OK | L13: 0 | M13: 0 | N13: 0 | O13: 0 | P13: 0 | Q13: 0 | R13: 0 | S13: 0 | T13: 0 | U13: 0 | V13: 0 | W13: 0
C14: 11 | D14: Pen Drive 32 Gb USB 3.0 | E14: Peça | F14: SANDISK | G14: 339030.17 | H14: 105 | I14: 10 | J14: =I14-(SUM(L14:W14)) -> 10 | K14: =IF(J14<0,"ATENÇÃO","OK") -> OK | L14: 0 | M14: 0 | N14: 0 | O14: 0 | P14: 0 | Q14: 0 | R14: 0 | S14: 0 | T14: 0 | U14: 0 | V14: 0 | W14: 0
C15: 12 | D15: Pen Drive 16 Gb USB 3.0 | E15: Peça | F15: SANDISK | G15: 339030.17 | H15: 68 | I15: 1 | J15: =I15-(SUM(L15:W15)) -> 1 | K15: =IF(J15<0,"ATENÇÃO","OK") -> OK | L15: 0 | M15: 0 | N15: 0 | O15: 0 | P15: 0 | Q15: 0 | R15: 0 | S15: 0 | T15: 0 | U15: 0 | V15: 0 | W15: 0
A16: FABRICIO SONCINI EQPTOS DE INFORMÁTICA ME | B16: 5 | C16: 13 | D16: Pente de Memória 4 Gb DDR3-1066 | E16: Peça | F16: MARKVISION | G16: 339030.17 | H16: 197.64 | J16: =I16-(SUM(L16:W16)) -> 0 | K16: =IF(J16<0,"ATENÇÃO","OK") -> OK | L16: 0 | M16: 0 | N16: 0 | O16: 0 | P16: 0 | Q16: 0 | R16: 0 | S16: 0 | T16: 0 | U16: 0 | V16: 0 | W16: 0
C17: 14 | D17: Pente de Memória 4 Gb DDR2-800 | E17: Peça | F17: KINGSTON | G17: 339030.17 | H17: 269 | J17: =I17-(SUM(L17:W17)) -> 0 | K17: =IF(J17<0,"ATENÇÃO","OK") -> OK | L17: 0 | M17: 0 | N17: 0 | O17: 0 | P17: 0 | Q17: 0 | R17: 0 | S17: 0 | T17: 0 | U17: 0 | V17: 0 | W17: 0
C18: 15 | D18: Pente de Memória 2 Gb DDR2-667 | E18: Peça | F18: KINGSTON | G18: 339030.17 | H18: 133.11 | J18: =I18-(SUM(L18:W18)) -> 0 | K18: =IF(J18<0,"ATENÇÃO","OK") -> OK | L18: 0 | M18: 0 | N18: 0 | O18: 0 | P18: 0 | Q18: 0 | R18: 0 | S18: 0 | T18: 0 | U18: 0 | V18: 0 | W18: 0
A19: BEE2B INFORMÁTICA LTDA ME | B19: 6 | C19: 16 | D19: Processador AMD Athlon 64 X2 2.6 Ghz (5000B / Socket AM2) | E19: Peça | F19: ATHLON | G19: 339030.17 | H19: 435.95 | J19: =I19-(SUM(L19:W19)) -> 0 | K19: =IF(J19<0,"ATENÇÃO","OK") -> OK | L19: 0 | M19: 0 | N19: 0 | O19: 0 | P19: 0 | Q19: 0 | R19: 0 | S19: 0 | T19: 0 | U19: 0 | V19: 0 | W19: 0
C20: 17 | D20: Processador Intel Core 2 Duo 3 Ghz ou superior compatível com o socket LGA775 | E20: Peça | F20: INTEL | G20: 339030.17 | H20: 486.86 | J20: =I20-(SUM(L20:W20)) -> 0 | K20: =IF(J20<0,"ATENÇÃO","OK") -> OK | L20: 0 | M20: 0 | N20: 0 | O20: 0 | P20: 0 | Q20: 0 | R20: 0 | S20: 0 | T20: 0 | U20: 0 | V20: 0 | W20: 0
A21: MM COMÉRCIO DE EQPTOS LTDA ME | B21: 7 | C21: 18 | D21: Apoio de punho (teclado) ergonômico em gel. | E21: Peça | F21: PISC | G21: 339030.17 | H21: 41.09 | J21: =I21-(SUM(L21:W21)) -> 0 | K21: =IF(J21<0,"ATENÇÃO","OK") -> OK | L21: 0 | M21: 0 | N21: 0 | O21: 0 | P21: 0 | Q21: 0 | R21: 0 | S21: 0 | T21: 0 | U21: 0 | V21: 0 | W21: 0
C22: 19 | D22: Mouse pad com apoio ergonômico de gel | E22: Peça | F22: PISC | G22: 339030.17 | H22: 25.92 | I22: 10 | J22: =I22-(SUM(L22:W22)) -> 10 | K22: =IF(J22<0,"ATENÇÃO","OK") -> OK | L22: 0 | M22: 0 | N22: 0 | O22: 0 | P22: 0 | Q22: 0 | R22: 0 | S22: 0 | T22: 0 | U22: 0 | V22: 0 | W22: 0
A23: BEE2B INFORMÁTICA LTDA ME | B23: 8 | C23: 20 | D23: Mouse Wireless com Apontador Laser ( Mouse Laser Bluetooth, Apresentador de Slides, Apontador Laser e Controle Remoto de Multimídia), com botão Ligar/Desligar, conexão Bluetooth de 2.4 Ghz, com estojo. | E23: Peça | F23: MICROSOFT | G23: 339030.17 | H23: 180 | I23: 3 | J23: =I23-(SUM(L23:W23)) -> 3 | K23: =IF(J23<0,"ATENÇÃO","OK") -> OK | L23: 0 | M23: 0 | N23: 0 | O23: 0 | P23: 0 | Q23: 0 | R23: 0 | S23: 0 | T23: 0 | U23: 0 | V23: 0 | W23: 0
C24: 21 | D24: Mouse USB preto (óptico 3 botões net scroll), (não o optomecânico) | E24: Peça | F24: LEADER TECH | G24: 339030.17 | H24: 15.5 | I24: 2 | J24: =I24-(SUM(L24:W24)) -> 2 | K24: =IF(J24<0,"ATENÇÃO","OK") -> OK | L24: 0 | M24: 0 | N24: 0 | O24: 0 | P24: 0 | Q24: 0 | R24: 0 | S24: 0 | T24: 0 | U24: 0 | V24: 0 | W24: 0
C25: 22 | D25: Teclado Wireless, padrão ABNT II Português; teclas com funções internet e multimídia; botão de rolagem no teclado (scroll); teclas de atalho para a função office; 256 endereços de Ids por canal; tecnologia RF (rádio frequência) amplo ângulo de transmissão de sinal; com apoio para pulso, previne L.E.R. | E25: Peça | F25: MULTILASER | G25: 339030.17 | H25: 152 | I25: 2 | J25: =I25-(SUM(L25:W25)) -> 2 | K25: =IF(J25<0,"ATENÇÃO","OK") -> OK | L25: 0 | M25: 0 | N25: 0 | O25: 0 | P25: 0 | Q25: 0 | R25: 0 | S25: 0 | T25: 0 | U25: 0 | V25: 0 | W25: 0
C26: 23 | D26: Teclado USB preto Padrão ABNT2 | E26: Peça | F26: MULTILASER | G26: 339030.17 | H26: 27 | J26: =I26-(SUM(L26:W26)) -> 0 | K26: =IF(J26<0,"ATENÇÃO","OK") -> OK | L26: 0 | M26: 0 | N26: 0 | O26: 0 | P26: 0 | Q26: 0 | R26: 0 | S26: 0 | T26: 0 | U26: 0 | V26: 0 | W26: 0
A27: Infrutífero | B27: 9 | C27: 24 | D27: Mini-teclado numérico USB para PC, interface USB, cor preto, Comprimento do cabo de 1,80 m ou mais, dimensões 110/75/10 mm (Prof/Larg/Alt), fonte de alimentação PC / via USB, compatibilidade com Windows 2000 Windows 98 (SE) Windows ME Windows XP e com teclas de zero a 9 | E27: Peça | G27: 339030.17
C28: 25 | D28: Teclado PIN para senha 12 teclas com conexão para teclado, com display. | E28: Peça | G28: 339030.17
C29: 26 | D29: Teclado PIN: Mini-teclado numérico USB para desktops e notebooks. Função numérica e matemática com as quatro principais operações. Teclado formato slim com teclas e base finas. Tecla backspace para correção e Enter. | E29: Peça | G29: 339030.17
A30: Deserto | B30: 10 | C30: 27 | D30: Placa de Som PCI-e Creative Sound Blaster Audigy Rx, Processador de áudio: Creative E-MU, Relação Sinal para ruído (SNR): 106dB, Opções de conectividade (principais), Headphone Saída: 1 x 3.5mm jack compartilhada com Saída Frontal, Saída de linha: 1 x 3.5mm jack (Saída Frontal) 1 x 3.5mm jack (Rear / Side R) 1 x 3.5mm jack (C / Sub / Side L), Entrada de linha: 1 x 3,5 mm jack, Entrada de microfone: 2 x 3,5 mm jack, Saída ótica: 1 x TOSLINK, Amplificador dos fones de ouvido: Até 600 Ohms | E30: Peça | G30: 339030.17
A31: PERFORM TECNOLOGIA EIRELI EPP | B31: 11 | C31: 28 | D31: Placa de Rede 10/100/1000 PCI | E31: Peça | F31: INTELBRAS | G31: 339030.17 | H31: 65 | J31: =I31-(SUM(L31:W31)) -> 0 | K31: =IF(J31<0,"ATENÇÃO","OK") -> OK | L31: 0 | M31: 0 | N31: 0 | O31: 0 | P31: 0 | Q31: 0 | R31: 0 | S31: 0 | T31: 0 | U31: 0 | V31: 0 | W31: 0
C32: 29 | D32: Placa de Rede 10/100/1000 PCI-e | E32: Peça | F32: INTELBRAS | G32: 339030.17 | H32: 84.7 | J32: =I32-(SUM(L32:W32)) -> 0 | K32: =IF(J32<0,"ATENÇÃO","OK") -> OK | L32: 0 | M32: 0 | N32: 0 | O32: 0 | P32: 0 | Q32: 0 | R32: 0 | S32: 0 | T32: 0 | U32: 0 | V32: 0 | W32: 0
C33: 30 | D33: Placa de Rede Wireless, PCI-e, com antena externa, compativel com sinal 2,4 Ghz | E33: Peça | F33: INTELBRAS | G33: 339030.17 | H33: 75 | J33: =I33-(SUM(L33:W33)) -> 0 | K33: =IF(J33<0,"ATENÇÃO","OK") -> OK | L33: 0 | M33: 0 | N33: 0 | O33: 0 | P33: 0 | Q33: 0 | R33: 0 | S33: 0 | T33: 0 | U33: 0 | V33: 0 | W33: 0
A34: PERFORM TECNOLOGIA EIRELI EPP | B34: 12 | C34: 31 | D34: Placa de Vídeo PCI express 512 Mb | E34: Peça | F34: POWER COLOR | G34: 339030.17 | H34: 180 | J34: =I34-(SUM(L34:W34)) -> 0 | K34: =IF(J34<0,"ATENÇÃO","OK") -> OK | L34: 0 | M34: 0 | N34: 0 | O34: 0 | P34: 0 | Q34: 0 | R34: 0 | S34: 0 | T34: 0 | U34: 0 | V34: 0 | W34: 0
C35: 32 | D35: Placa de Vídeo 1 Gb Vga/Dvi/Hdmi (pricipalmente com HDMI) | E35: Peça | F35: POWER COLOR | G35: 339030.17 | H35: 150 | J35: =I35-(SUM(L35:W35)) -> 0 | K35: =IF(J35<0,"ATENÇÃO","OK") -> OK | L35: 0 | M35: 0 | N35: 0 | O35: 0 | P35: 0 | Q35: 0 | R35: 0 | S35: 0 | T35: 0 | U35: 0 | V35: 0 | W35: 0
C36: 33 | D36: Placa de Vídeo 2 Gb 256 bits Dual Dvi PCI-e | E36: Peça | F36: GIGABYTE | G36: 339030.17 | H36: 1232.25 | J36: =I36-(SUM(L36:W36)) -> 0 | K36: =IF(J36<0,"ATENÇÃO","OK") -> OK | L36: 0 | M36: 0 | N36: 0 | O36: 0 | P36: 0 | Q36: 0 | R36: 0 | S36: 0 | T36: 0 | U36: 0 | V36: 0 | W36: 0
A37: Deserto | B37: 13 | C37: 34 | D37: Placa mãe Lenovo Socket LGA775 ou compatível FRU-PartNumber 64Y3055 | E37: Peça | G37: 339030.17
C38: 35 | D38: Placa-mãe Lenovo L-A780 ou compatível (socket AM2) p/ computadores Lenovo Thinkcentre A62-7057 | E38: Peça | G38: 339030.17
A39: MM COMÉRCIO DE EQPTOS LTDA ME | B39: 14 | C39: 36 | D39: Spray para limpeza de contatos elétricos e componentes eletrônicos. Embalagem de 300 ml. | E39: Peça | F39: ORBI | G39: 339030.17 | H39: 28.69 | J39: =I39-(SUM(L39:W39)) -> 0 | K39: =IF(J39<0,"ATENÇÃO","OK") -> OK | L39: 0 | M39: 0 | N39: 0 | O39: 0 | P39: 0 | Q39: 0 | R39: 0 | S39: 0 | T39: 0 | U39: 0 | V39: 0 | W39: 0
C40: 37 | D40: Pasta térmica: Condutividade térmica (Wmk) 1,2 Wmk (norma técnica ISSO 8301:1991). Ponto de gota inexistente. | E40: Peça | F40: TEKBOND | G40: 339030.17 | H40: 14.8 | J40: =I40-(SUM(L40:W40)) -> 0 | K40: =IF(J40<0,"ATENÇÃO","OK") -> OK | L40: 0 | M40: 0 | N40: 0 | O40: 0 | P40: 0 | Q40: 0 | R40: 0 | S40: 0 | T40: 0 | U40: 0 | V40: 0 | W40: 0
A41: COMP1 INFORMÁTICA LTDA EPP | B41: 15 | C41: 38 | D41: Fonte de alimentação ATX 2.0 entrada AC com chaveamento automático (110V e 220V), mínimo 430W. | E41: Peça | F41: CASEMALL | G41: 339030.17 | H41: 365 | J41: =I41-(SUM(L41:W41)) -> 0 | K41: =IF(J41<0,"ATENÇÃO","OK") -> OK | L41: 0 | M41: 0 | N41: 0 | O41: 0 | P41: 0 | Q41: 0 | R41: 0 | S41: 0 | T41: 0 | U41: 0 | V41: 0 | W41: 0
C42: 39 | D42: Adaptador para fonte ATX com saída SATA. Permite ligar um disco rígido SATA em um conector de 4 pontos da fonte. | E42: Peça | F42: COLLER MASTER | G42: 339030.17 | H42: 8 | J42: =I42-(SUM(L42:W42)) -> 0 | K42: =IF(J42<0,"ATENÇÃO","OK") -> OK | L42: 0 | M42: 0 | N42: 0 | O42: 0 | P42: 0 | Q42: 0 | R42: 0 | S42: 0 | T42: 0 | U42: 0 | V42: 0 | W42: 0
A43: Deserto | B43: 16 | C43: 40 | D43: Caixas de Som com subwoofer integrado e duas caixas de som, com potência mínima de 600W PMPO, entrada com conector padrão mini-jack e RCA (ou adaptador RCA para mini-jack), tensão de alimentação de 220v. | E43: Peça | G43: 339030.17
C44: 41 | D44: Caixas de Som com 2 canais estéreos amplificados, controle de volume, botão liga/desliga, saída para fone de ouvido estéreo, LED indicador de liga e desliga, 2 w RMS e alimentação 220v (sem uso de transformador externo). | E44: Peça | G44: 339030.17
C45: 42 | D45: Caixa de Som, 1 Subwoofer, 2 caixas Satélites, Potência de saída: 30W RMS, botão iluminado quando ligado, controle de volume, auto Bivolt, dimensões aproximadas: +/- 10 a 15% (Larg x Alt x Prof) 16 x 20 x 20 | E45: Peça | G45: 339030.17
A46: Deserto | B46: 17 | C46: 43 | D46: Fone de ouvido profissional, - Sensibilidade: 98 dB (SPL/mW); - Faixa de frequência: de 10 até 30.000 Hz; - Impedância: 32 Ohms; - Potência Máxima: 300 mW; - Cabo: 2,5 m com conector P2 e adaptador P10 | E46: Peça | G46: 339030.17
C47: 44 | D47: Headset (fones de ouvido com microfone): Escala de frequência 20 a 20000Hz. Sensibilidade 105dB/mW. Impedância 32Ohms. Potência máxima: 100 mW. Tamanho do cabo 1,60m (mínimo). Outras características: fones almofadados e revestidos de borracha. | E47: Peça | G47: 339030.17
A48: COMP1 INFORMÁTICA LTDA EPP | B48: 18 | C48: 45 | D48: WEBCAM PARA COMPUTADOR, PADRÃO DGOV - Diretoria de Governança Eletrônica (Órgão da Secretaria de Estado da Administração do Governo Estadual). Padronização conforme o art. 15, inc. I, da Lei Federal 8.666/1993. Resolução HD 720p; Lente confeccionada em vidro; Formato de imagem 16:9; Foco automático; Microfone incorporado; Porta USB 2.0; Suporte com rotação vertical e horizontal para fixação em monitores de LCD/LED; Compatibilidade com plataformas Ms-Windows 7 e 8. CONDIÇÔES GERAIS a) Garantia de hardware de 1 anos; b) Anexar documentação técnica detalhada oficial do fabricante; c) Indicação no site do fabricante do produto proposto. | E48: Peça | F48: LOGITECH HD | G48: 339030.17 | H48: 200 | I48: 2 | J48: =I48-(SUM(L48:W48)) -> 0 | K48: =IF(J48<0,"ATENÇÃO","OK") -> OK | M48: 2 | N48: 0 | O48: 0 | P48: 0 | Q48: 0 | R48: 0 | S48: 0 | T48: 0 | U48: 0 | V48: 0 | W48: 0
A49: Deserto | B49: 19 | C49: 46 | D49: Bateria Lítio 3V CR | E49: Peça | G49: 339030.17
A50: MM COMÉRCIO DE EQPTOS LTDA ME | B50: 20 | C50: 47 | D50: Cabo VGA para monitor HDB15 macho HDB15 macho com comprimento de 20 m blindado | E50: Peça | F50: CENTRAL CABOS | G50: 339030.17 | H50: 151.99 | J50: =I50-(SUM(L50:W50)) -> 0 | K50: =IF(J50<0,"ATENÇÃO","OK") -> OK | L50: 0 | M50: 0 | N50: 0 | O50: 0 | P50: 0 | Q50: 0 | R50: 0 | S50: 0 | T50: 0 | U50: 0 | V50: 0 | W50: 0
C51: 48 | D51: Cabo VGA para monitor HDB15 macho HDB15 macho com comprimento de 15 m blindado | E51: Peça | F51: CENTRAL CABOS | G51: 339030.17 | H51: 170.99 | J51: =I51-(SUM(L51:W51)) -> 0 | K51: =IF(J51<0,"ATENÇÃO","OK") -> OK | L51: 0 | M51: 0 | N51: 0 | O51: 0 | P51: 0 | Q51: 0 | R51: 0 | S51: 0 | T51: 0 | U51: 0 | V51: 0 | W51: 0
C52: 49 | D52: Cabo VGA para monitor HDB15 macho HDB15 macho com comprimento de 2 metros | E52: Peça | F52: CENTRAL CABOS | G52: 339030.17 | H52: 123.85 | J52: =I52-(SUM(L52:W52)) -> 0 | K52: =IF(J52<0,"ATENÇÃO","OK") -> OK | L52: 0 | M52: 0 | N52: 0 | O52: 0 | P52: 0 | Q52: 0 | R52: 0 | S52: 0 | T52: 0 | U52: 0 | V52: 0 | W52: 0
C53: 50 | D53: Cabo HDMI com 3m | E53: Peça | F53: PIX | G53: 339030.17 | H53: 59.65 | J53: =I53-(SUM(L53:W53)) -> 0 | K53: =IF(J53<0,"ATENÇÃO","OK") -> OK | L53: 0 | M53: 0 | N53: 0 | O53: 0 | P53: 0 | Q53: 0 | R53: 0 | S53: 0 | T53: 0 | U53: 0 | V53: 0 | W53: 0
A54: Deserto | B54: 21 | C54: 51 | D54: Adaptador / Conversor p/ tomadas no novo padrão brasileiro NBR-14136, aceitando plugue macho dois pinos chatos, padrão NEMA, 15A-250V~, plugue macho dois pinos chatos + terra, 15A-250V~, plugue macho dois pinos redondos, 10A-250V~, plugue macho dois pinos redondos + terra, 10A-250V~ | E54: Peça | G54: 339030.26
C55: 52 | D55: Adaptador / Conversor p/ tomadas no padrão antigo (dois pinos chatos + terra), aceitando plugue do padrão atual brasileiro NBR-14136 | E55: Peça | G55: 339030.26
C56: 53 | D56: Filtro de linha com 05 tomadas que aceite o plugue do padrão atual brasileiro NBR-14136, com fusível, chave liga/desliga, indicador luminoso e funcionamento, 220V. | E56: Peça | G56: 339030.26
A57: Deserto | B57: 22 | C57: 54 | D57: Apresentador sem fio com função de emulação de mouse com um apontador eletrônico (laser) para total controle de apresentação (avançar e retroceder transparências, além de abrir e fechar documentos e aplicativos), com um alcance mínimo de 6 metros através de conexão com o PC pela porta USB. | E57: Peça | G57: 449052.35
A58: Deserto | B58: 23 | C58: 55 | D58: LEITOR PARA CÓDIGO, DE BARRAS, Leitor Código Barras para porta Usb, com cabo. Velocidade 100 leituras/segundo, Peso 120 g (±10 g), Dimensões 81 mm x 63.5mm e 179 mm e Interfaces USB e Teclado. Características Técnicas: Fonte de luz LED Vermelho 632 nm, Sensor Linear CCD, Ângulo de leitura Lateral ± 25° (±5°) e Frontal 10°~40° (±5°), Profundidade do campo 60 mm, Processador C8051, Resistência a queda 1,5 m. Cabo padrão 1,5 m (±5 cm). Características Ambientais: Temperatura de operação 0ºC a 50ºC, Luz ambiente Lâmpada Fluorescente 5000 Lux Max. / Luz Solar 1500 Lux Max. Características Elétricas: Tensão de entrada + 5V +/- 5% Operação 120 mA (USB) Códigos lidos All UPC/EAN/JAN, EAN128 Code, Code 39, Code 39 Full ASCII, Code32 / Italian Pharmacy, Code 128, CODABAR/NW7, Interleave 25, Industrial 25, Matrix 25, MSI/PLESSEY, Telepen, Code 93, Code 11, China Postage, Code 26, LCD25 e GS1 DataBar Códigos pré-programados All UPC/EAN/JAN, EAN128 Code, Code 39, Code 128, CODABAR/NW7, Interleave 25. Garantia de um ano | E58: Peça | G58: 449052.35
C59: 56 | D59: Leitores de código de barras, conexão usb: Elemento foto detetor: CCD (Charge Coupled Device) de 2048 elementos; Fonte de luz: LEDs, luz vermelha, 660 nm; Velocidade de leitura: 100 varreduras por segundo; Contraste mínimo de impressão dos códigos: 45%; Profundidade de campo: de 0 a 20 mm; Largura da janela de leitura: 82 mm; Largura mínima dos elementos dos códigos (resolução): 0,1 mm; Rejeição à luz ambiente: 1.500 Lux; Padrões de códigos de barras lidos: EAN, UPC, 39, 128, 93, 2 de 5 intercalado; Indicadores de leituras bem sucedidas: Visual (Led) e Sonoro (Beep); Programação: Através do manual ou através do seu Exclusivo programa utilitário; Atualização de Firmware: Por software, pelo próprio usuário; Tensão de alimentação: 5 Vcc +/- 10%; Consumo máximo: 120 mA; Temperatura de operação: de 0 a 50º C; Temperatura de armazenagem: de -10 a 60º C; Umidade tolerável: de 5% até 95% não condensado; Material do corpo: ABS de alto impacto, nas versões bege ou preto; Resistência a quedas: 1,00 metro sobre superfície de concreto; Dimensões físicas (máximas): 180 x 83 x 30 mm; Cabo para conexão USB | G59: 449052.35
C60: 57 | D60: Leitor de código de barras Laser - Fonte de luz Diodo de luz visível de no mínimo 650 nm + 10 nm, Potência do Laser aproximado de 0,96 mW (pico), Profundidade de campo de 0 a 203 mm para códigos de barras de 13 mils, Largura de campo mínimas de 64 mm na face e 249 mm a 203 mm de distância, velocidade de varredura mínima de 72 + 2 varreduras por segundo (bidirecional), padrão de varredura de uma linha, barra mínima de leitura de 5 mils, ativação por infravermelho, longa distância: 0 a 279 mm, curta distância: 0 a 102 mm. Capacidade de decodificação: Auto-discrimina todos os padrões. Interfaceamento RS232C, Teclado PC/AT, Teclado Stand Alone, OCIA, IBM 468X/469X. Contraste 35% mínimo de reflectância. Número de caracteres a ser lido até 80 caracteres Roll, Pitch, Yaw 42º, 68º, 52º . Sinal sonoro 7 tons ou sem sinal. Indicador luminoso Verde: laser ligado, pronto para ler - Vermelho: Boa leitura - Amarelo: (somente o MS9540) = CodeGate ativo. Tensão de entrada de 5 VDC + 0,25 V Potência em operação de aproximadamente 825 mW, Potência em repouso de 600 mW Transformador para DC classe 2; 5.2 VDC @ 650 mA. Classe do laser: CDRH: Classe II; EN60825-1:1994/A11:1996 Classe 1 EMC FCC Classe B. Garantia de fábica de no mínimo 3 anos. | E60: Peça | G60: 449052.35
A61: Deserto | B61: 24 | C61: 58 | D61: LUPA ELETRONICA, TIPO MOUSE, Reproduz as imagens em vídeo normal ou reverso (letra preta, fundo branco ou letra branca, fundo preto). Amplia até 30x em TV de 20''. Ampliador eletrônico de imagem com inversão de contraste. Aumento de 15x a 15x dependendo do tamanho da tela. Bivolt. Aparelho Pb | E61: Peça | G61: 449052.35
A62: Deserto | B62: 25 | C62: 59 | D62: ESTABILIZADOR DE TENSAO, POTENCIA NOMINAL: 1000VA, Tensão de Entrada bivolt (115/220V); Tensão de saída: 115V; Potência nominal: 1000VA; Potência contínua: 1000W; Microprocessado; Filtro de linha integrado; Regulação true RMS; Gabinete em Metal e/ou ABS antichamas; Sinalização visual via led indicado modo de operação da rede; Chave liga/desliga frontal embutida; Mínimo 5 tomadas saída padrão NBR 14136; Cabo de força de entrada padrão NBR 14136 com no mínimo 60cm de comprimento; Proteção de curto circuito; Proteção de surtos de tensão; Proteção sub/sobretensão de rede com desligamento e rearme automático; Proteção de sobre aquecimento; Proteção sobrecarga; Porta fusível externo com uma unidade reserva; Atender a norma NBR 14.373:2006; 3 anos de garantia no mínimo | E62: Peça | G62: 449052.30
C63: 60 | D63: TRANSFORMADOR ESTABILIZADOR DE TENSAO, COM 220/110VOLTS, PADRÃO DGOV - Diretoria de Governança Eletrônica (Órgão da Secretaria de Estado da Administração do Governo Estadual). Padronização conforme o art. 15, inc. I, da Lei Federal 8.666/1993.Potência de saída 600 W; Tensão de entrada de 110VAC ±15 % e 220VAC ±15 %, monofásica, fase/neutro/terra; Frequência de entrada 60 Hz ±5%; Tensão de saída senoidal 220VAC ±6 %, monofásica, fase/neutro/terra; Frequência de saída 60 Hz ± 0,05%; Rendimento de 90%; Fator de potência de saída 0,90; Indicadores de nível de energia; Proteção contra curto circuito, subtensão, sobretensão; Ruído acústico a um metro de distância, menor que 75db (DIN 45635); Gabinete plastico anti-chamas; 4 tomadas de saída padrão NBR141362002; Homologação INMETRO. CONDIÇÔES GERAIS: a) Garantia de hardware do tipo on-site de 3 anos, realizada por empresa autorizada oficialmente pelo fabricante, com tempo de solução em até cinco dias; b) Anexar documentação técnica detalhada oficial do fabricante; c) Indicação no site do fabricante do produto proposto. | E63: Peça | G63: 449052.30
C64: 61 | D64: Nobreak 220 volts que suporte CPU, Projetor 283 w e caixa de som 150 w, com autonomia em torno de uma hora e trinta minutos, recarga automática das baterias, mesmo com o nobreak desligado, leds coloridos no painel frontal para indicar as condições de funcionamento do nobreak (modo rede, modo inversor/bateria, final de autonomia, entre outras), alarme audiovisual para sinalizar eventos como queda de rede e fim do tempo de autonomia, entre outros, garantia de, no mínimo, 12 meses, realizada por empresa autorizada oficialmente pelo fabricante, com tempo de solução em até cinco dias e assistência técnica na região, anexar documentação técnica detalhada oficial do fabricante e indicação no site do fabricante do produto proposto. | E64: Peça | G64: 449052.30
A65: Deserto | B65: 26 | C65: 62 | D65: MULTIMETRO: DIGITAL PORTATIL, Display máximo: 3 ½ dígitos 1999 máx; Tamanho do display: 65×45mm; Principais Características: - Corrente continua e alternada; - Sistema de proteção total contra sobrecarga; - Dispensa qualquer outro aparelho de medição de tensão elétrica; - Precisão é garantida, 23 °C ±, menos do que 80% umidade relativa; Descrição: - Leitura de display 1999; - Sistema de proteção sobre carga; - Compacto para medição de voltagem; - DC e AC, corrente DC, resistência e diodo; - Medição de transistores e teste funcional de continuidade; Dados Técnicos: DVC:220mv-1000v; - ACV:200V-750V; - DCA:200µa-10A; - OHM:200-2000k; - HFE: Sim; - Teste de Diodo: Sim; - Aviso Sonoro: Sim; - Onda Quadrada O/P: Sim; - Leitura Display: 1999 | E65: Peça | G65: 339030.42
A66: Deserto | B66: 27 | C66: 63 | D66: Kit Profissional de Ferramentas - Kit composto por 20 ferramentas. - Ideal para pequenos serviços de manutenções a PCs. - Todas as ferramentas são desmagnetizadas. - Prático estojo com zíper para armazenagem de forma organizada. - Compartimentos individuais para cada ferramenta no estojo. - Material feito em couro sintético. - Ferramenta em ferro de solda 127V CA com potência de 30W. | E66: Peça | G66: 339030.42
A67: Deserto | B67: 28 | C67: 64 | D67: Fonte de alimentação ATX 2.0 entrada AC com chaveamento automático (110V e 220V), mínimo 300W compatível com Computador Compaq 6005 Pro Microtower PC | E67: Peça | G67: 339030.17
C68: 65 | D68: Processador Phenon II X4 compatível com Placa Mãe HP 531966-001 503335-001 | E68: Peça | G68: 339030.17
C69: 66 | D69: Placa Mãe HP 531966-001 503335-001 ou modelo mais novo compatível com HP 6005 Pro Microtower com processador AMD | E69: Peça | G69: 339030.17
A70: Deserto | B70: 29 | C70: 67 | D70: Drive gravador CD/DVD 12x/48X. Interface, SATA, tipo interno. Cor: preto fosco. Velocidade de gravação DVD-R 24x, DVD-R DL 8x, CD-RW 6x. | E70: Peça | G70: 339030.17
A71: Deserto | B71: 30 | C71: 68 | D71: Adaptador USB Wireless. Taxa de transmissão de até 300 Mbps, faixa de frequencia 2,4 GHz, padrões wirless IEEE 802.11b, g, n. Segurança wirless WEP de 64/128 bit. WPA-PSK, WPA WPA 2, Antena interna. | E71: Peça | G71: 339030.17
A72: MM COMÉRCIO DE EQPTOS LTDA ME | B72: 31 | C72: 69 | D72: Mesa digitalizadora, Área Ativa para Caneta: 15,2 x 9,5 cm (6” x 3,7”), Dimensões (CxLxA): 21 x 17,8 x 1 cm (8,25” x 7” x 0,4”), Interface: USB, Tecnologia da caneta sem fio e sem pilhas, Precisão caneta : +/- 0.5 mm, Níveis de sensibilidade à pressão: 1024, Resolução: 2.540 lpi, ExpressKeys: 4 teclas personalizáveis, Sem fio suporte, Tablet de design ambidestro, Anéis de identificação de cores e marcas, Plataforma do Computador: PC & Mac | E72: Peça | F72: WACOM | G72: 449052.35 | H72: 399.54 | I72: 22 | J72: =I72-(SUM(L72:W72)) -> 22 | K72: =IF(J72<0,"ATENÇÃO","OK") -> OK | L72: 0 | M72: 0 | N72: 0 | O72: 0 | P72: 0 | Q72: 0 | R72: 0 | S72: 0 | T72: 0 | U72: 0 | V72: 0 | W72: 0
A73: FABRICIO SONCINI EQPTOS DE INFORMÁTICA ME | B73: 32 | C73: 70 | D73: HD SATA II 500GB 7200RPM SFF Hot-Plug para servidor HP Proliant ML350 G6 | E73: Peça | F73: HP | G73: 339030.17 | H73: 1993 | J73: =I73-(SUM(L73:W73)) -> 0 | K73: =IF(J73<0,"ATENÇÃO","OK") -> OK | L73: 0 | M73: 0 | N73: 0 | O73: 0 | P73: 0 | Q73: 0 | R73: 0 | S73: 0 | T73: 0 | U73: 0 | V73: 0 | W73: 0
A74: Deserto | B74: 33 | C74: 71 | D74: Fonte Redundante Kit 750W para servidor HP Proliant ML350 G6 | E74: Peça | G74: 339030.17
A75: FABRICIO SONCINI EQPTOS DE INFORMÁTICA ME | B75: 34 | C75: 72 | D75: Memória 2GB (1x2GB) PC3-10600R DDR3 RDIMM para servidor HP Proliant ML350 G6 | E75: Peça | F75: HP | G75: 339030.17 | H75: 848 | J75: =I75-(SUM(L75:W75)) -> 0 | K75: =IF(J75<0,"ATENÇÃO","OK") -> OK | L75: 0 | M75: 0 | N75: 0 | O75: 0 | P75: 0 | Q75: 0 | R75: 0 | S75: 0 | T75: 0 | U75: 0 | V75: 0 | W75: 0
A76: Deserto | B76: 35 | C76: 73 | D76: HP Ventilador Redundante p/ ML350G6 para servidor HP Proliant ML350 G6 | E76: Peça | G76: 339030.17
A77: Deserto | B77: 36 | C77: 74 | D77: HP Kit de Conversão Torre p/ Rack p/ ML350G6 para servidor HP Proliant ML350 G6 | E77: Peça | G77: 339030.17
A78: Deserto | B78: 37 | C78: 75 | D78: Processador Intel XEON E5504 2.0GHz para servidor HP Proliant ML350 G6 | E78: Peça | G78: 339030.17
A79: Deserto | B79: 38 | C79: 76 | D79: StorageWorks RDX Removable Disk Backup System HP para servidor HP Proliant ML350 G6 | E79: Peça | G79: 339030.17
A80: Deserto | B80: 39 | C80: 77 | D80: Disco Rígido 3TB NL-SAS 7.2K RPM PN: 02359092 Marca: Huawei. Deverá apresentar declaração do fabricante comprovando compatibilidade do disco rígido com o Storage OceanStor S2600T. Deve ser instalado, por um técnico certificado do fabricante (anexar comprovação), no Storage OceanStor S2600T da FAED e disponibilizado seu espaço de armazenamento no servidor de arquivos. | E80: Peça | G80: 339030.17
L81: =SUMPRODUCT(L11:L48,H11:H48) -> 828.4 | M81: =SUMPRODUCT(M11:M48,H11:H48) -> 400
D82: Lote 9 - Infrutífero
D83: Lotes 10, 13, 16, 17, 19, 21 ao 30, 33, 35 ao 39 - Desertos
D84: Prazos de entrega e pagamento conforme Termo de Referência

Sheet FAED
A1: PROCESSO: 0759/2015/UDESC | D1: OBJETO: AQUISIÇÃO DE PEÇAS INCORPORÁVEIS AO COMPUTADOR PARA A UDESC | I1: VIGÊNCIA DA ATA: 21/09/2015 até 20/09/2016 | L1: AF/OS nº xxxx/2015 Qtde. DT | M1: AF/OS nº xxxx/2015 Qtde. DT | N1: AF/OS nº xxxx/2015 Qtde. DT | O1: AF/OS nº xxxx/2015 Qtde. DT | P1: AF/OS nº xxxx/2015 Qtde. DT | Q1: AF/OS nº xxxx/2015 Qtde. DT | R1: AF/OS nº xxxx/2015 Qtde. DT | S1: AF/OS nº xxxx/2015 Qtde. DT | T1: AF/OS nº xxxx/2015 Qtde. DT | U1: AF/OS nº xxxx/2015 Qtde. DT | V1: AF/OS nº xxxx/2015 Qtde. DT | W1: AF/OS nº xxxx/2015 Qtde. DT
A2: CENTRO PARTICIPANTE: FAED
A3: FORNECEDOR | B3: LOTE | C3: ITEM | D3: PRODUTO - CARACTERÍSTICAS MÍNIMAS | E3: UNIDADE | F3: MARCA | G3: DETALHAMENTO | H3: Preço UNITÁRIO (R$) | I3: Qtde Registrada | J3: Saldo / Automático | K3: ALERTA | L3: ...../...../...... | M3: ...../...../...... | N3: ...../...../...... | O3: ...../...../...... | P3: ...../...../...... | Q3: ...../...../...... | R3: ...../...../...... | S3: ...../...../...... | T3: ...../...../...... | U3: ...../...../...... | V3: ...../...../...... | W3: ...../...../......
A4: RICARL DISTRIBUIDORA EIRELI ME | B4: 1 | C4: 1 | D4: Conjunto de 4 pilhas recarregáveis do tipo NiMH, tamanho AA de 2700 mAh. | E4: Peça | F4: ELGIM | G4: 339030.26 | H4: 42.01 | J4: =I4-(SUM(L4:W4)) -> 0 | K4: =IF(J4<0,"ATENÇÃO","OK") -> OK | L4: 0 | M4: 0 | N4: 0 | O4: 0 | P4: 0 | Q4: 0 | R4: 0 | S4: 0 | T4: 0 | U4: 0 | V4: 0 | W4: 0
C5: 2 | D5: Conjunto de 4 pilhas recarregáveis do tipo NiMH, tamanho AAA. | E5: Peça | F5: ELGIM | G5: 339030.26 | H5: 18.62 | J5: =I5-(SUM(L5:W5)) -> 0 | K5: =IF(J5<0,"ATENÇÃO","OK") -> OK | L5: 0 | M5: 0 | N5: 0 | O5: 0 | P5: 0 | Q5: 0 | R5: 0 | S5: 0 | T5: 0 | U5: 0 | V5: 0 | W5: 0
C6: 3 | D6: Carregador Rápido de Baterias AA e AAA, Carga total em 3h, potência de Carga 2100 mAh | E6: Peça | F6: SONY | G6: 339030.26 | H6: 95 | J6: =I6-(SUM(L6:W6)) -> 0 | K6: =IF(J6<0,"ATENÇÃO","OK") -> OK | L6: 0 | M6: 0 | N6: 0 | O6: 0 | P6: 0 | Q6: 0 | R6: 0 | S6: 0 | T6: 0 | U6: 0 | V6: 0 | W6: 0
A7: FABRICIO SONCINI EQPTOS DE INFORMÁTICA ME | B7: 2 | C7: 4 | D7: HD SATA II - capacidade 500 Gb, 7200 RPM, 3.0 Gb/s com tecnologia S.M.A.R.T. Com cabos de força e comunicação. | E7: Peça | F7: SEAGATE | G7: 339030.17 | H7: 250 | J7: =I7-(SUM(L7:W7)) -> 0 | K7: =IF(J7<0,"ATENÇÃO","OK") -> OK | L7: 0 | M7: 0 | N7: 0 | O7: 0 | P7: 0 | Q7: 0 | R7: 0 | S7: 0 | T7: 0 | U7: 0 | V7: 0 | W7: 0
C8: 5 | D8: HD SATA II - capacidade 1 Tb, 7200 RPM, 3.0 Gb/s com tecnologia S.M.A.R.T. Com cabos de força e comunicação. | E8: Peça | F8: SEAGATE | G8: 339030.17 | H8: 360.08 | I8: 2 | J8: =I8-(SUM(L8:W8)) -> 2 | K8: =IF(J8<0,"ATENÇÃO","OK") -> OK | L8: 0 | M8: 0 | N8: 0 | O8: 0 | P8: 0 | Q8: 0 | R8: 0 | S8: 0 | T8: 0 | U8: 0 | V8: 0 | W8: 0
C9: 6 | D9: HD SATA II - capacidade 2 Tb, 7200 RPM, 3.0 Gb/s com tecnologia S.M.A.R.T. Com cabos de força e comunicação. | E9: Peça | F9: SEAGATE | G9: 339030.17 | H9: 558 | J9: =I9-(SUM(L9:W9)) -> 0 | K9: =IF(J9<0,"ATENÇÃO","OK") -> OK | L9: 0 | M9: 0 | N9: 0 | O9: 0 | P9: 0 | Q9: 0 | R9: 0 | S9: 0 | T9: 0 | U9: 0 | V9: 0 | W9: 0
A10: BEE2B INFORMÁTICA LTDA ME | B10: 3 | C10: 7 | D10: HD Externo de 500 Gb com interface USB 3.0, alimentação via USB, LED indicativo de funcionamento, taxa de transferência de 480 Mbps, incluso cabo de conexão USB. | E10: Peça | F10: WD | G10: 449052.35 | H10: 326.43 | J10: =I10-(SUM(L10:W10)) -> 0 | K10: =IF(J10<0,"ATENÇÃO","OK") -> OK | L10: 0 | M10: 0 | N10: 0 | O10: 0 | P10: 0 | Q10: 0 | R10: 0 | S10: 0 | T10: 0 | U10: 0 | V10: 0 | W10: 0
C11: 8 | D11: HD Externo de 1 Tb com interface USB 3.0, alimentação via USB, LED indicativo de funcionamento, taxa de transferência de 480 Mbps, incluso cabo de conexão USB. | E11: Peça | F11: SEAGATE | G11: 449052.35 | H11: 414.2 | J11: =I11-(SUM(L11:W11)) -> 0 | K11: =IF(J11<0,"ATENÇÃO","OK") -> OK | L11: 0 | M11: 0 | N11: 0 | O11: 0 | P11: 0 | Q11: 0 | R11: 0 | S11: 0 | T11: 0 | U11: 0 | V11: 0 | W11: 0
C12: 9 | D12: HD Externo de 2 Tb com interface USB 3.0, alimentação via USB, LED indicativo de funcionamento, taxa de transferência de 480 Mbps, incluso cabo de conexão USB. | E12: Peça | F12: TOSHIBA | G12: 449052.35 | H12: 552.83 | J12: =I12-(SUM(L12:W12)) -> 0 | K12: =IF(J12<0,"ATENÇÃO","OK") -> OK | L12: 0 | M12: 0 | N12: 0 | O12: 0 | P12: 0 | Q12: 0 | R12: 0 | S12: 0 | T12: 0 | U12: 0 | V12: 0 | W12: 0
A13: RICARL DISTRIBUIDORA EIRELI ME | B13: 4 | C13: 10 | D13: Pen Drive 64 Gb USB 3.0 | E13: Peça | F13: SANDISK | G13: 339030.17 | H13: 189.3 | I13: 2 | J13: =I13-(SUM(L13:W13)) -> 2 | K13: =IF(J13<0,"ATENÇÃO","OK") -> OK | L13: 0 | M13: 0 | N13: 0 | O13: 0 | P13: 0 | Q13: 0 | R13: 0 | S13: 0 | T13: 0 | U13: 0 | V13: 0 | W13: 0
C14: 11 | D14: Pen Drive 32 Gb USB 3.0 | E14: Peça | F14: SANDISK | G14: 339030.17 | H14: 105 | J14: =I14-(SUM(L14:W14)) -> 0 | K14: =IF(J14<0,"ATENÇÃO","OK") -> OK | L14: 0 | M14: 0 | N14: 0 | O14: 0 | P14: 0 | Q14: 0 | R14: 0 | S14: 0 | T14: 0 | U14: 0 | V14: 0 | W14: 0
C15: 12 | D15: Pen Drive 16 Gb USB 3.0 | E15: Peça | F15: SANDISK | G15: 339030.17 | H15: 68 | J15: =I15-(SUM(L15:W15)) -> 0 | K15: =IF(J15<0,"ATENÇÃO","OK") -> OK | L15: 0 | M15: 0 | N15: 0 | O15: 0 | P15: 0 | Q15: 0 | R15: 0 | S15: 0 | T15: 0 | U15: 0 | V15: 0 | W15: 0
A16: FABRICIO SONCINI EQPTOS DE INFORMÁTICA ME | B16: 5 | C16: 13 | D16: Pente de Memória 4 Gb DDR3-1066 | E16: Peça | F16: MARKVISION | G16: 339030.17 | H16: 197.64 | I16: 5 | J16: =I16-(SUM(L16:W16)) -> 5 | K16: =IF(J16<0,"ATENÇÃO","OK") -> OK | L16: 0 | M16: 0 | N16: 0 | O16: 0 | P16: 0 | Q16: 0 | R16: 0 | S16: 0 | T16: 0 | U16: 0 | V16: 0 | W16: 0
C17: 14 | D17: Pente de Memória 4 Gb DDR2-800 | E17: Peça | F17: KINGSTON | G17: 339030.17 | H17: 269 | J17: =I17-(SUM(L17:W17)) -> 0 | K17: =IF(J17<0,"ATENÇÃO","OK") -> OK | L17: 0 | M17: 0 | N17: 0 | O17: 0 | P17: 0 | Q17: 0 | R17: 0 | S17: 0 | T17: 0 | U17: 0 | V17: 0 | W17: 0
C18: 15 | D18: Pente de Memória 2 Gb DDR2-667 | E18: Peça | F18: KINGSTON | G18: 339030.17 | H18: 133.11 | J18: =I18-(SUM(L18:W18)) -> 0 | K18: =IF(J18<0,"ATENÇÃO","OK") -> OK | L18: 0 | M18: 0 | N18: 0 | O18: 0 | P18: 0 | Q18: 0 | R18: 0 | S18: 0 | T18: 0 | U18: 0 | V18: 0 | W18: 0
A19: BEE2B INFORMÁTICA LTDA ME | B19: 6 | C19: 16 | D19: Processador AMD Athlon 64 X2 2.6 Ghz (5000B / Socket AM2) | E19: Peça | F19: ATHLON | G19: 339030.17 | H19: 435.95 | J19: =I19-(SUM(L19:W19)) -> 0 | K19: =IF(J19<0,"ATENÇÃO","OK") -> OK | L19: 0 | M19: 0 | N19: 0 | O19: 0 | P19: 0 | Q19: 0 | R19: 0 | S19: 0 | T19: 0 | U19: 0 | V19: 0 | W19: 0
C20: 17 | D20: Processador Intel Core 2 Duo 3 Ghz ou superior compatível com o socket LGA775 | E20: Peça | F20: INTEL | G20: 339030.17 | H20: 486.86 | J20: =I20-(SUM(L20:W20)) -> 0 | K20: =IF(J20<0,"ATENÇÃO","OK") -> OK | L20: 0 | M20: 0 | N20: 0 | O20: 0 | P20: 0 | Q20: 0 | R20: 0 | S20: 0 | T20: 0 | U20: 0 | V20: 0 | W20: 0
A21: MM COMÉRCIO DE EQPTOS LTDA ME | B21: 7 | C21: 18 | D21: Apoio de punho (teclado) ergonômico em gel. | E21: Peça | F21: PISC | G21: 339030.17 | H21: 41.09 | J21: =I21-(SUM(L21:W21)) -> 0 | K21: =IF(J21<0,"ATENÇÃO","OK") -> OK | L21: 0 | M21: 0 | N21: 0 | O21: 0 | P21: 0 | Q21: 0 | R21: 0 | S21: 0 | T21: 0 | U21: 0 | V21: 0 | W21: 0
C22: 19 | D22: Mouse pad com apoio ergonômico de gel | E22: Peça | F22: PISC | G22: 339030.17 | H22: 25.92 | I22: 40 | J22: =I22-(SUM(L22:W22)) -> 40 | K22: =IF(J22<0,"ATENÇÃO","OK") -> OK | L22: 0 | M22: 0 | N22: 0 | O22: 0 | P22: 0 | Q22: 0 | R22: 0 | S22: 0 | T22: 0 | U22: 0 | V22: 0 | W22: 0
A23: BEE2B INFORMÁTICA LTDA ME | B23: 8 | C23: 20 | D23: Mouse Wireless com Apontador Laser ( Mouse Laser Bluetooth, Apresentador de Slides, Apontador Laser e Controle Remoto de Multimídia), com botão Ligar/Desligar, conexão Bluetooth de 2.4 Ghz, com estojo. | E23: Peça | F23: MICROSOFT | G23: 339030.17 | H23: 180 | J23: =I23-(SUM(L23:W23)) -> 0 | K23: =IF(J23<0,"ATENÇÃO","OK") -> OK | L23: 0 | M23: 0 | N23: 0 | O23: 0 | P23: 0 | Q23: 0 | R23: 0 | S23: 0 | T23: 0 | U23: 0 | V23: 0 | W23: 0
C24: 21 | D24: Mouse USB preto (óptico 3 botões net scroll), (não o optomecânico) | E24: Peça | F24: LEADER TECH | G24: 339030.17 | H24: 15.5 | J24: =I24-(SUM(L24:W24)) -> 0 | K24: =IF(J24<0,"ATENÇÃO","OK") -> OK | L24: 0 | M24: 0 | N24: 0 | O24: 0 | P24: 0 | Q24: 0 | R24: 0 | S24: 0 | T24: 0 | U24: 0 | V24: 0 | W24: 0
C25: 22 | D25: Teclado Wireless, padrão ABNT II Português; teclas com funções internet e multimídia; botão de rolagem no teclado (scroll); teclas de atalho para a função office; 256 endereços de Ids por canal; tecnologia RF (rádio frequência) amplo ângulo de transmissão de sinal; com apoio para pulso, previne L.E.R. | E25: Peça | F25: MULTILASER | G25: 339030.17 | H25: 152 | J25: =I25-(SUM(L25:W25)) -> 0 | K25: =IF(J25<0,"ATENÇÃO","OK") -> OK | L25: 0 | M25: 0 | N25: 0 | O25: 0 | P25: 0 | Q25: 0 | R25: 0 | S25: 0 | T25: 0 | U25: 0 | V25: 0 | W25: 0
C26: 23 | D26: Teclado USB preto Padrão ABNT2 | E26: Peça | F26: MULTILASER | G26: 339030.17 | H26: 27 | I26: 15 | J26: =I26-(SUM(L26:W26)) -> 15 | K26: =IF(J26<0,"ATENÇÃO","OK") -> OK | L26: 0 | M26: 0 | N26: 0 | O26: 0 | P26: 0 | Q26: 0 | R26: 0 | S26: 0 | T26: 0 | U26: 0 | V26: 0 | W26: 0
A27: Infrutífero | B27: 9 | C27: 24 | D27: Mini-teclado numérico USB para PC, interface USB, cor preto, Comprimento do cabo de 1,80 m ou mais, dimensões 110/75/10 mm (Prof/Larg/Alt), fonte de alimentação PC / via USB, compatibilidade com Windows 2000 Windows 98 (SE) Windows ME Windows XP e com teclas de zero a 9 | E27: Peça | G27: 339030.17
C28: 25 | D28: Teclado PIN para senha 12 teclas com conexão para teclado, com display. | E28: Peça | G28: 339030.17
C29: 26 | D29: Teclado PIN: Mini-teclado numérico USB para desktops e notebooks. Função numérica e matemática com as quatro principais operações. Teclado formato slim com teclas e base finas. Tecla backspace para correção e Enter. | E29: Peça | G29: 339030.17
A30: Deserto | B30: 10 | C30: 27 | D30: Placa de Som PCI-e Creative Sound Blaster Audigy Rx, Processador de áudio: Creative E-MU, Relação Sinal para ruído (SNR): 106dB, Opções de conectividade (principais), Headphone Saída: 1 x 3.5mm jack compartilhada com Saída Frontal, Saída de linha: 1 x 3.5mm jack (Saída Frontal) 1 x 3.5mm jack (Rear / Side R) 1 x 3.5mm jack (C / Sub / Side L), Entrada de linha: 1 x 3,5 mm jack, Entrada de microfone: 2 x 3,5 mm jack, Saída ótica: 1 x TOSLINK, Amplificador dos fones de ouvido: Até 600 Ohms | E30: Peça | G30: 339030.17
A31: PERFORM TECNOLOGIA EIRELI EPP | B31: 11 | C31: 28 | D31: Placa de Rede 10/100/1000 PCI | E31: Peça | F31: INTELBRAS | G31: 339030.17 | H31: 65 | J31: =I31-(SUM(L31:W31)) -> 0 | K31: =IF(J31<0,"ATENÇÃO","OK") -> OK | L31: 0 | M31: 0 | N31: 0 | O31: 0 | P31: 0 | Q31: 0 | R31: 0 | S31: 0 | T31: 0 | U31: 0 | V31: 0 | W31: 0
C32: 29 | D32: Placa de Rede 10/100/1000 PCI-e | E32: Peça | F32: INTELBRAS | G32: 339030.17 | H32: 84.7 | J32: =I32-(SUM(L32:W32)) -> 0 | K32: =IF(J32<0,"ATENÇÃO","OK") -> OK | L32: 0 | M32: 0 | N32: 0 | O32: 0 | P32: 0 | Q32: 0 | R32: 0 | S32: 0 | T32: 0 | U32: 0 | V32: 0 | W32: 0
C33: 30 | D33: Placa de Rede Wireless, PCI-e, com antena externa, compativel com sinal 2,4 Ghz | E33: Peça | F33: INTELBRAS | G33: 339030.17 | H33: 75 | J33: =I33-(SUM(L33:W33)) -> 0 | K33: =IF(J33<0,"ATENÇÃO","OK") -> OK | L33: 0 | M33: 0 | N33: 0 | O33: 0 | P33: 0 | Q33: 0 | R33: 0 | S33: 0 | T33: 0 | U33: 0 | V33: 0 | W33: 0
A34: PERFORM TECNOLOGIA EIRELI EPP | B34: 12 | C34: 31 | D34: Placa de Vídeo PCI express 512 Mb | E34: Peça | F34: POWER COLOR | G34: 339030.17 | H34: 180 | J34: =I34-(SUM(L34:W34)) -> 0 | K34: =IF(J34<0,"ATENÇÃO","OK") -> OK | L34: 0 | M34: 0 | N34: 0 | O34: 0 | P34: 0 | Q34: 0 | R34: 0 | S34: 0 | T34: 0 | U34: 0 | V34: 0 | W34: 0
C35: 32 | D35: Placa de Vídeo 1 Gb Vga/Dvi/Hdmi (pricipalmente com HDMI) | E35: Peça | F35: POWER COLOR | G35: 339030.17 | H35: 150 | J35: =I35-(SUM(L35:W35)) -> 0 | K35: =IF(J35<0,"ATENÇÃO","OK") -> OK | L35: 0 | M35: 0 | N35: 0 | O35: 0 | P35: 0 | Q35: 0 | R35: 0 | S35: 0 | T35: 0 | U35: 0 | V35: 0 | W35: 0
C36: 33 | D36: Placa de Vídeo 2 Gb 256 bits Dual Dvi PCI-e | E36: Peça | F36: GIGABYTE | G36: 339030.17 | H36: 1232.25 | J36: =I36-(SUM(L36:W36)) -> 0 | K36: =IF(J36<0,"ATENÇÃO","OK") -> OK | L36: 0 | M36: 0 | N36: 0 | O36: 0 | P36: 0 | Q36: 0 | R36: 0 | S36: 0 | T36: 0 | U36: 0 | V36: 0 | W36: 0
A37: Deserto | B37: 13 | C37: 34 | D37: Placa mãe Lenovo Socket LGA775 ou compatível FRU-PartNumber 64Y3055 | E37: Peça | G37: 339030.17
C38: 35 | D38: Placa-mãe Lenovo L-A780 ou compatível (socket AM2) p/ computadores Lenovo Thinkcentre A62-7057 | E38: Peça | G38: 339030.17
A39: MM COMÉRCIO DE EQPTOS LTDA ME | B39: 14 | C39: 36 | D39: Spray para limpeza de contatos elétricos e componentes eletrônicos. Embalagem de 300 ml. | E39: Peça | F39: ORBI | G39: 339030.17 | H39: 28.69 | J39: =I39-(SUM(L39:W39)) -> 0 | K39: =IF(J39<0,"ATENÇÃO","OK") -> OK | L39: 0 | M39: 0 | N39: 0 | O39: 0 | P39: 0 | Q39: 0 | R39: 0 | S39: 0 | T39: 0 | U39: 0 | V39: 0 | W39: 0
C40: 37 | D40: Pasta térmica: Condutividade térmica (Wmk) 1,2 Wmk (norma técnica ISSO 8301:1991). Ponto de gota inexistente. | E40: Peça | F40: TEKBOND | G40: 339030.17 | H40: 14.8 | J40: =I40-(SUM(L40:W40)) -> 0 | K40: =IF(J40<0,"ATENÇÃO","OK") -> OK | L40: 0 | M40: 0 | N40: 0 | O40: 0 | P40: 0 | Q40: 0 | R40: 0 | S40: 0 | T40: 0 | U40: 0 | V40: 0 | W40: 0
A41: COMP1 INFORMÁTICA LTDA EPP | B41: 15 | C41: 38 | D41: Fonte de alimentação ATX 2.0 entrada AC com chaveamento automático (110V e 220V), mínimo 430W. | E41: Peça | F41: CASEMALL | G41: 339030.17 | H41: 365 | J41: =I41-(SUM(L41:W41)) -> 0 | K41: =IF(J41<0,"ATENÇÃO","OK") -> OK | L41: 0 | M41: 0 | N41: 0 | O41: 0 | P41: 0 | Q41: 0 | R41: 0 | S41: 0 | T41: 0 | U41: 0 | V41: 0 | W41: 0
C42: 39 | D42: Adaptador para fonte ATX com saída SATA. Permite ligar um disco rígido SATA em um conector de 4 pontos da fonte. | E42: Peça | F42: COLLER MASTER | G42: 339030.17 | H42: 8 | J42: =I42-(SUM(L42:W42)) -> 0 | K42: =IF(J42<0,"ATENÇÃO","OK") -> OK | L42: 0 | M42: 0 | N42: 0 | O42: 0 | P42: 0 | Q42: 0 | R42: 0 | S42: 0 | T42: 0 | U42: 0 | V42: 0 | W42: 0
A43: Deserto | B43: 16 | C43: 40 | D43: Caixas de Som com subwoofer integrado e duas caixas de som, com potência mínima de 600W PMPO, entrada com conector padrão mini-jack e RCA (ou adaptador RCA para mini-jack), tensão de alimentação de 220v. | E43: Peça | G43: 339030.17
C44: 41 | D44: Caixas de Som com 2 canais estéreos amplificados, controle de volume, botão liga/desliga, saída para fone de ouvido estéreo, LED indicador de liga e desliga, 2 w RMS e alimentação 220v (sem uso de transformador externo). | E44: Peça | G44: 339030.17
C45: 42 | D45: Caixa de Som, 1 Subwoofer, 2 caixas Satélites, Potência de saída: 30W RMS, botão iluminado quando ligado, controle de volume, auto Bivolt, dimensões aproximadas: +/- 10 a 15% (Larg x Alt x Prof) 16 x 20 x 20 | E45: Peça | G45: 339030.17
A46: Deserto | B46: 17 | C46: 43 | D46: Fone de ouvido profissional, - Sensibilidade: 98 dB (SPL/mW); - Faixa de frequência: de 10 até 30.000 Hz; - Impedância: 32 Ohms; - Potência Máxima: 300 mW; - Cabo: 2,5 m com conector P2 e adaptador P10 | E46: Peça | G46: 339030.17
C47: 44 | D47: Headset (fones de ouvido com microfone): Escala de frequência 20 a 20000Hz. Sensibilidade 105dB/mW. Impedância 32Ohms. Potência máxima: 100 mW. Tamanho do cabo 1,60m (mínimo). Outras características: fones almofadados e revestidos de borracha. | E47: Peça | G47: 339030.17
A48: COMP1 INFORMÁTICA LTDA EPP | B48: 18 | C48: 45 | D48: WEBCAM PARA COMPUTADOR, PADRÃO DGOV - Diretoria de Governança Eletrônica (Órgão da Secretaria de Estado da Administração do Governo Estadual). Padronização conforme o art. 15, inc. I, da Lei Federal 8.666/1993. Resolução HD 720p; Lente confeccionada em vidro; Formato de imagem 16:9; Foco automático; Microfone incorporado; Porta USB 2.0; Suporte com rotação vertical e horizontal para fixação em monitores de LCD/LED; Compatibilidade com plataformas Ms-Windows 7 e 8. CONDIÇÔES GERAIS a) Garantia de hardware de 1 anos; b) Anexar documentação técnica detalhada oficial do fabricante; c) Indicação no site do fabricante do produto proposto. | E48: Peça | F48: LOGITECH HD | G48: 339030.17 | H48: 200 | I48: 5 | J48: =I48-(SUM(L48:W48)) -> 5 | K48: =IF(J48<0,"ATENÇÃO","OK") -> OK | L48: 0 | M48: 0 | N48: 0 | O48: 0 | P48: 0 | Q48: 0 | R48: 0 | S48: 0 | T48: 0 | U48: 0 | V48: 0 | W48: 0
A49: Deserto | B49: 19 | C49: 46 | D49: Bateria Lítio 3V CR | E49: Peça | G49: 339030.17
A50: MM COMÉRCIO DE EQPTOS LTDA ME | B50: 20 | C50: 47 | D50: Cabo VGA para monitor HDB15 macho HDB15 macho com comprimento de 20 m blindado | E50: Peça | F50: CENTRAL CABOS | G50: 339030.17 | H50: 151.99 | I50: 10 | J50: =I50-(SUM(L50:W50)) -> 10 | K50: =IF(J50<0,"ATENÇÃO","OK") -> OK | L50: 0 | M50: 0 | N50: 0 | O50: 0 | P50: 0 | Q50: 0 | R50: 0 | S50: 0 | T50: 0 | U50: 0 | V50: 0 | W50: 0
C51: 48 | D51: Cabo VGA para monitor HDB15 macho HDB15 macho com comprimento de 15 m blindado | E51: Peça | F51: CENTRAL CABOS | G51: 339030.17 | H51: 170.99 | J51: =I51-(SUM(L51:W51)) -> 0 | K51: =IF(J51<0,"ATENÇÃO","OK") -> OK | L51: 0 | M51: 0 | N51: 0 | O51: 0 | P51: 0 | Q51: 0 | R51: 0 | S51: 0 | T51: 0 | U51: 0 | V51: 0 | W51: 0
C52: 49 | D52: Cabo VGA para monitor HDB15 macho HDB15 macho com comprimento de 2 metros | E52: Peça | F52: CENTRAL CABOS | G52: 339030.17 | H52: 123.85 | J52: =I52-(SUM(L52:W52)) -> 0 | K52: =IF(J52<0,"ATENÇÃO","OK") -> OK | L52: 0 | M52: 0 | N52: 0 | O52: 0 | P52: 0 | Q52: 0 | R52: 0 | S52: 0 | T52: 0 | U52: 0 | V52: 0 | W52: 0
C53: 50 | D53: Cabo HDMI com 3m | E53: Peça | F53: PIX | G53: 339030.17 | H53: 59.65 | I53: 5 | J53: =I53-(SUM(L53:W53)) -> 5 | K53: =IF(J53<0,"ATENÇÃO","OK") -> OK | L53: 0 | M53: 0 | N53: 0 | O53: 0 | P53: 0 | Q53: 0 | R53: 0 | S53: 0 | T53: 0 | U53: 0 | V53: 0 | W53: 0
A54: Deserto | B54: 21 | C54: 51 | D54: Adaptador / Conversor p/ tomadas no novo padrão brasileiro NBR-14136, aceitando plugue macho dois pinos chatos, padrão NEMA, 15A-250V~, plugue macho dois pinos chatos + terra, 15A-250V~, plugue macho dois pinos redondos, 10A-250V~, plugue macho dois pinos redondos + terra, 10A-250V~ | E54: Peça | G54: 339030.26
C55: 52 | D55: Adaptador / Conversor p/ tomadas no padrão antigo (dois pinos chatos + terra), aceitando plugue do padrão atual brasileiro NBR-14136 | E55: Peça | G55: 339030.26
C56: 53 | D56: Filtro de linha com 05 tomadas que aceite o plugue do padrão atual brasileiro NBR-14136, com fusível, chave liga/desliga, indicador luminoso e funcionamento, 220V. | E56: Peça | G56: 339030.26
A57: Deserto | B57: 22 | C57: 54 | D57: Apresentador sem fio com função de emulação de mouse com um apontador eletrônico (laser) para total controle de apresentação (avançar e retroceder transparências, além de abrir e fechar documentos e aplicativos), com um alcance mínimo de 6 metros através de conexão com o PC pela porta USB. | E57: Peça | G57: 449052.35
A58: Deserto | B58: 23 | C58: 55 | D58: LEITOR PARA CÓDIGO, DE BARRAS, Leitor Código Barras para porta Usb, com cabo. Velocidade 100 leituras/segundo, Peso 120 g (±10 g), Dimensões 81 mm x 63.5mm e 179 mm e Interfaces USB e Teclado. Características Técnicas: Fonte de luz LED Vermelho 632 nm, Sensor Linear CCD, Ângulo de leitura Lateral ± 25° (±5°) e Frontal 10°~40° (±5°), Profundidade do campo 60 mm, Processador C8051, Resistência a queda 1,5 m. Cabo padrão 1,5 m (±5 cm). Características Ambientais: Temperatura de operação 0ºC a 50ºC, Luz ambiente Lâmpada Fluorescente 5000 Lux Max. / Luz Solar 1500 Lux Max. Características Elétricas: Tensão de entrada + 5V +/- 5% Operação 120 mA (USB) Códigos lidos All UPC/EAN/JAN, EAN128 Code, Code 39, Code 39 Full ASCII, Code32 / Italian Pharmacy, Code 128, CODABAR/NW7, Interleave 25, Industrial 25, Matrix 25, MSI/PLESSEY, Telepen, Code 93, Code 11, China Postage, Code 26, LCD25 e GS1 DataBar Códigos pré-programados All UPC/EAN/JAN, EAN128 Code, Code 39, Code 128, CODABAR/NW7, Interleave 25. Garantia de um ano | E58: Peça | G58: 449052.35
C59: 56 | D59: Leitores de código de barras, conexão usb: Elemento foto detetor: CCD (Charge Coupled Device) de 2048 elementos; Fonte de luz: LEDs, luz vermelha, 660 nm; Velocidade de leitura: 100 varreduras por segundo; Contraste mínimo de impressão dos códigos: 45%; Profundidade de campo: de 0 a 20 mm; Largura da janela de leitura: 82 mm; Largura mínima dos elementos dos códigos (resolução): 0,1 mm; Rejeição à luz ambiente: 1.500 Lux; Padrões de códigos de barras lidos: EAN, UPC, 39, 128, 93, 2 de 5 intercalado; Indicadores de leituras bem sucedidas: Visual (Led) e Sonoro (Beep); Programação: Através do manual ou através do seu Exclusivo programa utilitário; Atualização de Firmware: Por software, pelo próprio usuário; Tensão de alimentação: 5 Vcc +/- 10%; Consumo máximo: 120 mA; Temperatura de operação: de 0 a 50º C; Temperatura de armazenagem: de -10 a 60º C; Umidade tolerável: de 5% até 95% não condensado; Material do corpo: ABS de alto impacto, nas versões bege ou preto; Resistência a quedas: 1,00 metro sobre superfície de concreto; Dimensões físicas (máximas): 180 x 83 x 30 mm; Cabo para conexão USB | G59: 449052.35
C60: 57 | D60: Leitor de código de barras Laser - Fonte de luz Diodo de luz visível de no mínimo 650 nm + 10 nm, Potência do Laser aproximado de 0,96 mW (pico), Profundidade de campo de 0 a 203 mm para códigos de barras de 13 mils, Largura de campo mínimas de 64 mm na face e 249 mm a 203 mm de distância, velocidade de varredura mínima de 72 + 2 varreduras por segundo (bidirecional), padrão de varredura de uma linha, barra mínima de leitura de 5 mils, ativação por infravermelho, longa distância: 0 a 279 mm, curta distância: 0 a 102 mm. Capacidade de decodificação: Auto-discrimina todos os padrões. Interfaceamento RS232C, Teclado PC/AT, Teclado Stand Alone, OCIA, IBM 468X/469X. Contraste 35% mínimo de reflectância. Número de caracteres a ser lido até 80 caracteres Roll, Pitch, Yaw 42º, 68º, 52º . Sinal sonoro 7 tons ou sem sinal. Indicador luminoso Verde: laser ligado, pronto para ler - Vermelho: Boa leitura - Amarelo: (somente o MS9540) = CodeGate ativo. Tensão de entrada de 5 VDC + 0,25 V Potência em operação de aproximadamente 825 mW, Potência em repouso de 600 mW Transformador para DC classe 2; 5.2 VDC @ 650 mA. Classe do laser: CDRH: Classe II; EN60825-1:1994/A11:1996 Classe 1 EMC FCC Classe B. Garantia de fábica de no mínimo 3 anos. | E60: Peça | G60: 449052.35
A61: Deserto | B61: 24 | C61: 58 | D61: LUPA ELETRONICA, TIPO MOUSE, Reproduz as imagens em vídeo normal ou reverso (letra preta, fundo branco ou letra branca, fundo preto). Amplia até 30x em TV de 20''. Ampliador eletrônico de imagem com inversão de contraste. Aumento de 15x a 15x dependendo do tamanho da tela. Bivolt. Aparelho Pb | E61: Peça | G61: 449052.35
A62: Deserto | B62: 25 | C62: 59 | D62: ESTABILIZADOR DE TENSAO, POTENCIA NOMINAL: 1000VA, Tensão de Entrada bivolt (115/220V); Tensão de saída: 115V; Potência nominal: 1000VA; Potência contínua: 1000W; Microprocessado; Filtro de linha integrado; Regulação true RMS; Gabinete em Metal e/ou ABS antichamas; Sinalização visual via led indicado modo de operação da rede; Chave liga/desliga frontal embutida; Mínimo 5 tomadas saída padrão NBR 14136; Cabo de força de entrada padrão NBR 14136 com no mínimo 60cm de comprimento; Proteção de curto circuito; Proteção de surtos de tensão; Proteção sub/sobretensão de rede com desligamento e rearme automático; Proteção de sobre aquecimento; Proteção sobrecarga; Porta fusível externo com uma unidade reserva; Atender a norma NBR 14.373:2006; 3 anos de garantia no mínimo | E62: Peça | G62: 449052.30
C63: 60 | D63: TRANSFORMADOR ESTABILIZADOR DE TENSAO, COM 220/110VOLTS, PADRÃO DGOV - Diretoria de Governança Eletrônica (Órgão da Secretaria de Estado da Administração do Governo Estadual). Padronização conforme o art. 15, inc. I, da Lei Federal 8.666/1993.Potência de saída 600 W; Tensão de entrada de 110VAC ±15 % e 220VAC ±15 %, monofásica, fase/neutro/terra; Frequência de entrada 60 Hz ±5%; Tensão de saída senoidal 220VAC ±6 %, monofásica, fase/neutro/terra; Frequência de saída 60 Hz ± 0,05%; Rendimento de 90%; Fator de potência de saída 0,90; Indicadores de nível de energia; Proteção contra curto circuito, subtensão, sobretensão; Ruído acústico a um metro de distância, menor que 75db (DIN 45635); Gabinete plastico anti-chamas; 4 tomadas de saída padrão NBR141362002; Homologação INMETRO. CONDIÇÔES GERAIS: a) Garantia de hardware do tipo on-site de 3 anos, realizada por empresa autorizada oficialmente pelo fabricante, com tempo de solução em até cinco dias; b) Anexar documentação técnica detalhada oficial do fabricante; c) Indicação no site do fabricante do produto proposto. | E63: Peça | G63: 449052.30
C64: 61 | D64: Nobreak 220 volts que suporte CPU, Projetor 283 w e caixa de som 150 w, com autonomia em torno de uma hora e trinta minutos, recarga automática das baterias, mesmo com o nobreak desligado, leds coloridos no painel frontal para indicar as condições de funcionamento do nobreak (modo rede, modo inversor/bateria, final de autonomia, entre outras), alarme audiovisual para sinalizar eventos como queda de rede e fim do tempo de autonomia, entre outros, garantia de, no mínimo, 12 meses, realizada por empresa autorizada oficialmente pelo fabricante, com tempo de solução em até cinco dias e assistência técnica na região, anexar documentação técnica detalhada oficial do fabricante e indicação no site do fabricante do produto proposto. | E64: Peça | G64: 449052.30
A65: Deserto | B65: 26 | C65: 62 | D65: MULTIMETRO: DIGITAL PORTATIL, Display máximo: 3 ½ dígitos 1999 máx; Tamanho do display: 65×45mm; Principais Características: - Corrente continua e alternada; - Sistema de proteção total contra sobrecarga; - Dispensa qualquer outro aparelho de medição de tensão elétrica; - Precisão é garantida, 23 °C ±, menos do que 80% umidade relativa; Descrição: - Leitura de display 1999; - Sistema de proteção sobre carga; - Compacto para medição de voltagem; - DC e AC, corrente DC, resistência e diodo; - Medição de transistores e teste funcional de continuidade; Dados Técnicos: DVC:220mv-1000v; - ACV:200V-750V; - DCA:200µa-10A; - OHM:200-2000k; - HFE: Sim; - Teste de Diodo: Sim; - Aviso Sonoro: Sim; - Onda Quadrada O/P: Sim; - Leitura Display: 1999 | E65: Peça | G65: 339030.42
A66: Deserto | B66: 27 | C66: 63 | D66: Kit Profissional de Ferramentas - Kit composto por 20 ferramentas. - Ideal para pequenos serviços de manutenções a PCs. - Todas as ferramentas são desmagnetizadas. - Prático estojo com zíper para armazenagem de forma organizada. - Compartimentos individuais para cada ferramenta no estojo. - Material feito em couro sintético. - Ferramenta em ferro de solda 127V CA com potência de 30W. | E66: Peça | G66: 339030.42
A67: Deserto | B67: 28 | C67: 64 | D67: Fonte de alimentação ATX 2.0 entrada AC com chaveamento automático (110V e 220V), mínimo 300W compatível com Computador Compaq 6005 Pro Microtower PC | E67: Peça | G67: 339030.17
C68: 65 | D68: Processador Phenon II X4 compatível com Placa Mãe HP 531966-001 503335-001 | E68: Peça | G68: 339030.17
C69: 66 | D69: Placa Mãe HP 531966-001 503335-001 ou modelo mais novo compatível com HP 6005 Pro Microtower com processador AMD | E69: Peça | G69: 339030.17
A70: Deserto | B70: 29 | C70: 67 | D70: Drive gravador CD/DVD 12x/48X. Interface, SATA, tipo interno. Cor: preto fosco. Velocidade de gravação DVD-R 24x, DVD-R DL 8x, CD-RW 6x. | E70: Peça | G70: 339030.17
A71: Deserto | B71: 30 | C71: 68 | D71: Adaptador USB Wireless. Taxa de transmissão de até 300 Mbps, faixa de frequencia 2,4 GHz, padrões wirless IEEE 802.11b, g, n. Segurança wirless WEP de 64/128 bit. WPA-PSK, WPA WPA 2, Antena interna. | E71: Peça | G71: 339030.17
A72: MM COMÉRCIO DE EQPTOS LTDA ME | B72: 31 | C72: 69 | D72: Mesa digitalizadora, Área Ativa para Caneta: 15,2 x 9,5 cm (6” x 3,7”), Dimensões (CxLxA): 21 x 17,8 x 1 cm (8,25” x 7” x 0,4”), Interface: USB, Tecnologia da caneta sem fio e sem pilhas, Precisão caneta : +/- 0.5 mm, Níveis de sensibilidade à pressão: 1024, Resolução: 2.540 lpi, ExpressKeys: 4 teclas personalizáveis, Sem fio suporte, Tablet de design ambidestro, Anéis de identificação de cores e marcas, Plataforma do Computador: PC & Mac | E72: Peça | F72: WACOM | G72: 449052.35 | H72: 399.54 | J72: =I72-(SUM(L72:W72)) -> 0 | K72: =IF(J72<0,"ATENÇÃO","OK") -> OK | L72: 0 | M72: 0 | N72: 0 | O72: 0 | P72: 0 | Q72: 0 | R72: 0 | S72: 0 | T72: 0 | U72: 0 | V72: 0 | W72: 0
A73: FABRICIO SONCINI EQPTOS DE INFORMÁTICA ME | B73: 32 | C73: 70 | D73: HD SATA II 500GB 7200RPM SFF Hot-Plug para servidor HP Proliant ML350 G6 | E73: Peça | F73: HP | G73: 339030.17 | H73: 1993 | J73: =I73-(SUM(L73:W73)) -> 0 | K73: =IF(J73<0,"ATENÇÃO","OK") -> OK | L73: 0 | M73: 0 | N73: 0 | O73: 0 | P73: 0 | Q73: 0 | R73: 0 | S73: 0 | T73: 0 | U73: 0 | V73: 0 | W73: 0
A74: Deserto | B74: 33 | C74: 71 | D74: Fonte Redundante Kit 750W para servidor HP Proliant ML350 G6 | E74: Peça | G74: 339030.17
A75: FABRICIO SONCINI EQPTOS DE INFORMÁTICA ME | B75: 34 | C75: 72 | D75: Memória 2GB (1x2GB) PC3-10600R DDR3 RDIMM para servidor HP Proliant ML350 G6 | E75: Peça | F75: HP | G75: 339030.17 | H75: 848 | J75: =I75-(SUM(L75:W75)) -> 0 | K75: =IF(J75<0,"ATENÇÃO","OK") -> OK | L75: 0 | M75: 0 | N75: 0 | O75: 0 | P75: 0 | Q75: 0 | R75: 0 | S75: 0 | T75: 0 | U75: 0 | V75: 0 | W75: 0
A76: Deserto | B76: 35 | C76: 73 | D76: HP Ventilador Redundante p/ ML350G6 para servidor HP Proliant ML350 G6 | E76: Peça | G76: 339030.17
A77: Deserto | B77: 36 | C77: 74 | D77: HP Kit de Conversão Torre p/ Rack p/ ML350G6 para servidor HP Proliant ML350 G6 | E77: Peça | G77: 339030.17
A78: Deserto | B78: 37 | C78: 75 | D78: Processador Intel XEON E5504 2.0GHz para servidor HP Proliant ML350 G6 | E78: Peça | G78: 339030.17
A79: Deserto | B79: 38 | C79: 76 | D79: StorageWorks RDX Removable Disk Backup System HP para servidor HP Proliant ML350 G6 | E79: Peça | G79: 339030.17
A80: Deserto | B80: 39 | C80: 77 | D80: Disco Rígido 3TB NL-SAS 7.2K RPM PN: 02359092 Marca: Huawei. Deverá apresentar declaração do fabricante comprovando compatibilidade do disco rígido com o Storage OceanStor S2600T. Deve ser instalado, por um técnico certificado do fabricante (anexar comprovação), no Storage OceanStor S2600T da FAED e disponibilizado seu espaço de armazenamento no servidor de arquivos. | E80: Peça | G80: 339030.17
D82: Lote 9 - Infrutífero
D83: Lotes 10, 13, 16, 17, 19, 21 ao 30, 33, 35 ao 39 - Desertos
D84: Prazos de entrega e pagamento conforme Termo de Referência

Sheet CEAD
A1: PROCESSO: 0759/2015/UDESC | D1: OBJETO: AQUISIÇÃO DE PEÇAS INCORPORÁVEIS AO COMPUTADOR PARA A UDESC | I1: VIGÊNCIA DA ATA: 21/09/2015 até 20/09/2016 | L1: AF/OS nº 2074/2015 Qtde. DT | M1: AF/OS nº 2104/2015 Qtde. DT | N1: AF/OS nº 2188/2015 Qtde. DT | O1: AF/OS nº 2193/2015 Qtde. DT | P1: AF/OS nº 2196/2015 Qtde. DT | Q1: AF/OS nº xxxx/2015 Qtde. DT | R1: AF/OS nº xxxx/2015 Qtde. DT | S1: AF/OS nº xxxx/2015 Qtde. DT | T1: AF/OS nº xxxx/2015 Qtde. DT | U1: AF/OS nº xxxx/2015 Qtde. DT | V1: AF/OS nº xxxx/2015 Qtde. DT | W1: AF/OS nº xxxx/2015 Qtde. DT
A2: CENTRO PARTICIPANTE: CEAD
A3: FORNECEDOR | B3: LOTE | C3: ITEM | D3: PRODUTO - CARACTERÍSTICAS MÍNIMAS | E3: UNIDADE | F3: MARCA | G3: DETALHAMENTO | H3: Preço UNITÁRIO (R$) | I3: Qtde Registrada | J3: Saldo / Automático | K3: ALERTA | L3: 42312 | M3: 42313 | N3: 42325 | O3: 42325 | P3: 42325 | Q3: ...../...../...... | R3: ...../...../...... | S3: ...../...../...... | T3: ...../...../...... | U3: ...../...../...... | V3: ...../...../...... | W3: ...../...../......
A4: RICARL DISTRIBUIDORA EIRELI ME | B4: 1 | C4: 1 | D4: Conjunto de 4 pilhas recarregáveis do tipo NiMH, tamanho AA de 2700 mAh. | E4: Peça | F4: ELGIM | G4: 339030.26 | H4: 42.01 | I4: 2 | J4: =I4-(SUM(L4:W4)) -> 0 | K4: =IF(J4<0,"ATENÇÃO","OK") -> OK | L4: 0 | M4: 0 | N4: 0 | O4: 2 | P4: 0 | Q4: 0 | R4: 0 | S4: 0 | T4: 0 | U4: 0 | V4: 0 | W4: 0
C5: 2 | D5: Conjunto de 4 pilhas recarregáveis do tipo NiMH, tamanho AAA. | E5: Peça | F5: ELGIM | G5: 339030.26 | H5: 18.62 | I5: 2 | J5: =I5-(SUM(L5:W5)) -> 0 | K5: =IF(J5<0,"ATENÇÃO","OK") -> OK | L5: 0 | M5: 0 | N5: 0 | O5: 2 | P5: 0 | Q5: 0 | R5: 0 | S5: 0 | T5: 0 | U5: 0 | V5: 0 | W5: 0
C6: 3 | D6: Carregador Rápido de Baterias AA e AAA, Carga total em 3h, potência de Carga 2100 mAh | E6: Peça | F6: SONY | G6: 339030.26 | H6: 95 | J6: =I6-(SUM(L6:W6)) -> 0 | K6: =IF(J6<0,"ATENÇÃO","OK") -> OK | L6: 0 | M6: 0 | N6: 0 | O6: 0 | P6: 0 | Q6: 0 | R6: 0 | S6: 0 | T6: 0 | U6: 0 | V6: 0 | W6: 0
A7: FABRICIO SONCINI EQPTOS DE INFORMÁTICA ME | B7: 2 | C7: 4 | D7: HD SATA II - capacidade 500 Gb, 7200 RPM, 3.0 Gb/s com tecnologia S.M.A.R.T. Com cabos de força e comunicação. | E7: Peça | F7: SEAGATE | G7: 339030.17 | H7: 250 | J7: =I7-(SUM(L7:W7)) -> 0 | K7: =IF(J7<0,"ATENÇÃO","OK") -> OK | L7: 0 | M7: 0 | N7: 0 | O7: 0 | P7: 0 | Q7: 0 | R7: 0 | S7: 0 | T7: 0 | U7: 0 | V7: 0 | W7: 0
C8: 5 | D8: HD SATA II - capacidade 1 Tb, 7200 RPM, 3.0 Gb/s com tecnologia S.M.A.R.T. Com cabos de força e comunicação. | E8: Peça | F8: SEAGATE | G8: 339030.17 | H8: 360.08 | J8: =I8-(SUM(L8:W8)) -> 0 | K8: =IF(J8<0,"ATENÇÃO","OK") -> OK | L8: 0 | M8: 0 | N8: 0 | O8: 0 | P8: 0 | Q8: 0 | R8: 0 | S8: 0 | T8: 0 | U8: 0 | V8: 0 | W8: 0
C9: 6 | D9: HD SATA II - capacidade 2 Tb, 7200 RPM, 3.0 Gb/s com tecnologia S.M.A.R.T. Com cabos de força e comunicação. | E9: Peça | F9: SEAGATE | G9: 339030.17 | H9: 558 | J9: =I9-(SUM(L9:W9)) -> 0 | K9: =IF(J9<0,"ATENÇÃO","OK") -> OK | L9: 0 | M9: 0 | N9: 0 | O9: 0 | P9: 0 | Q9: 0 | R9: 0 | S9: 0 | T9: 0 | U9: 0 | V9: 0 | W9: 0
A10: BEE2B INFORMÁTICA LTDA ME | B10: 3 | C10: 7 | D10: HD Externo de 500 Gb com interface USB 3.0, alimentação via USB, LED indicativo de funcionamento, taxa de transferência de 480 Mbps, incluso cabo de conexão USB. | E10: Peça | F10: WD | G10: 449052.35 | H10: 326.43 | J10: =I10-(SUM(L10:W10)) -> 0 | K10: =IF(J10<0,"ATENÇÃO","OK") -> OK | L10: 0 | M10: 0 | N10: 0 | O10: 0 | P10: 0 | Q10: 0 | R10: 0 | S10: 0 | T10: 0 | U10: 0 | V10: 0 | W10: 0
C11: 8 | D11: HD Externo de 1 Tb com interface USB 3.0, alimentação via USB, LED indicativo de funcionamento, taxa de transferência de 480 Mbps, incluso cabo de conexão USB. | E11: Peça | F11: SEAGATE | G11: 449052.35 | H11: 414.2 | I11: 1 | J11: =I11-(SUM(L11:W11)) -> 0 | K11: =IF(J11<0,"ATENÇÃO","OK") -> OK | L11: 0 | M11: 0 | N11: 0 | O11: 0 | P11: 1 | Q11: 0 | R11: 0 | S11: 0 | T11: 0 | U11: 0 | V11: 0 | W11: 0
C12: 9 | D12: HD Externo de 2 Tb com interface USB 3.0, alimentação via USB, LED indicativo de funcionamento, taxa de transferência de 480 Mbps, incluso cabo de conexão USB. | E12: Peça | F12: TOSHIBA | G12: 449052.35 | H12: 552.83 | I12: 1 | J12: =I12-(SUM(L12:W12)) -> 0 | K12: =IF(J12<0,"ATENÇÃO","OK") -> OK | L12: 0 | M12: 0 | N12: 0 | O12: 0 | P12: 1 | Q12: 0 | R12: 0 | S12: 0 | T12: 0 | U12: 0 | V12: 0 | W12: 0
A13: RICARL DISTRIBUIDORA EIRELI ME | B13: 4 | C13: 10 | D13: Pen Drive 64 Gb USB 3.0 | E13: Peça | F13: SANDISK | G13: 339030.17 | H13: 189.3 | I13: 2 | J13: =I13-(SUM(L13:W13)) -> 0 | K13: =IF(J13<0,"ATENÇÃO","OK") -> OK | L13: 0 | M13: 0 | N13: 0 | O13: 2 | P13: 0 | Q13: 0 | R13: 0 | S13: 0 | T13: 0 | U13: 0 | V13: 0 | W13: 0
C14: 11 | D14: Pen Drive 32 Gb USB 3.0 | E14: Peça | F14: SANDISK | G14: 339030.17 | H14: 105 | J14: =I14-(SUM(L14:W14)) -> 0 | K14: =IF(J14<0,"ATENÇÃO","OK") -> OK | L14: 0 | M14: 0 | N14: 0 | O14: 0 | P14: 0 | Q14: 0 | R14: 0 | S14: 0 | T14: 0 | U14: 0 | V14: 0 | W14: 0
C15: 12 | D15: Pen Drive 16 Gb USB 3.0 | E15: Peça | F15: SANDISK | G15: 339030.17 | H15: 68 | I15: 30 | J15: =I15-(SUM(L15:W15)) -> 20 | K15: =IF(J15<0,"ATENÇÃO","OK") -> OK | L15: 0 | M15: 0 | N15: 0 | O15: 10 | P15: 0 | Q15: 0 | R15: 0 | S15: 0 | T15: 0 | U15: 0 | V15: 0 | W15: 0
A16: FABRICIO SONCINI EQPTOS DE INFORMÁTICA ME | B16: 5 | C16: 13 | D16: Pente de Memória 4 Gb DDR3-1066 | E16: Peça | F16: MARKVISION | G16: 339030.17 | H16: 197.64 | J16: =I16-(SUM(L16:W16)) -> 0 | K16: =IF(J16<0,"ATENÇÃO","OK") -> OK | L16: 0 | M16: 0 | N16: 0 | O16: 0 | P16: 0 | Q16: 0 | R16: 0 | S16: 0 | T16: 0 | U16: 0 | V16: 0 | W16: 0
C17: 14 | D17: Pente de Memória 4 Gb DDR2-800 | E17: Peça | F17: KINGSTON | G17: 339030.17 | H17: 269 | J17: =I17-(SUM(L17:W17)) -> 0 | K17: =IF(J17<0,"ATENÇÃO","OK") -> OK | L17: 0 | M17: 0 | N17: 0 | O17: 0 | P17: 0 | Q17: 0 | R17: 0 | S17: 0 | T17: 0 | U17: 0 | V17: 0 | W17: 0
C18: 15 | D18: Pente de Memória 2 Gb DDR2-667 | E18: Peça | F18: KINGSTON | G18: 339030.17 | H18: 133.11 | I18: 20 | J18: =I18-(SUM(L18:W18)) -> 0 | K18: =IF(J18<0,"ATENÇÃO","OK") -> OK | L18: 0 | M18: 0 | N18: 20 | O18: 0 | P18: 0 | Q18: 0 | R18: 0 | S18: 0 | T18: 0 | U18: 0 | V18: 0 | W18: 0
A19: BEE2B INFORMÁTICA LTDA ME | B19: 6 | C19: 16 | D19: Processador AMD Athlon 64 X2 2.6 Ghz (5000B / Socket AM2) | E19: Peça | F19: ATHLON | G19: 339030.17 | H19: 435.95 | J19: =I19-(SUM(L19:W19)) -> 0 | K19: =IF(J19<0,"ATENÇÃO","OK") -> OK | L19: 0 | M19: 0 | N19: 0 | O19: 0 | P19: 0 | Q19: 0 | R19: 0 | S19: 0 | T19: 0 | U19: 0 | V19: 0 | W19: 0
C20: 17 | D20: Processador Intel Core 2 Duo 3 Ghz ou superior compatível com o socket LGA775 | E20: Peça | F20: INTEL | G20: 339030.17 | H20: 486.86 | J20: =I20-(SUM(L20:W20)) -> 0 | K20: =IF(J20<0,"ATENÇÃO","OK") -> OK | L20: 0 | M20: 0 | N20: 0 | O20: 0 | P20: 0 | Q20: 0 | R20: 0 | S20: 0 | T20: 0 | U20: 0 | V20: 0 | W20: 0
A21: MM COMÉRCIO DE EQPTOS LTDA ME | B21: 7 | C21: 18 | D21: Apoio de punho (teclado) ergonômico em gel. | E21: Peça | F21: PISC | G21: 339030.17 | H21: 41.09 | J21: =I21-(SUM(L21:W21)) -> 0 | K21: =IF(J21<0,"ATENÇÃO","OK") -> OK | L21: 0 | M21: 0 | N21: 0 | O21: 0 | P21: 0 | Q21: 0 | R21: 0 | S21: 0 | T21: 0 | U21: 0 | V21: 0 | W21: 0
C22: 19 | D22: Mouse pad com apoio ergonômico de gel | E22: Peça | F22: PISC | G22: 339030.17 | H22: 25.92 | I22: 50 | J22: =I22-(SUM(L22:W22)) -> 0 | K22: =IF(J22<0,"ATENÇÃO","OK") -> OK | L22: 0 | M22: 50 | N22: 0 | O22: 0 | P22: 0 | Q22: 0 | R22: 0 | S22: 0 | T22: 0 | U22: 0 | V22: 0 | W22: 0
A23: BEE2B INFORMÁTICA LTDA ME | B23: 8 | C23: 20 | D23: Mouse Wireless com Apontador Laser ( Mouse Laser Bluetooth, Apresentador de Slides, Apontador Laser e Controle Remoto de Multimídia), com botão Ligar/Desligar, conexão Bluetooth de 2.4 Ghz, com estojo. | E23: Peça | F23: MICROSOFT | G23: 339030.17 | H23: 180 | J23: =I23-(SUM(L23:W23)) -> 0 | K23: =IF(J23<0,"ATENÇÃO","OK") -> OK | L23: 0 | M23: 0 | N23: 0 | O23: 0 | P23: 0 | Q23: 0 | R23: 0 | S23: 0 | T23: 0 | U23: 0 | V23: 0 | W23: 0
C24: 21 | D24: Mouse USB preto (óptico 3 botões net scroll), (não o optomecânico) | E24: Peça | F24: LEADER TECH | G24: 339030.17 | H24: 15.5 | J24: =I24-(SUM(L24:W24)) -> 0 | K24: =IF(J24<0,"ATENÇÃO","OK") -> OK | L24: 0 | M24: 0 | N24: 0 | O24: 0 | P24: 0 | Q24: 0 | R24: 0 | S24: 0 | T24: 0 | U24: 0 | V24: 0 | W24: 0
C25: 22 | D25: Teclado Wireless, padrão ABNT II Português; teclas com funções internet e multimídia; botão de rolagem no teclado (scroll); teclas de atalho para a função office; 256 endereços de Ids por canal; tecnologia RF (rádio frequência) amplo ângulo de transmissão de sinal; com apoio para pulso, previne L.E.R. | E25: Peça | F25: MULTILASER | G25: 339030.17 | H25: 152 | J25: =I25-(SUM(L25:W25)) -> 0 | K25: =IF(J25<0,"ATENÇÃO","OK") -> OK | L25: 0 | M25: 0 | N25: 0 | O25: 0 | P25: 0 | Q25: 0 | R25: 0 | S25: 0 | T25: 0 | U25: 0 | V25: 0 | W25: 0
C26: 23 | D26: Teclado USB preto Padrão ABNT2 | E26: Peça | F26: MULTILASER | G26: 339030.17 | H26: 27 | J26: =I26-(SUM(L26:W26)) -> 0 | K26: =IF(J26<0,"ATENÇÃO","OK") -> OK | L26: 0 | M26: 0 | N26: 0 | O26: 0 | P26: 0 | Q26: 0 | R26: 0 | S26: 0 | T26: 0 | U26: 0 | V26: 0 | W26: 0
A27: Infrutífero | B27: 9 | C27: 24 | D27: Mini-teclado numérico USB para PC, interface USB, cor preto, Comprimento do cabo de 1,80 m ou mais, dimensões 110/75/10 mm (Prof/Larg/Alt), fonte de alimentação PC / via USB, compatibilidade com Windows 2000 Windows 98 (SE) Windows ME Windows XP e com teclas de zero a 9 | E27: Peça | G27: 339030.17
C28: 25 | D28: Teclado PIN para senha 12 teclas com conexão para teclado, com display. | E28: Peça | G28: 339030.17
C29: 26 | D29: Teclado PIN: Mini-teclado numérico USB para desktops e notebooks. Função numérica e matemática com as quatro principais operações. Teclado formato slim com teclas e base finas. Tecla backspace para correção e Enter. | E29: Peça | G29: 339030.17
A30: Deserto | B30: 10 | C30: 27 | D30: Placa de Som PCI-e Creative Sound Blaster Audigy Rx, Processador de áudio: Creative E-MU, Relação Sinal para ruído (SNR): 106dB, Opções de conectividade (principais), Headphone Saída: 1 x 3.5mm jack compartilhada com Saída Frontal, Saída de linha: 1 x 3.5mm jack (Saída Frontal) 1 x 3.5mm jack (Rear / Side R) 1 x 3.5mm jack (C / Sub / Side L), Entrada de linha: 1 x 3,5 mm jack, Entrada de microfone: 2 x 3,5 mm jack, Saída ótica: 1 x TOSLINK, Amplificador dos fones de ouvido: Até 600 Ohms | E30: Peça | G30: 339030.17
A31: PERFORM TECNOLOGIA EIRELI EPP | B31: 11 | C31: 28 | D31: Placa de Rede 10/100/1000 PCI | E31: Peça | F31: INTELBRAS | G31: 339030.17 | H31: 65 | I31: 10 | J31: =I31-(SUM(L31:W31)) -> 10 | K31: =IF(J31<0,"ATENÇÃO","OK") -> OK | L31: 0 | M31: 0 | N31: 0 | O31: 0 | P31: 0 | Q31: 0 | R31: 0 | S31: 0 | T31: 0 | U31: 0 | V31: 0 | W31: 0
C32: 29 | D32: Placa de Rede 10/100/1000 PCI-e | E32: Peça | F32: INTELBRAS | G32: 339030.17 | H32: 84.7 | J32: =I32-(SUM(L32:W32)) -> 0 | K32: =IF(J32<0,"ATENÇÃO","OK") -> OK | L32: 0 | M32: 0 | N32: 0 | O32: 0 | P32: 0 | Q32: 0 | R32: 0 | S32: 0 | T32: 0 | U32: 0 | V32: 0 | W32: 0
C33: 30 | D33: Placa de Rede Wireless, PCI-e, com antena externa, compativel com sinal 2,4 Ghz | E33: Peça | F33: INTELBRAS | G33: 339030.17 | H33: 75 | J33: =I33-(SUM(L33:W33)) -> 0 | K33: =IF(J33<0,"ATENÇÃO","OK") -> OK | L33: 0 | M33: 0 | N33: 0 | O33: 0 | P33: 0 | Q33: 0 | R33: 0 | S33: 0 | T33: 0 | U33: 0 | V33: 0 | W33: 0
A34: PERFORM TECNOLOGIA EIRELI EPP | B34: 12 | C34: 31 | D34: Placa de Vídeo PCI express 512 Mb | E34: Peça | F34: POWER COLOR | G34: 339030.17 | H34: 180 | J34: =I34-(SUM(L34:W34)) -> 0 | K34: =IF(J34<0,"ATENÇÃO","OK") -> OK | L34: 0 | M34: 0 | N34: 0 | O34: 0 | P34: 0 | Q34: 0 | R34: 0 | S34: 0 | T34: 0 | U34: 0 | V34: 0 | W34: 0
C35: 32 | D35: Placa de Vídeo 1 Gb Vga/Dvi/Hdmi (pricipalmente com HDMI) | E35: Peça | F35: POWER COLOR | G35: 339030.17 | H35: 150 | J35: =I35-(SUM(L35:W35)) -> 0 | K35: =IF(J35<0,"ATENÇÃO","OK") -> OK | L35: 0 | M35: 0 | N35: 0 | O35: 0 | P35: 0 | Q35: 0 | R35: 0 | S35: 0 | T35: 0 | U35: 0 | V35: 0 | W35: 0
C36: 33 | D36: Placa de Vídeo 2 Gb 256 bits Dual Dvi PCI-e | E36: Peça | F36: GIGABYTE | G36: 339030.17 | H36: 1232.25 | J36: =I36-(SUM(L36:W36)) -> 0 | K36: =IF(J36<0,"ATENÇÃO","OK") -> OK | L36: 0 | M36: 0 | N36: 0 | O36: 0 | P36: 0 | Q36: 0 | R36: 0 | S36: 0 | T36: 0 | U36: 0 | V36: 0 | W36: 0
A37: Deserto | B37: 13 | C37: 34 | D37: Placa mãe Lenovo Socket LGA775 ou compatível FRU-PartNumber 64Y3055 | E37: Peça | G37: 339030.17
C38: 35 | D38: Placa-mãe Lenovo L-A780 ou compatível (socket AM2) p/ computadores Lenovo Thinkcentre A62-7057 | E38: Peça | G38: 339030.17
A39: MM COMÉRCIO DE EQPTOS LTDA ME | B39: 14 | C39: 36 | D39: Spray para limpeza de contatos elétricos e componentes eletrônicos. Embalagem de 300 ml. | E39: Peça | F39: ORBI | G39: 339030.17 | H39: 28.69 | J39: =I39-(SUM(L39:W39)) -> 0 | K39: =IF(J39<0,"ATENÇÃO","OK") -> OK | L39: 0 | M39: 0 | N39: 0 | O39: 0 | P39: 0 | Q39: 0 | R39: 0 | S39: 0 | T39: 0 | U39: 0 | V39: 0 | W39: 0
C40: 37 | D40: Pasta térmica: Condutividade térmica (Wmk) 1,2 Wmk (norma técnica ISSO 8301:1991). Ponto de gota inexistente. | E40: Peça | F40: TEKBOND | G40: 339030.17 | H40: 14.8 | J40: =I40-(SUM(L40:W40)) -> 0 | K40: =IF(J40<0,"ATENÇÃO","OK") -> OK | L40: 0 | M40: 0 | N40: 0 | O40: 0 | P40: 0 | Q40: 0 | R40: 0 | S40: 0 | T40: 0 | U40: 0 | V40: 0 | W40: 0
A41: COMP1 INFORMÁTICA LTDA EPP | B41: 15 | C41: 38 | D41: Fonte de alimentação ATX 2.0 entrada AC com chaveamento automático (110V e 220V), mínimo 430W. | E41: Peça | F41: CASEMALL | G41: 339030.17 | H41: 365 | J41: =I41-(SUM(L41:W41)) -> 0 | K41: =IF(J41<0,"ATENÇÃO","OK") -> OK | L41: 0 | M41: 0 | N41: 0 | O41: 0 | P41: 0 | Q41: 0 | R41: 0 | S41: 0 | T41: 0 | U41: 0 | V41: 0 | W41: 0
C42: 39 | D42: Adaptador para fonte ATX com saída SATA. Permite ligar um disco rígido SATA em um conector de 4 pontos da fonte. | E42: Peça | F42: COLLER MASTER | G42: 339030.17 | H42: 8 | J42: =I42-(SUM(L42:W42)) -> 0 | K42: =IF(J42<0,"ATENÇÃO","OK") -> OK | L42: 0 | M42: 0 | N42: 0 | O42: 0 | P42: 0 | Q42: 0 | R42: 0 | S42: 0 | T42: 0 | U42: 0 | V42: 0 | W42: 0
A43: Deserto | B43: 16 | C43: 40 | D43: Caixas de Som com subwoofer integrado e duas caixas de som, com potência mínima de 600W PMPO, entrada com conector padrão mini-jack e RCA (ou adaptador RCA para mini-jack), tensão de alimentação de 220v. | E43: Peça | G43: 339030.17
C44: 41 | D44: Caixas de Som com 2 canais estéreos amplificados, controle de volume, botão liga/desliga, saída para fone de ouvido estéreo, LED indicador de liga e desliga, 2 w RMS e alimentação 220v (sem uso de transformador externo). | E44: Peça | G44: 339030.17
C45: 42 | D45: Caixa de Som, 1 Subwoofer, 2 caixas Satélites, Potência de saída: 30W RMS, botão iluminado quando ligado, controle de volume, auto Bivolt, dimensões aproximadas: +/- 10 a 15% (Larg x Alt x Prof) 16 x 20 x 20 | E45: Peça | G45: 339030.17
A46: Deserto | B46: 17 | C46: 43 | D46: Fone de ouvido profissional, - Sensibilidade: 98 dB (SPL/mW); - Faixa de frequência: de 10 até 30.000 Hz; - Impedância: 32 Ohms; - Potência Máxima: 300 mW; - Cabo: 2,5 m com conector P2 e adaptador P10 | E46: Peça | G46: 339030.17
C47: 44 | D47: Headset (fones de ouvido com microfone): Escala de frequência 20 a 20000Hz. Sensibilidade 105dB/mW. Impedância 32Ohms. Potência máxima: 100 mW. Tamanho do cabo 1,60m (mínimo). Outras características: fones almofadados e revestidos de borracha. | E47: Peça | G47: 339030.17
A48: COMP1 INFORMÁTICA LTDA EPP | B48: 18 | C48: 45 | D48: WEBCAM PARA COMPUTADOR, PADRÃO DGOV - Diretoria de Governança Eletrônica (Órgão da Secretaria de Estado da Administração do Governo Estadual). Padronização conforme o art. 15, inc. I, da Lei Federal 8.666/1993. Resolução HD 720p; Lente confeccionada em vidro; Formato de imagem 16:9; Foco automático; Microfone incorporado; Porta USB 2.0; Suporte com rotação vertical e horizontal para fixação em monitores de LCD/LED; Compatibilidade com plataformas Ms-Windows 7 e 8. CONDIÇÔES GERAIS a) Garantia de hardware de 1 anos; b) Anexar documentação técnica detalhada oficial do fabricante; c) Indicação no site do fabricante do produto proposto. | E48: Peça | F48: LOGITECH HD | G48: 339030.17 | H48: 200 | I48: 30 | J48: =I48-(SUM(L48:W48)) -> 20 | K48: =IF(J48<0,"ATENÇÃO","OK") -> OK | L48: 10 | M48: 0 | N48: 0 | O48: 0 | P48: 0 | Q48: 0 | R48: 0 | S48: 0 | T48: 0 | U48: 0 | V48: 0 | W48: 0
A49: Deserto | B49: 19 | C49: 46 | D49: Bateria Lítio 3V CR | E49: Peça | G49: 339030.17
A50: MM COMÉRCIO DE EQPTOS LTDA ME | B50: 20 | C50: 47 | D50: Cabo VGA para monitor HDB15 macho HDB15 macho com comprimento de 20 m blindado | E50: Peça | F50: CENTRAL CABOS | G50: 339030.17 | H50: 151.99 | J50: =I50-(SUM(L50:W50)) -> 0 | K50: =IF(J50<0,"ATENÇÃO","OK") -> OK | L50: 0 | M50: 0 | N50: 0 | O50: 0 | P50: 0 | Q50: 0 | R50: 0 | S50: 0 | T50: 0 | U50: 0 | V50: 0 | W50: 0
C51: 48 | D51: Cabo VGA para monitor HDB15 macho HDB15 macho com comprimento de 15 m blindado | E51: Peça | F51: CENTRAL CABOS | G51: 339030.17 | H51: 170.99 | J51: =I51-(SUM(L51:W51)) -> 0 | K51: =IF(J51<0,"ATENÇÃO","OK") -> OK | L51: 0 | M51: 0 | N51: 0 | O51: 0 | P51: 0 | Q51: 0 | R51: 0 | S51: 0 | T51: 0 | U51: 0 | V51: 0 | W51: 0
C52: 49 | D52: Cabo VGA para monitor HDB15 macho HDB15 macho com comprimento de 2 metros | E52: Peça | F52: CENTRAL CABOS | G52: 339030.17 | H52: 123.85 | J52: =I52-(SUM(L52:W52)) -> 0 | K52: =IF(J52<0,"ATENÇÃO","OK") -> OK | L52: 0 | M52: 0 | N52: 0 | O52: 0 | P52: 0 | Q52: 0 | R52: 0 | S52: 0 | T52: 0 | U52: 0 | V52: 0 | W52: 0
C53: 50 | D53: Cabo HDMI com 3m | E53: Peça | F53: PIX | G53: 339030.17 | H53: 59.65 | J53: =I53-(SUM(L53:W53)) -> 0 | K53: =IF(J53<0,"ATENÇÃO","OK") -> OK | L53: 0 | M53: 0 | N53: 0 | O53: 0 | P53: 0 | Q53: 0 | R53: 0 | S53: 0 | T53: 0 | U53: 0 | V53: 0 | W53: 0
A54: Deserto | B54: 21 | C54: 51 | D54: Adaptador / Conversor p/ tomadas no novo padrão brasileiro NBR-14136, aceitando plugue macho dois pinos chatos, padrão NEMA, 15A-250V~, plugue macho dois pinos chatos + terra, 15A-250V~, plugue macho dois pinos redondos, 10A-250V~, plugue macho dois pinos redondos + terra, 10A-250V~ | E54: Peça | G54: 339030.26
C55: 52 | D55: Adaptador / Conversor p/ tomadas no padrão antigo (dois pinos chatos + terra), aceitando plugue do padrão atual brasileiro NBR-14136 | E55: Peça | G55: 339030.26
C56: 53 | D56: Filtro de linha com 05 tomadas que aceite o plugue do padrão atual brasileiro NBR-14136, com fusível, chave liga/desliga, indicador luminoso e funcionamento, 220V. | E56: Peça | G56: 339030.26
A57: Deserto | B57: 22 | C57: 54 | D57: Apresentador sem fio com função de emulação de mouse com um apontador eletrônico (laser) para total controle de apresentação (avançar e retroceder transparências, além de abrir e fechar documentos e aplicativos), com um alcance mínimo de 6 metros através de conexão com o PC pela porta USB. | E57: Peça | G57: 449052.35
A58: Deserto | B58: 23 | C58: 55 | D58: LEITOR PARA CÓDIGO, DE BARRAS, Leitor Código Barras para porta Usb, com cabo. Velocidade 100 leituras/segundo, Peso 120 g (±10 g), Dimensões 81 mm x 63.5mm e 179 mm e Interfaces USB e Teclado. Características Técnicas: Fonte de luz LED Vermelho 632 nm, Sensor Linear CCD, Ângulo de leitura Lateral ± 25° (±5°) e Frontal 10°~40° (±5°), Profundidade do campo 60 mm, Processador C8051, Resistência a queda 1,5 m. Cabo padrão 1,5 m (±5 cm). Características Ambientais: Temperatura de operação 0ºC a 50ºC, Luz ambiente Lâmpada Fluorescente 5000 Lux Max. / Luz Solar 1500 Lux Max. Características Elétricas: Tensão de entrada + 5V +/- 5% Operação 120 mA (USB) Códigos lidos All UPC/EAN/JAN, EAN128 Code, Code 39, Code 39 Full ASCII, Code32 / Italian Pharmacy, Code 128, CODABAR/NW7, Interleave 25, Industrial 25, Matrix 25, MSI/PLESSEY, Telepen, Code 93, Code 11, China Postage, Code 26, LCD25 e GS1 DataBar Códigos pré-programados All UPC/EAN/JAN, EAN128 Code, Code 39, Code 128, CODABAR/NW7, Interleave 25. Garantia de um ano | E58: Peça | G58: 449052.35
C59: 56 | D59: Leitores de código de barras, conexão usb: Elemento foto detetor: CCD (Charge Coupled Device) de 2048 elementos; Fonte de luz: LEDs, luz vermelha, 660 nm; Velocidade de leitura: 100 varreduras por segundo; Contraste mínimo de impressão dos códigos: 45%; Profundidade de campo: de 0 a 20 mm; Largura da janela de leitura: 82 mm; Largura mínima dos elementos dos códigos (resolução): 0,1 mm; Rejeição à luz ambiente: 1.500 Lux; Padrões de códigos de barras lidos: EAN, UPC, 39, 128, 93, 2 de 5 intercalado; Indicadores de leituras bem sucedidas: Visual (Led) e Sonoro (Beep); Programação: Através do manual ou através do seu Exclusivo programa utilitário; Atualização de Firmware: Por software, pelo próprio usuário; Tensão de alimentação: 5 Vcc +/- 10%; Consumo máximo: 120 mA; Temperatura de operação: de 0 a 50º C; Temperatura de armazenagem: de -10 a 60º C; Umidade tolerável: de 5% até 95% não condensado; Material do corpo: ABS de alto impacto, nas versões bege ou preto; Resistência a quedas: 1,00 metro sobre superfície de concreto; Dimensões físicas (máximas): 180 x 83 x 30 mm; Cabo para conexão USB | G59: 449052.35
C60: 57 | D60: Leitor de código de barras Laser - Fonte de luz Diodo de luz visível de no mínimo 650 nm + 10 nm, Potência do Laser aproximado de 0,96 mW (pico), Profundidade de campo de 0 a 203 mm para códigos de barras de 13 mils, Largura de campo mínimas de 64 mm na face e 249 mm a 203 mm de distância, velocidade de varredura mínima de 72 + 2 varreduras por segundo (bidirecional), padrão de varredura de uma linha, barra mínima de leitura de 5 mils, ativação por infravermelho, longa distância: 0 a 279 mm, curta distância: 0 a 102 mm. Capacidade de decodificação: Auto-discrimina todos os padrões. Interfaceamento RS232C, Teclado PC/AT, Teclado Stand Alone, OCIA, IBM 468X/469X. Contraste 35% mínimo de reflectância. Número de caracteres a ser lido até 80 caracteres Roll, Pitch, Yaw 42º, 68º, 52º . Sinal sonoro 7 tons ou sem sinal. Indicador luminoso Verde: laser ligado, pronto para ler - Vermelho: Boa leitura - Amarelo: (somente o MS9540) = CodeGate ativo. Tensão de entrada de 5 VDC + 0,25 V Potência em operação de aproximadamente 825 mW, Potência em repouso de 600 mW Transformador para DC classe 2; 5.2 VDC @ 650 mA. Classe do laser: CDRH: Classe II; EN60825-1:1994/A11:1996 Classe 1 EMC FCC Classe B. Garantia de fábica de no mínimo 3 anos. | E60: Peça | G60: 449052.35
A61: Deserto | B61: 24 | C61: 58 | D61: LUPA ELETRONICA, TIPO MOUSE, Reproduz as imagens em vídeo normal ou reverso (letra preta, fundo branco ou letra branca, fundo preto). Amplia até 30x em TV de 20''. Ampliador eletrônico de imagem com inversão de contraste. Aumento de 15x a 15x dependendo do tamanho da tela. Bivolt. Aparelho Pb | E61: Peça | G61: 449052.35
A62: Deserto | B62: 25 | C62: 59 | D62: ESTABILIZADOR DE TENSAO, POTENCIA NOMINAL: 1000VA, Tensão de Entrada bivolt (115/220V); Tensão de saída: 115V; Potência nominal: 1000VA; Potência contínua: 1000W; Microprocessado; Filtro de linha integrado; Regulação true RMS; Gabinete em Metal e/ou ABS antichamas; Sinalização visual via led indicado modo de operação da rede; Chave liga/desliga frontal embutida; Mínimo 5 tomadas saída padrão NBR 14136; Cabo de força de entrada padrão NBR 14136 com no mínimo 60cm de comprimento; Proteção de curto circuito; Proteção de surtos de tensão; Proteção sub/sobretensão de rede com desligamento e rearme automático; Proteção de sobre aquecimento; Proteção sobrecarga; Porta fusível externo com uma unidade reserva; Atender a norma NBR 14.373:2006; 3 anos de garantia no mínimo | E62: Peça | G62: 449052.30
C63: 60 | D63: TRANSFORMADOR ESTABILIZADOR DE TENSAO, COM 220/110VOLTS, PADRÃO DGOV - Diretoria de Governança Eletrônica (Órgão da Secretaria de Estado da Administração do Governo Estadual). Padronização conforme o art. 15, inc. I, da Lei Federal 8.666/1993.Potência de saída 600 W; Tensão de entrada de 110VAC ±15 % e 220VAC ±15 %, monofásica, fase/neutro/terra; Frequência de entrada 60 Hz ±5%; Tensão de saída senoidal 220VAC ±6 %, monofásica, fase/neutro/terra; Frequência de saída 60 Hz ± 0,05%; Rendimento de 90%; Fator de potência de saída 0,90; Indicadores de nível de energia; Proteção contra curto circuito, subtensão, sobretensão; Ruído acústico a um metro de distância, menor que 75db (DIN 45635); Gabinete plastico anti-chamas; 4 tomadas de saída padrão NBR141362002; Homologação INMETRO. CONDIÇÔES GERAIS: a) Garantia de hardware do tipo on-site de 3 anos, realizada por empresa autorizada oficialmente pelo fabricante, com tempo de solução em até cinco dias; b) Anexar documentação técnica detalhada oficial do fabricante; c) Indicação no site do fabricante do produto proposto. | E63: Peça | G63: 449052.30
C64: 61 | D64: Nobreak 220 volts que suporte CPU, Projetor 283 w e caixa de som 150 w, com autonomia em torno de uma hora e trinta minutos, recarga automática das baterias, mesmo com o nobreak desligado, leds coloridos no painel frontal para indicar as condições de funcionamento do nobreak (modo rede, modo inversor/bateria, final de autonomia, entre outras), alarme audiovisual para sinalizar eventos como queda de rede e fim do tempo de autonomia, entre outros, garantia de, no mínimo, 12 meses, realizada por empresa autorizada oficialmente pelo fabricante, com tempo de solução em até cinco dias e assistência técnica na região, anexar documentação técnica detalhada oficial do fabricante e indicação no site do fabricante do produto proposto. | E64: Peça | G64: 449052.30
A65: Deserto | B65: 26 | C65: 62 | D65: MULTIMETRO: DIGITAL PORTATIL, Display máximo: 3 ½ dígitos 1999 máx; Tamanho do display: 65×45mm; Principais Características: - Corrente continua e alternada; - Sistema de proteção total contra sobrecarga; - Dispensa qualquer outro aparelho de medição de tensão elétrica; - Precisão é garantida, 23 °C ±, menos do que 80% umidade relativa; Descrição: - Leitura de display 1999; - Sistema de proteção sobre carga; - Compacto para medição de voltagem; - DC e AC, corrente DC, resistência e diodo; - Medição de transistores e teste funcional de continuidade; Dados Técnicos: DVC:220mv-1000v; - ACV:200V-750V; - DCA:200µa-10A; - OHM:200-2000k; - HFE: Sim; - Teste de Diodo: Sim; - Aviso Sonoro: Sim; - Onda Quadrada O/P: Sim; - Leitura Display: 1999 | E65: Peça | G65: 339030.42
A66: Deserto | B66: 27 | C66: 63 | D66: Kit Profissional de Ferramentas - Kit composto por 20 ferramentas. - Ideal para pequenos serviços de manutenções a PCs. - Todas as ferramentas são desmagnetizadas. - Prático estojo com zíper para armazenagem de forma organizada. - Compartimentos individuais para cada ferramenta no estojo. - Material feito em couro sintético. - Ferramenta em ferro de solda 127V CA com potência de 30W. | E66: Peça | G66: 339030.42
A67: Deserto | B67: 28 | C67: 64 | D67: Fonte de alimentação ATX 2.0 entrada AC com chaveamento automático (110V e 220V), mínimo 300W compatível com Computador Compaq 6005 Pro Microtower PC | E67: Peça | G67: 339030.17
C68: 65 | D68: Processador Phenon II X4 compatível com Placa Mãe HP 531966-001 503335-001 | E68: Peça | G68: 339030.17
C69: 66 | D69: Placa Mãe HP 531966-001 503335-001 ou modelo mais novo compatível com HP 6005 Pro Microtower com processador AMD | E69: Peça | G69: 339030.17
A70: Deserto | B70: 29 | C70: 67 | D70: Drive gravador CD/DVD 12x/48X. Interface, SATA, tipo interno. Cor: preto fosco. Velocidade de gravação DVD-R 24x, DVD-R DL 8x, CD-RW 6x. | E70: Peça | G70: 339030.17
A71: Deserto | B71: 30 | C71: 68 | D71: Adaptador USB Wireless. Taxa de transmissão de até 300 Mbps, faixa de frequencia 2,4 GHz, padrões wirless IEEE 802.11b, g, n. Segurança wirless WEP de 64/128 bit. WPA-PSK, WPA WPA 2, Antena interna. | E71: Peça | G71: 339030.17
A72: MM COMÉRCIO DE EQPTOS LTDA ME | B72: 31 | C72: 69 | D72: Mesa digitalizadora, Área Ativa para Caneta: 15,2 x 9,5 cm (6” x 3,7”), Dimensões (CxLxA): 21 x 17,8 x 1 cm (8,25” x 7” x 0,4”), Interface: USB, Tecnologia da caneta sem fio e sem pilhas, Precisão caneta : +/- 0.5 mm, Níveis de sensibilidade à pressão: 1024, Resolução: 2.540 lpi, ExpressKeys: 4 teclas personalizáveis, Sem fio suporte, Tablet de design ambidestro, Anéis de identificação de cores e marcas, Plataforma do Computador: PC & Mac | E72: Peça | F72: WACOM | G72: 449052.35 | H72: 399.54 | J72: =I72-(SUM(L72:W72)) -> 0 | K72: =IF(J72<0,"ATENÇÃO","OK") -> OK | L72: 0 | M72: 0 | N72: 0 | O72: 0 | P72: 0 | Q72: 0 | R72: 0 | S72: 0 | T72: 0 | U72: 0 | V72: 0 | W72: 0
A73: FABRICIO SONCINI EQPTOS DE INFORMÁTICA ME | B73: 32 | C73: 70 | D73: HD SATA II 500GB 7200RPM SFF Hot-Plug para servidor HP Proliant ML350 G6 | E73: Peça | F73: HP | G73: 339030.17 | H73: 1993 | J73: =I73-(SUM(L73:W73)) -> 0 | K73: =IF(J73<0,"ATENÇÃO","OK") -> OK | L73: 0 | M73: 0 | N73: 0 | O73: 0 | P73: 0 | Q73: 0 | R73: 0 | S73: 0 | T73: 0 | U73: 0 | V73: 0 | W73: 0
A74: Deserto | B74: 33 | C74: 71 | D74: Fonte Redundante Kit 750W para servidor HP Proliant ML350 G6 | E74: Peça | G74: 339030.17
A75: FABRICIO SONCINI EQPTOS DE INFORMÁTICA ME | B75: 34 | C75: 72 | D75: Memória 2GB (1x2GB) PC3-10600R DDR3 RDIMM para servidor HP Proliant ML350 G6 | E75: Peça | F75: HP | G75: 339030.17 | H75: 848 | J75: =I75-(SUM(L75:W75)) -> 0 | K75: =IF(J75<0,"ATENÇÃO","OK") -> OK | L75: 0 | M75: 0 | N75: 0 | O75: 0 | P75: 0 | Q75: 0 | R75: 0 | S75: 0 | T75: 0 | U75: 0 | V75: 0 | W75: 0
A76: Deserto | B76: 35 | C76: 73 | D76: HP Ventilador Redundante p/ ML350G6 para servidor HP Proliant ML350 G6 | E76: Peça | G76: 339030.17
A77: Deserto | B77: 36 | C77: 74 | D77: HP Kit de Conversão Torre p/ Rack p/ ML350G6 para servidor HP Proliant ML350 G6 | E77: Peça | G77: 339030.17
A78: Deserto | B78: 37 | C78: 75 | D78: Processador Intel XEON E5504 2.0GHz para servidor HP Proliant ML350 G6 | E78: Peça | G78: 339030.17
A79: Deserto | B79: 38 | C79: 76 | D79: StorageWorks RDX Removable Disk Backup System HP para servidor HP Proliant ML350 G6 | E79: Peça | G79: 339030.17
A80: Deserto | B80: 39 | C80: 77 | D80: Disco Rígido 3TB NL-SAS 7.2K RPM PN: 02359092 Marca: Huawei. Deverá apresentar declaração do fabricante comprovando compatibilidade do disco rígido com o Storage OceanStor S2600T. Deve ser instalado, por um técnico certificado do fabricante (anexar comprovação), no Storage OceanStor S2600T da FAED e disponibilizado seu espaço de armazenamento no servidor de arquivos. | E80: Peça | G80: 339030.17
D82: Lote 9 - Infrutífero
D83: Lotes 10, 13, 16, 17, 19, 21 ao 30, 33, 35 ao 39 - Desertos
D84: Prazos de entrega e pagamento conforme Termo de Referência

Sheet CEFID
A1: PROCESSO: 0759/2015/UDESC | D1: OBJETO: AQUISIÇÃO DE PEÇAS INCORPORÁVEIS AO COMPUTADOR PARA A UDESC | I1: VIGÊNCIA DA ATA: 21/09/2015 até 20/09/2016 | L1: AF/OS nº 1975/2015 Qtde. DT | M1: AF/OS nº 1977/2015 Qtde. DT | N1: AF/OS nº 2168/2015 Qtde. DT | O1: AF/OS nº 2169/2015 Qtde. DT | P1: AF/OS nº 2170/2015 Qtde. DT | Q1: AF/OS nº xxxx/2015 Qtde. DT | R1: AF/OS nº xxxx/2015 Qtde. DT | S1: AF/OS nº xxxx/2015 Qtde. DT | T1: AF/OS nº xxxx/2015 Qtde. DT | U1: AF/OS nº xxxx/2015 Qtde. DT | V1: AF/OS nº xxxx/2015 Qtde. DT | W1: AF/OS nº xxxx/2015 Qtde. DT
A2: CENTRO PARTICIPANTE: CEFID
A3: FORNECEDOR | B3: LOTE | C3: ITEM | D3: PRODUTO - CARACTERÍSTICAS MÍNIMAS | E3: UNIDADE | F3: MARCA | G3: DETALHAMENTO | H3: Preço UNITÁRIO (R$) | I3: Qtde Registrada | J3: Saldo / Automático | K3: ALERTA | L3: 42298 | M3: 42298 | N3: 42320 | O3: 42320 | P3: 42320 | Q3: ...../...../...... | R3: ...../...../...... | S3: ...../...../...... | T3: ...../...../...... | U3: ...../...../...... | V3: ...../...../...... | W3: ...../...../......
A4: RICARL DISTRIBUIDORA EIRELI ME | B4: 1 | C4: 1 | D4: Conjunto de 4 pilhas recarregáveis do tipo NiMH, tamanho AA de 2700 mAh. | E4: Peça | F4: ELGIM | G4: 339030.26 | H4: 42.01 | I4: 6 | J4: =I4-(SUM(L4:W4)) -> 6 | K4: =IF(J4<0,"ATENÇÃO","OK") -> OK | L4: 0 | M4: 0 | N4: 0 | O4: 0 | P4: 0 | Q4: 0 | R4: 0 | S4: 0 | T4: 0 | U4: 0 | V4: 0 | W4: 0
C5: 2 | D5: Conjunto de 4 pilhas recarregáveis do tipo NiMH, tamanho AAA. | E5: Peça | F5: ELGIM | G5: 339030.26 | H5: 18.62 | I5: 6 | J5: =I5-(SUM(L5:W5)) -> 6 | K5: =IF(J5<0,"ATENÇÃO","OK") -> OK | L5: 0 | M5: 0 | N5: 0 | O5: 0 | P5: 0 | Q5: 0 | R5: 0 | S5: 0 | T5: 0 | U5: 0 | V5: 0 | W5: 0
C6: 3 | D6: Carregador Rápido de Baterias AA e AAA, Carga total em 3h, potência de Carga 2100 mAh | E6: Peça | F6: SONY | G6: 339030.26 | H6: 95 | J6: =I6-(SUM(L6:W6)) -> 0 | K6: =IF(J6<0,"ATENÇÃO","OK") -> OK | L6: 0 | M6: 0 | N6: 0 | O6: 0 | P6: 0 | Q6: 0 | R6: 0 | S6: 0 | T6: 0 | U6: 0 | V6: 0 | W6: 0
A7: FABRICIO SONCINI EQPTOS DE INFORMÁTICA ME | B7: 2 | C7: 4 | D7: HD SATA II - capacidade 500 Gb, 7200 RPM, 3.0 Gb/s com tecnologia S.M.A.R.T. Com cabos de força e comunicação. | E7: Peça | F7: SEAGATE | G7: 339030.17 | H7: 250 | I7: 6 | J7: =I7-(SUM(L7:W7)) -> 6 | K7: =IF(J7<0,"ATENÇÃO","OK") -> OK | L7: 0 | M7: 0 | N7: 0 | O7: 0 | P7: 0 | Q7: 0 | R7: 0 | S7: 0 | T7: 0 | U7: 0 | V7: 0 | W7: 0
C8: 5 | D8: HD SATA II - capacidade 1 Tb, 7200 RPM, 3.0 Gb/s com tecnologia S.M.A.R.T. Com cabos de força e comunicação. | E8: Peça | F8: SEAGATE | G8: 339030.17 | H8: 360.08 | J8: =I8-(SUM(L8:W8)) -> 0 | K8: =IF(J8<0,"ATENÇÃO","OK") -> OK | L8: 0 | M8: 0 | N8: 0 | O8: 0 | P8: 0 | Q8: 0 | R8: 0 | S8: 0 | T8: 0 | U8: 0 | V8: 0 | W8: 0
C9: 6 | D9: HD SATA II - capacidade 2 Tb, 7200 RPM, 3.0 Gb/s com tecnologia S.M.A.R.T. Com cabos de força e comunicação. | E9: Peça | F9: SEAGATE | G9: 339030.17 | H9: 558 | I9: 4 | J9: =I9-(SUM(L9:W9)) -> 4 | K9: =IF(J9<0,"ATENÇÃO","OK") -> OK | L9: 0 | M9: 0 | N9: 0 | O9: 0 | P9: 0 | Q9: 0 | R9: 0 | S9: 0 | T9: 0 | U9: 0 | V9: 0 | W9: 0
A10: BEE2B INFORMÁTICA LTDA ME | B10: 3 | C10: 7 | D10: HD Externo de 500 Gb com interface USB 3.0, alimentação via USB, LED indicativo de funcionamento, taxa de transferência de 480 Mbps, incluso cabo de conexão USB. | E10: Peça | F10: WD | G10: 449052.35 | H10: 326.43 | I10: 1 | J10: =I10-(SUM(L10:W10)) -> 0 | K10: =IF(J10<0,"ATENÇÃO","OK") -> OK | L10: 1 | M10: 0 | N10: 0 | O10: 0 | P10: 0 | Q10: 0 | R10: 0 | S10: 0 | T10: 0 | U10: 0 | V10: 0 | W10: 0
C11: 8 | D11: HD Externo de 1 Tb com interface USB 3.0, alimentação via USB, LED indicativo de funcionamento, taxa de transferência de 480 Mbps, incluso cabo de conexão USB. | E11: Peça | F11: SEAGATE | G11: 449052.35 | H11: 414.2 | I11: 6 | J11: =I11-(SUM(L11:W11)) -> 3 | K11: =IF(J11<0,"ATENÇÃO","OK") -> OK | L11: 1 | M11: 0 | N11: 2 | O11: 0 | P11: 0 | Q11: 0 | R11: 0 | S11: 0 | T11: 0 | U11: 0 | V11: 0 | W11: 0
C12: 9 | D12: HD Externo de 2 Tb com interface USB 3.0, alimentação via USB, LED indicativo de funcionamento, taxa de transferência de 480 Mbps, incluso cabo de conexão USB. | E12: Peça | F12: TOSHIBA | G12: 449052.35 | H12: 552.83 | I12: 1 | J12: =I12-(SUM(L12:W12)) -> 0 | K12: =IF(J12<0,"ATENÇÃO","OK") -> OK | L12: 0 | M12: 0 | N12: 1 | O12: 0 | P12: 0 | Q12: 0 | R12: 0 | S12: 0 | T12: 0 | U12: 0 | V12: 0 | W12: 0
A13: RICARL DISTRIBUIDORA EIRELI ME | B13: 4 | C13: 10 | D13: Pen Drive 64 Gb USB 3.0 | E13: Peça | F13: SANDISK | G13: 339030.17 | H13: 189.3 | I13: 6 | J13: =I13-(SUM(L13:W13)) -> 2 | K13: =IF(J13<0,"ATENÇÃO","OK") -> OK | L13: 0 | M13: 2 | N13: 0 | O13: 2 | P13: 0 | Q13: 0 | R13: 0 | S13: 0 | T13: 0 | U13: 0 | V13: 0 | W13: 0
C14: 11 | D14: Pen Drive 32 Gb USB 3.0 | E14: Peça | F14: SANDISK | G14: 339030.17 | H14: 105 | J14: =I14-(SUM(L14:W14)) -> 0 | K14: =IF(J14<0,"ATENÇÃO","OK") -> OK | L14: 0 | M14: 0 | N14: 0 | O14: 0 | P14: 0 | Q14: 0 | R14: 0 | S14: 0 | T14: 0 | U14: 0 | V14: 0 | W14: 0
C15: 12 | D15: Pen Drive 16 Gb USB 3.0 | E15: Peça | F15: SANDISK | G15: 339030.17 | H15: 68 | I15: 20 | J15: =I15-(SUM(L15:W15)) -> 10 | K15: =IF(J15<0,"ATENÇÃO","OK") -> OK | L15: 0 | M15: 0 | N15: 0 | O15: 10 | P15: 0 | Q15: 0 | R15: 0 | S15: 0 | T15: 0 | U15: 0 | V15: 0 | W15: 0
A16: FABRICIO SONCINI EQPTOS DE INFORMÁTICA ME | B16: 5 | C16: 13 | D16: Pente de Memória 4 Gb DDR3-1066 | E16: Peça | F16: MARKVISION | G16: 339030.17 | H16: 197.64 | I16: 20 | J16: =I16-(SUM(L16:W16)) -> 20 | K16: =IF(J16<0,"ATENÇÃO","OK") -> OK | L16: 0 | M16: 0 | N16: 0 | O16: 0 | P16: 0 | Q16: 0 | R16: 0 | S16: 0 | T16: 0 | U16: 0 | V16: 0 | W16: 0
C17: 14 | D17: Pente de Memória 4 Gb DDR2-800 | E17: Peça | F17: KINGSTON | G17: 339030.17 | H17: 269 | I17: 20 | J17: =I17-(SUM(L17:W17)) -> 20 | K17: =IF(J17<0,"ATENÇÃO","OK") -> OK | L17: 0 | M17: 0 | N17: 0 | O17: 0 | P17: 0 | Q17: 0 | R17: 0 | S17: 0 | T17: 0 | U17: 0 | V17: 0 | W17: 0
C18: 15 | D18: Pente de Memória 2 Gb DDR2-667 | E18: Peça | F18: KINGSTON | G18: 339030.17 | H18: 133.11 | J18: =I18-(SUM(L18:W18)) -> 0 | K18: =IF(J18<0,"ATENÇÃO","OK") -> OK | L18: 0 | M18: 0 | N18: 0 | O18: 0 | P18: 0 | Q18: 0 | R18: 0 | S18: 0 | T18: 0 | U18: 0 | V18: 0 | W18: 0
A19: BEE2B INFORMÁTICA LTDA ME | B19: 6 | C19: 16 | D19: Processador AMD Athlon 64 X2 2.6 Ghz (5000B / Socket AM2) | E19: Peça | F19: ATHLON | G19: 339030.17 | H19: 435.95 | J19: =I19-(SUM(L19:W19)) -> 0 | K19: =IF(J19<0,"ATENÇÃO","OK") -> OK | L19: 0 | M19: 0 | N19: 0 | O19: 0 | P19: 0 | Q19: 0 | R19: 0 | S19: 0 | T19: 0 | U19: 0 | V19: 0 | W19: 0
C20: 17 | D20: Processador Intel Core 2 Duo 3 Ghz ou superior compatível com o socket LGA775 | E20: Peça | F20: INTEL | G20: 339030.17 | H20: 486.86 | J20: =I20-(SUM(L20:W20)) -> 0 | K20: =IF(J20<0,"ATENÇÃO","OK") -> OK | L20: 0 | M20: 0 | N20: 0 | O20: 0 | P20: 0 | Q20: 0 | R20: 0 | S20: 0 | T20: 0 | U20: 0 | V20: 0 | W20: 0
A21: MM COMÉRCIO DE EQPTOS LTDA ME | B21: 7 | C21: 18 | D21: Apoio de punho (teclado) ergonômico em gel. | E21: Peça | F21: PISC | G21: 339030.17 | H21: 41.09 | J21: =I21-(SUM(L21:W21)) -> 0 | K21: =IF(J21<0,"ATENÇÃO","OK") -> OK | L21: 0 | M21: 0 | N21: 0 | O21: 0 | P21: 0 | Q21: 0 | R21: 0 | S21: 0 | T21: 0 | U21: 0 | V21: 0 | W21: 0
C22: 19 | D22: Mouse pad com apoio ergonômico de gel | E22: Peça | F22: PISC | G22: 339030.17 | H22: 25.92 | J22: =I22-(SUM(L22:W22)) -> 0 | K22: =IF(J22<0,"ATENÇÃO","OK") -> OK | L22: 0 | M22: 0 | N22: 0 | O22: 0 | P22: 0 | Q22: 0 | R22: 0 | S22: 0 | T22: 0 | U22: 0 | V22: 0 | W22: 0
A23: BEE2B INFORMÁTICA LTDA ME | B23: 8 | C23: 20 | D23: Mouse Wireless com Apontador Laser ( Mouse Laser Bluetooth, Apresentador de Slides, Apontador Laser e Controle Remoto de Multimídia), com botão Ligar/Desligar, conexão Bluetooth de 2.4 Ghz, com estojo. | E23: Peça | F23: MICROSOFT | G23: 339030.17 | H23: 180 | J23: =I23-(SUM(L23:W23)) -> 0 | K23: =IF(J23<0,"ATENÇÃO","OK") -> OK | L23: 0 | M23: 0 | N23: 0 | O23: 0 | P23: 0 | Q23: 0 | R23: 0 | S23: 0 | T23: 0 | U23: 0 | V23: 0 | W23: 0
C24: 21 | D24: Mouse USB preto (óptico 3 botões net scroll), (não o optomecânico) | E24: Peça | F24: LEADER TECH | G24: 339030.17 | H24: 15.5 | I24: 40 | J24: =I24-(SUM(L24:W24)) -> 40 | K24: =IF(J24<0,"ATENÇÃO","OK") -> OK | L24: 0 | M24: 0 | N24: 0 | O24: 0 | P24: 0 | Q24: 0 | R24: 0 | S24: 0 | T24: 0 | U24: 0 | V24: 0 | W24: 0
C25: 22 | D25: Teclado Wireless, padrão ABNT II Português; teclas com funções internet e multimídia; botão de rolagem no teclado (scroll); teclas de atalho para a função office; 256 endereços de Ids por canal; tecnologia RF (rádio frequência) amplo ângulo de transmissão de sinal; com apoio para pulso, previne L.E.R. | E25: Peça | F25: MULTILASER | G25: 339030.17 | H25: 152 | J25: =I25-(SUM(L25:W25)) -> 0 | K25: =IF(J25<0,"ATENÇÃO","OK") -> OK | L25: 0 | M25: 0 | N25: 0 | O25: 0 | P25: 0 | Q25: 0 | R25: 0 | S25: 0 | T25: 0 | U25: 0 | V25: 0 | W25: 0
C26: 23 | D26: Teclado USB preto Padrão ABNT2 | E26: Peça | F26: MULTILASER | G26: 339030.17 | H26: 27 | I26: 40 | J26: =I26-(SUM(L26:W26)) -> 40 | K26: =IF(J26<0,"ATENÇÃO","OK") -> OK | L26: 0 | M26: 0 | N26: 0 | O26: 0 | P26: 0 | Q26: 0 | R26: 0 | S26: 0 | T26: 0 | U26: 0 | V26: 0 | W26: 0
A27: Infrutífero | B27: 9 | C27: 24 | D27: Mini-teclado numérico USB para PC, interface USB, cor preto, Comprimento do cabo de 1,80 m ou mais, dimensões 110/75/10 mm (Prof/Larg/Alt), fonte de alimentação PC / via USB, compatibilidade com Windows 2000 Windows 98 (SE) Windows ME Windows XP e com teclas de zero a 9 | E27: Peça | G27: 339030.17
C28: 25 | D28: Teclado PIN para senha 12 teclas com conexão para teclado, com display. | E28: Peça | G28: 339030.17
C29: 26 | D29: Teclado PIN: Mini-teclado numérico USB para desktops e notebooks. Função numérica e matemática com as quatro principais operações. Teclado formato slim com teclas e base finas. Tecla backspace para correção e Enter. | E29: Peça | G29: 339030.17
A30: Deserto | B30: 10 | C30: 27 | D30: Placa de Som PCI-e Creative Sound Blaster Audigy Rx, Processador de áudio: Creative E-MU, Relação Sinal para ruído (SNR): 106dB, Opções de conectividade (principais), Headphone Saída: 1 x 3.5mm jack compartilhada com Saída Frontal, Saída de linha: 1 x 3.5mm jack (Saída Frontal) 1 x 3.5mm jack (Rear / Side R) 1 x 3.5mm jack (C / Sub / Side L), Entrada de linha: 1 x 3,5 mm jack, Entrada de microfone: 2 x 3,5 mm jack, Saída ótica: 1 x TOSLINK, Amplificador dos fones de ouvido: Até 600 Ohms | E30: Peça | G30: 339030.17
A31: PERFORM TECNOLOGIA EIRELI EPP | B31: 11 | C31: 28 | D31: Placa de Rede 10/100/1000 PCI | E31: Peça | F31: INTELBRAS | G31: 339030.17 | H31: 65 | I31: 20 | J31: =I31-(SUM(L31:W31)) -> 20 | K31: =IF(J31<0,"ATENÇÃO","OK") -> OK | L31: 0 | M31: 0 | N31: 0 | O31: 0 | P31: 0 | Q31: 0 | R31: 0 | S31: 0 | T31: 0 | U31: 0 | V31: 0 | W31: 0
C32: 29 | D32: Placa de Rede 10/100/1000 PCI-e | E32: Peça | F32: INTELBRAS | G32: 339030.17 | H32: 84.7 | I32: 10 | J32: =I32-(SUM(L32:W32)) -> 10 | K32: =IF(J32<0,"ATENÇÃO","OK") -> OK | L32: 0 | M32: 0 | N32: 0 | O32: 0 | P32: 0 | Q32: 0 | R32: 0 | S32: 0 | T32: 0 | U32: 0 | V32: 0 | W32: 0
C33: 30 | D33: Placa de Rede Wireless, PCI-e, com antena externa, compativel com sinal 2,4 Ghz | E33: Peça | F33: INTELBRAS | G33: 339030.17 | H33: 75 | J33: =I33-(SUM(L33:W33)) -> 0 | K33: =IF(J33<0,"ATENÇÃO","OK") -> OK | L33: 0 | M33: 0 | N33: 0 | O33: 0 | P33: 0 | Q33: 0 | R33: 0 | S33: 0 | T33: 0 | U33: 0 | V33: 0 | W33: 0
A34: PERFORM TECNOLOGIA EIRELI EPP | B34: 12 | C34: 31 | D34: Placa de Vídeo PCI express 512 Mb | E34: Peça | F34: POWER COLOR | G34: 339030.17 | H34: 180 | I34: 5 | J34: =I34-(SUM(L34:W34)) -> 5 | K34: =IF(J34<0,"ATENÇÃO","OK") -> OK | L34: 0 | M34: 0 | N34: 0 | O34: 0 | P34: 0 | Q34: 0 | R34: 0 | S34: 0 | T34: 0 | U34: 0 | V34: 0 | W34: 0
C35: 32 | D35: Placa de Vídeo 1 Gb Vga/Dvi/Hdmi (pricipalmente com HDMI) | E35: Peça | F35: POWER COLOR | G35: 339030.17 | H35: 150 | J35: =I35-(SUM(L35:W35)) -> 0 | K35: =IF(J35<0,"ATENÇÃO","OK") -> OK | L35: 0 | M35: 0 | N35: 0 | O35: 0 | P35: 0 | Q35: 0 | R35: 0 | S35: 0 | T35: 0 | U35: 0 | V35: 0 | W35: 0
C36: 33 | D36: Placa de Vídeo 2 Gb 256 bits Dual Dvi PCI-e | E36: Peça | F36: GIGABYTE | G36: 339030.17 | H36: 1232.25 | I36: 5 | J36: =I36-(SUM(L36:W36)) -> 5 | K36: =IF(J36<0,"ATENÇÃO","OK") -> OK | L36: 0 | M36: 0 | N36: 0 | O36: 0 | P36: 0 | Q36: 0 | R36: 0 | S36: 0 | T36: 0 | U36: 0 | V36: 0 | W36: 0
A37: Deserto | B37: 13 | C37: 34 | D37: Placa mãe Lenovo Socket LGA775 ou compatível FRU-PartNumber 64Y3055 | E37: Peça | G37: 339030.17
C38: 35 | D38: Placa-mãe Lenovo L-A780 ou compatível (socket AM2) p/ computadores Lenovo Thinkcentre A62-7057 | E38: Peça | G38: 339030.17
A39: MM COMÉRCIO DE EQPTOS LTDA ME | B39: 14 | C39: 36 | D39: Spray para limpeza de contatos elétricos e componentes eletrônicos. Embalagem de 300 ml. | E39: Peça | F39: ORBI | G39: 339030.17 | H39: 28.69 | I39: 20 | J39: =I39-(SUM(L39:W39)) -> 10 | K39: =IF(J39<0,"ATENÇÃO","OK") -> OK | L39: 0 | M39: 0 | N39: 0 | O39: 0 | P39: 10 | Q39: 0 | R39: 0 | S39: 0 | T39: 0 | U39: 0 | V39: 0 | W39: 0
C40: 37 | D40: Pasta térmica: Condutividade térmica (Wmk) 1,2 Wmk (norma técnica ISSO 8301:1991). Ponto de gota inexistente. | E40: Peça | F40: TEKBOND | G40: 339030.17 | H40: 14.8 | J40: =I40-(SUM(L40:W40)) -> 0 | K40: =IF(J40<0,"ATENÇÃO","OK") -> OK | L40: 0 | M40: 0 | N40: 0 | O40: 0 | P40: 0 | Q40: 0 | R40: 0 | S40: 0 | T40: 0 | U40: 0 | V40: 0 | W40: 0
A41: COMP1 INFORMÁTICA LTDA EPP | B41: 15 | C41: 38 | D41: Fonte de alimentação ATX 2.0 entrada AC com chaveamento automático (110V e 220V), mínimo 430W. | E41: Peça | F41: CASEMALL | G41: 339030.17 | H41: 365 | I41: 20 | J41: =I41-(SUM(L41:W41)) -> 20 | K41: =IF(J41<0,"ATENÇÃO","OK") -> OK | L41: 0 | M41: 0 | N41: 0 | O41: 0 | P41: 0 | Q41: 0 | R41: 0 | S41: 0 | T41: 0 | U41: 0 | V41: 0 | W41: 0
C42: 39 | D42: Adaptador para fonte ATX com saída SATA. Permite ligar um disco rígido SATA em um conector de 4 pontos da fonte. | E42: Peça | F42: COLLER MASTER | G42: 339030.17 | H42: 8 | J42: =I42-(SUM(L42:W42)) -> 0 | K42: =IF(J42<0,"ATENÇÃO","OK") -> OK | L42: 0 | M42: 0 | N42: 0 | O42: 0 | P42: 0 | Q42: 0 | R42: 0 | S42: 0 | T42: 0 | U42: 0 | V42: 0 | W42: 0
A43: Deserto | B43: 16 | C43: 40 | D43: Caixas de Som com subwoofer integrado e duas caixas de som, com potência mínima de 600W PMPO, entrada com conector padrão mini-jack e RCA (ou adaptador RCA para mini-jack), tensão de alimentação de 220v. | E43: Peça | G43: 339030.17
C44: 41 | D44: Caixas de Som com 2 canais estéreos amplificados, controle de volume, botão liga/desliga, saída para fone de ouvido estéreo, LED indicador de liga e desliga, 2 w RMS e alimentação 220v (sem uso de transformador externo). | E44: Peça | G44: 339030.17
C45: 42 | D45: Caixa de Som, 1 Subwoofer, 2 caixas Satélites, Potência de saída: 30W RMS, botão iluminado quando ligado, controle de volume, auto Bivolt, dimensões aproximadas: +/- 10 a 15% (Larg x Alt x Prof) 16 x 20 x 20 | E45: Peça | G45: 339030.17
A46: Deserto | B46: 17 | C46: 43 | D46: Fone de ouvido profissional, - Sensibilidade: 98 dB (SPL/mW); - Faixa de frequência: de 10 até 30.000 Hz; - Impedância: 32 Ohms; - Potência Máxima: 300 mW; - Cabo: 2,5 m com conector P2 e adaptador P10 | E46: Peça | G46: 339030.17
C47: 44 | D47: Headset (fones de ouvido com microfone): Escala de frequência 20 a 20000Hz. Sensibilidade 105dB/mW. Impedância 32Ohms. Potência máxima: 100 mW. Tamanho do cabo 1,60m (mínimo). Outras características: fones almofadados e revestidos de borracha. | E47: Peça | G47: 339030.17
A48: COMP1 INFORMÁTICA LTDA EPP | B48: 18 | C48: 45 | D48: WEBCAM PARA COMPUTADOR, PADRÃO DGOV - Diretoria de Governança Eletrônica (Órgão da Secretaria de Estado da Administração do Governo Estadual). Padronização conforme o art. 15, inc. I, da Lei Federal 8.666/1993. Resolução HD 720p; Lente confeccionada em vidro; Formato de imagem 16:9; Foco automático; Microfone incorporado; Porta USB 2.0; Suporte com rotação vertical e horizontal para fixação em monitores de LCD/LED; Compatibilidade com plataformas Ms-Windows 7 e 8. CONDIÇÔES GERAIS a) Garantia de hardware de 1 anos; b) Anexar documentação técnica detalhada oficial do fabricante; c) Indicação no site do fabricante do produto proposto. | E48: Peça | F48: LOGITECH HD | G48: 339030.17 | H48: 200 | I48: 5 | J48: =I48-(SUM(L48:W48)) -> 5 | K48: =IF(J48<0,"ATENÇÃO","OK") -> OK | L48: 0 | M48: 0 | N48: 0 | O48: 0 | P48: 0 | Q48: 0 | R48: 0 | S48: 0 | T48: 0 | U48: 0 | V48: 0 | W48: 0
A49: Deserto | B49: 19 | C49: 46 | D49: Bateria Lítio 3V CR | E49: Peça | G49: 339030.17
A50: MM COMÉRCIO DE EQPTOS LTDA ME | B50: 20 | C50: 47 | D50: Cabo VGA para monitor HDB15 macho HDB15 macho com comprimento de 20 m blindado | E50: Peça | F50: CENTRAL CABOS | G50: 339030.17 | H50: 151.99 | I50: 10 | J50: =I50-(SUM(L50:W50)) -> 10 | K50: =IF(J50<0,"ATENÇÃO","OK") -> OK | L50: 0 | M50: 0 | N50: 0 | O50: 0 | P50: 0 | Q50: 0 | R50: 0 | S50: 0 | T50: 0 | U50: 0 | V50: 0 | W50: 0
C51: 48 | D51: Cabo VGA para monitor HDB15 macho HDB15 macho com comprimento de 15 m blindado | E51: Peça | F51: CENTRAL CABOS | G51: 339030.17 | H51: 170.99 | J51: =I51-(SUM(L51:W51)) -> 0 | K51: =IF(J51<0,"ATENÇÃO","OK") -> OK | L51: 0 | M51: 0 | N51: 0 | O51: 0 | P51: 0 | Q51: 0 | R51: 0 | S51: 0 | T51: 0 | U51: 0 | V51: 0 | W51: 0
C52: 49 | D52: Cabo VGA para monitor HDB15 macho HDB15 macho com comprimento de 2 metros | E52: Peça | F52: CENTRAL CABOS | G52: 339030.17 | H52: 123.85 | J52: =I52-(SUM(L52:W52)) -> 0 | K52: =IF(J52<0,"ATENÇÃO","OK") -> OK | L52: 0 | M52: 0 | N52: 0 | O52: 0 | P52: 0 | Q52: 0 | R52: 0 | S52: 0 | T52: 0 | U52: 0 | V52: 0 | W52: 0
C53: 50 | D53: Cabo HDMI com 3m | E53: Peça | F53: PIX | G53: 339030.17 | H53: 59.65 | I53: 5 | J53: =I53-(SUM(L53:W53)) -> 5 | K53: =IF(J53<0,"ATENÇÃO","OK") -> OK | L53: 0 | M53: 0 | N53: 0 | O53: 0 | P53: 0 | Q53: 0 | R53: 0 | S53: 0 | T53: 0 | U53: 0 | V53: 0 | W53: 0
A54: Deserto | B54: 21 | C54: 51 | D54: Adaptador / Conversor p/ tomadas no novo padrão brasileiro NBR-14136, aceitando plugue macho dois pinos chatos, padrão NEMA, 15A-250V~, plugue macho dois pinos chatos + terra, 15A-250V~, plugue macho dois pinos redondos, 10A-250V~, plugue macho dois pinos redondos + terra, 10A-250V~ | E54: Peça | G54: 339030.26
C55: 52 | D55: Adaptador / Conversor p/ tomadas no padrão antigo (dois pinos chatos + terra), aceitando plugue do padrão atual brasileiro NBR-14136 | E55: Peça | G55: 339030.26
C56: 53 | D56: Filtro de linha com 05 tomadas que aceite o plugue do padrão atual brasileiro NBR-14136, com fusível, chave liga/desliga, indicador luminoso e funcionamento, 220V. | E56: Peça | G56: 339030.26
A57: Deserto | B57: 22 | C57: 54 | D57: Apresentador sem fio com função de emulação de mouse com um apontador eletrônico (laser) para total controle de apresentação (avançar e retroceder transparências, além de abrir e fechar documentos e aplicativos), com um alcance mínimo de 6 metros através de conexão com o PC pela porta USB. | E57: Peça | G57: 449052.35
A58: Deserto | B58: 23 | C58: 55 | D58: LEITOR PARA CÓDIGO, DE BARRAS, Leitor Código Barras para porta Usb, com cabo. Velocidade 100 leituras/segundo, Peso 120 g (±10 g), Dimensões 81 mm x 63.5mm e 179 mm e Interfaces USB e Teclado. Características Técnicas: Fonte de luz LED Vermelho 632 nm, Sensor Linear CCD, Ângulo de leitura Lateral ± 25° (±5°) e Frontal 10°~40° (±5°), Profundidade do campo 60 mm, Processador C8051, Resistência a queda 1,5 m. Cabo padrão 1,5 m (±5 cm). Características Ambientais: Temperatura de operação 0ºC a 50ºC, Luz ambiente Lâmpada Fluorescente 5000 Lux Max. / Luz Solar 1500 Lux Max. Características Elétricas: Tensão de entrada + 5V +/- 5% Operação 120 mA (USB) Códigos lidos All UPC/EAN/JAN, EAN128 Code, Code 39, Code 39 Full ASCII, Code32 / Italian Pharmacy, Code 128, CODABAR/NW7, Interleave 25, Industrial 25, Matrix 25, MSI/PLESSEY, Telepen, Code 93, Code 11, China Postage, Code 26, LCD25 e GS1 DataBar Códigos pré-programados All UPC/EAN/JAN, EAN128 Code, Code 39, Code 128, CODABAR/NW7, Interleave 25. Garantia de um ano | E58: Peça | G58: 449052.35
C59: 56 | D59: Leitores de código de barras, conexão usb: Elemento foto detetor: CCD (Charge Coupled Device) de 2048 elementos; Fonte de luz: LEDs, luz vermelha, 660 nm; Velocidade de leitura: 100 varreduras por segundo; Contraste mínimo de impressão dos códigos: 45%; Profundidade de campo: de 0 a 20 mm; Largura da janela de leitura: 82 mm; Largura mínima dos elementos dos códigos (resolução): 0,1 mm; Rejeição à luz ambiente: 1.500 Lux; Padrões de códigos de barras lidos: EAN, UPC, 39, 128, 93, 2 de 5 intercalado; Indicadores de leituras bem sucedidas: Visual (Led) e Sonoro (Beep); Programação: Através do manual ou através do seu Exclusivo programa utilitário; Atualização de Firmware: Por software, pelo próprio usuário; Tensão de alimentação: 5 Vcc +/- 10%; Consumo máximo: 120 mA; Temperatura de operação: de 0 a 50º C; Temperatura de armazenagem: de -10 a 60º C; Umidade tolerável: de 5% até 95% não condensado; Material do corpo: ABS de alto impacto, nas versões bege ou preto; Resistência a quedas: 1,00 metro sobre superfície de concreto; Dimensões físicas (máximas): 180 x 83 x 30 mm; Cabo para conexão USB | G59: 449052.35
C60: 57 | D60: Leitor de código de barras Laser - Fonte de luz Diodo de luz visível de no mínimo 650 nm + 10 nm, Potência do Laser aproximado de 0,96 mW (pico), Profundidade de campo de 0 a 203 mm para códigos de barras de 13 mils, Largura de campo mínimas de 64 mm na face e 249 mm a 203 mm de distância, velocidade de varredura mínima de 72 + 2 varreduras por segundo (bidirecional), padrão de varredura de uma linha, barra mínima de leitura de 5 mils, ativação por infravermelho, longa distância: 0 a 279 mm, curta distância: 0 a 102 mm. Capacidade de decodificação: Auto-discrimina todos os padrões. Interfaceamento RS232C, Teclado PC/AT, Teclado Stand Alone, OCIA, IBM 468X/469X. Contraste 35% mínimo de reflectância. Número de caracteres a ser lido até 80 caracteres Roll, Pitch, Yaw 42º, 68º, 52º . Sinal sonoro 7 tons ou sem sinal. Indicador luminoso Verde: laser ligado, pronto para ler - Vermelho: Boa leitura - Amarelo: (somente o MS9540) = CodeGate ativo. Tensão de entrada de 5 VDC + 0,25 V Potência em operação de aproximadamente 825 mW, Potência em repouso de 600 mW Transformador para DC classe 2; 5.2 VDC @ 650 mA. Classe do laser: CDRH: Classe II; EN60825-1:1994/A11:1996 Classe 1 EMC FCC Classe B. Garantia de fábica de no mínimo 3 anos. | E60: Peça | G60: 449052.35
A61: Deserto | B61: 24 | C61: 58 | D61: LUPA ELETRONICA, TIPO MOUSE, Reproduz as imagens em vídeo normal ou reverso (letra preta, fundo branco ou letra branca, fundo preto). Amplia até 30x em TV de 20''. Ampliador eletrônico de imagem com inversão de contraste. Aumento de 15x a 15x dependendo do tamanho da tela. Bivolt. Aparelho Pb | E61: Peça | G61: 449052.35
A62: Deserto | B62: 25 | C62: 59 | D62: ESTABILIZADOR DE TENSAO, POTENCIA NOMINAL: 1000VA, Tensão de Entrada bivolt (115/220V); Tensão de saída: 115V; Potência nominal: 1000VA; Potência contínua: 1000W; Microprocessado; Filtro de linha integrado; Regulação true RMS; Gabinete em Metal e/ou ABS antichamas; Sinalização visual via led indicado modo de operação da rede; Chave liga/desliga frontal embutida; Mínimo 5 tomadas saída padrão NBR 14136; Cabo de força de entrada padrão NBR 14136 com no mínimo 60cm de comprimento; Proteção de curto circuito; Proteção de surtos de tensão; Proteção sub/sobretensão de rede com desligamento e rearme automático; Proteção de sobre aquecimento; Proteção sobrecarga; Porta fusível externo com uma unidade reserva; Atender a norma NBR 14.373:2006; 3 anos de garantia no mínimo | E62: Peça | G62: 449052.30
C63: 60 | D63: TRANSFORMADOR ESTABILIZADOR DE TENSAO, COM 220/110VOLTS, PADRÃO DGOV - Diretoria de Governança Eletrônica (Órgão da Secretaria de Estado da Administração do Governo Estadual). Padronização conforme o art. 15, inc. I, da Lei Federal 8.666/1993.Potência de saída 600 W; Tensão de entrada de 110VAC ±15 % e 220VAC ±15 %, monofásica, fase/neutro/terra; Frequência de entrada 60 Hz ±5%; Tensão de saída senoidal 220VAC ±6 %, monofásica, fase/neutro/terra; Frequência de saída 60 Hz ± 0,05%; Rendimento de 90%; Fator de potência de saída 0,90; Indicadores de nível de energia; Proteção contra curto circuito, subtensão, sobretensão; Ruído acústico a um metro de distância, menor que 75db (DIN 45635); Gabinete plastico anti-chamas; 4 tomadas de saída padrão NBR141362002; Homologação INMETRO. CONDIÇÔES GERAIS: a) Garantia de hardware do tipo on-site de 3 anos, realizada por empresa autorizada oficialmente pelo fabricante, com tempo de solução em até cinco dias; b) Anexar documentação técnica detalhada oficial do fabricante; c) Indicação no site do fabricante do produto proposto. | E63: Peça | G63: 449052.30
C64: 61 | D64: Nobreak 220 volts que suporte CPU, Projetor 283 w e caixa de som 150 w, com autonomia em torno de uma hora e trinta minutos, recarga automática das baterias, mesmo com o nobreak desligado, leds coloridos no painel frontal para indicar as condições de funcionamento do nobreak (modo rede, modo inversor/bateria, final de autonomia, entre outras), alarme audiovisual para sinalizar eventos como queda de rede e fim do tempo de autonomia, entre outros, garantia de, no mínimo, 12 meses, realizada por empresa autorizada oficialmente pelo fabricante, com tempo de solução em até cinco dias e assistência técnica na região, anexar documentação técnica detalhada oficial do fabricante e indicação no site do fabricante do produto proposto. | E64: Peça | G64: 449052.30
A65: Deserto | B65: 26 | C65: 62 | D65: MULTIMETRO: DIGITAL PORTATIL, Display máximo: 3 ½ dígitos 1999 máx; Tamanho do display: 65×45mm; Principais Características: - Corrente continua e alternada; - Sistema de proteção total contra sobrecarga; - Dispensa qualquer outro aparelho de medição de tensão elétrica; - Precisão é garantida, 23 °C ±, menos do que 80% umidade relativa; Descrição: - Leitura de display 1999; - Sistema de proteção sobre carga; - Compacto para medição de voltagem; - DC e AC, corrente DC, resistência e diodo; - Medição de transistores e teste funcional de continuidade; Dados Técnicos: DVC:220mv-1000v; - ACV:200V-750V; - DCA:200µa-10A; - OHM:200-2000k; - HFE: Sim; - Teste de Diodo: Sim; - Aviso Sonoro: Sim; - Onda Quadrada O/P: Sim; - Leitura Display: 1999 | E65: Peça | G65: 339030.42
A66: Deserto | B66: 27 | C66: 63 | D66: Kit Profissional de Ferramentas - Kit composto por 20 ferramentas. - Ideal para pequenos serviços de manutenções a PCs. - Todas as ferramentas são desmagnetizadas. - Prático estojo com zíper para armazenagem de forma organizada. - Compartimentos individuais para cada ferramenta no estojo. - Material feito em couro sintético. - Ferramenta em ferro de solda 127V CA com potência de 30W. | E66: Peça | G66: 339030.42
A67: Deserto | B67: 28 | C67: 64 | D67: Fonte de alimentação ATX 2.0 entrada AC com chaveamento automático (110V e 220V), mínimo 300W compatível com Computador Compaq 6005 Pro Microtower PC | E67: Peça | G67: 339030.17
C68: 65 | D68: Processador Phenon II X4 compatível com Placa Mãe HP 531966-001 503335-001 | E68: Peça | G68: 339030.17
C69: 66 | D69: Placa Mãe HP 531966-001 503335-001 ou modelo mais novo compatível com HP 6005 Pro Microtower com processador AMD | E69: Peça | G69: 339030.17
A70: Deserto | B70: 29 | C70: 67 | D70: Drive gravador CD/DVD 12x/48X. Interface, SATA, tipo interno. Cor: preto fosco. Velocidade de gravação DVD-R 24x, DVD-R DL 8x, CD-RW 6x. | E70: Peça | G70: 339030.17
A71: Deserto | B71: 30 | C71: 68 | D71: Adaptador USB Wireless. Taxa de transmissão de até 300 Mbps, faixa de frequencia 2,4 GHz, padrões wirless IEEE 802.11b, g, n. Segurança wirless WEP de 64/128 bit. WPA-PSK, WPA WPA 2, Antena interna. | E71: Peça | G71: 339030.17
A72: MM COMÉRCIO DE EQPTOS LTDA ME | B72: 31 | C72: 69 | D72: Mesa digitalizadora, Área Ativa para Caneta: 15,2 x 9,5 cm (6” x 3,7”), Dimensões (CxLxA): 21 x 17,8 x 1 cm (8,25” x 7” x 0,4”), Interface: USB, Tecnologia da caneta sem fio e sem pilhas, Precisão caneta : +/- 0.5 mm, Níveis de sensibilidade à pressão: 1024, Resolução: 2.540 lpi, ExpressKeys: 4 teclas personalizáveis, Sem fio suporte, Tablet de design ambidestro, Anéis de identificação de cores e marcas, Plataforma do Computador: PC & Mac | E72: Peça | F72: WACOM | G72: 449052.35 | H72: 399.54 | J72: =I72-(SUM(L72:W72)) -> 0 | K72: =IF(J72<0,"ATENÇÃO","OK") -> OK | L72: 0 | M72: 0 | N72: 0 | O72: 0 | P72: 0 | Q72: 0 | R72: 0 | S72: 0 | T72: 0 | U72: 0 | V72: 0 | W72: 0
A73: FABRICIO SONCINI EQPTOS DE INFORMÁTICA ME | B73: 32 | C73: 70 | D73: HD SATA II 500GB 7200RPM SFF Hot-Plug para servidor HP Proliant ML350 G6 | E73: Peça | F73: HP | G73: 339030.17 | H73: 1993 | J73: =I73-(SUM(L73:W73)) -> 0 | K73: =IF(J73<0,"ATENÇÃO","OK") -> OK | L73: 0 | M73: 0 | N73: 0 | O73: 0 | P73: 0 | Q73: 0 | R73: 0 | S73: 0 | T73: 0 | U73: 0 | V73: 0 | W73: 0
A74: Deserto | B74: 33 | C74: 71 | D74: Fonte Redundante Kit 750W para servidor HP Proliant ML350 G6 | E74: Peça | G74: 339030.17
A75: FABRICIO SONCINI EQPTOS DE INFORMÁTICA ME | B75: 34 | C75: 72 | D75: Memória 2GB (1x2GB) PC3-10600R DDR3 RDIMM para servidor HP Proliant ML350 G6 | E75: Peça | F75: HP | G75: 339030.17 | H75: 848 | J75: =I75-(SUM(L75:W75)) -> 0 | K75: =IF(J75<0,"ATENÇÃO","OK") -> OK | L75: 0 | M75: 0 | N75: 0 | O75: 0 | P75: 0 | Q75: 0 | R75: 0 | S75: 0 | T75: 0 | U75: 0 | V75: 0 | W75: 0
A76: Deserto | B76: 35 | C76: 73 | D76: HP Ventilador Redundante p/ ML350G6 para servidor HP Proliant ML350 G6 | E76: Peça | G76: 339030.17
A77: Deserto | B77: 36 | C77: 74 | D77: HP Kit de Conversão Torre p/ Rack p/ ML350G6 para servidor HP Proliant ML350 G6 | E77: Peça | G77: 339030.17
A78: Deserto | B78: 37 | C78: 75 | D78: Processador Intel XEON E5504 2.0GHz para servidor HP Proliant ML350 G6 | E78: Peça | G78: 339030.17
A79: Deserto | B79: 38 | C79: 76 | D79: StorageWorks RDX Removable Disk Backup System HP para servidor HP Proliant ML350 G6 | E79: Peça | G79: 339030.17
A80: Deserto | B80: 39 | C80: 77 | D80: Disco Rígido 3TB NL-SAS 7.2K RPM PN: 02359092 Marca: Huawei. Deverá apresentar declaração do fabricante comprovando compatibilidade do disco rígido com o Storage OceanStor S2600T. Deve ser instalado, por um técnico certificado do fabricante (anexar comprovação), no Storage OceanStor S2600T da FAED e disponibilizado seu espaço de armazenamento no servidor de arquivos. | E80: Peça | G80: 339030.17
D82: Lote 9 - Infrutífero
D83: Lotes 10, 13, 16, 17, 19, 21 ao 30, 33, 35 ao 39 - Desertos
D84: Prazos de entrega e pagamento conforme Termo de Referência

Sheet CERES
A1: PROCESSO: 0759/2015/UDESC | D1: OBJETO: AQUISIÇÃO DE PEÇAS INCORPORÁVEIS AO COMPUTADOR PARA A UDESC | I1: VIGÊNCIA DA ATA: 21/09/2015 até 20/09/2016 | L1: AF/OS nº xxxx/2015 Qtde. DT | M1: AF/OS nº xxxx/2015 Qtde. DT | N1: AF/OS nº xxxx/2015 Qtde. DT | O1: AF/OS nº xxxx/2015 Qtde. DT | P1: AF/OS nº xxxx/2015 Qtde. DT | Q1: AF/OS nº xxxx/2015 Qtde. DT | R1: AF/OS nº xxxx/2015 Qtde. DT | S1: AF/OS nº xxxx/2015 Qtde. DT | T1: AF/OS nº xxxx/2015 Qtde. DT | U1: AF/OS nº xxxx/2015 Qtde. DT | V1: AF/OS nº xxxx/2015 Qtde. DT | W1: AF/OS nº xxxx/2015 Qtde. DT
A2: CENTRO PARTICIPANTE: CERES
A3: FORNECEDOR | B3: LOTE | C3: ITEM | D3: PRODUTO - CARACTERÍSTICAS MÍNIMAS | E3: UNIDADE | F3: MARCA | G3: DETALHAMENTO | H3: Preço UNITÁRIO (R$) | I3: Qtde Registrada | J3: Saldo / Automático | K3: ALERTA | L3: ...../...../...... | M3: ...../...../...... | N3: ...../...../...... | O3: ...../...../...... | P3: ...../...../...... | Q3: ...../...../...... | R3: ...../...../...... | S3: ...../...../...... | T3: ...../...../...... | U3: ...../...../...... | V3: ...../...../...... | W3: ...../...../......
A4: RICARL DISTRIBUIDORA EIRELI ME | B4: 1 | C4: 1 | D4: Conjunto de 4 pilhas recarregáveis do tipo NiMH, tamanho AA de 2700 mAh. | E4: Peça | F4: ELGIM | G4: 339030.26 | H4: 42.01 | J4: =I4-(SUM(L4:W4)) -> 0 | K4: =IF(J4<0,"ATENÇÃO","OK") -> OK | L4: 0 | M4: 0 | N4: 0 | O4: 0 | P4: 0 | Q4: 0 | R4: 0 | S4: 0 | T4: 0 | U4: 0 | V4: 0 | W4: 0
C5: 2 | D5: Conjunto de 4 pilhas recarregáveis do tipo NiMH, tamanho AAA. | E5: Peça | F5: ELGIM | G5: 339030.26 | H5: 18.62 | J5: =I5-(SUM(L5:W5)) -> 0 | K5: =IF(J5<0,"ATENÇÃO","OK") -> OK | L5: 0 | M5: 0 | N5: 0 | O5: 0 | P5: 0 | Q5: 0 | R5: 0 | S5: 0 | T5: 0 | U5: 0 | V5: 0 | W5: 0
C6: 3 | D6: Carregador Rápido de Baterias AA e AAA, Carga total em 3h, potência de Carga 2100 mAh | E6: Peça | F6: SONY | G6: 339030.26 | H6: 95 | J6: =I6-(SUM(L6:W6)) -> 0 | K6: =IF(J6<0,"ATENÇÃO","OK") -> OK | L6: 0 | M6: 0 | N6: 0 | O6: 0 | P6: 0 | Q6: 0 | R6: 0 | S6: 0 | T6: 0 | U6: 0 | V6: 0 | W6: 0
A7: FABRICIO SONCINI EQPTOS DE INFORMÁTICA ME | B7: 2 | C7: 4 | D7: HD SATA II - capacidade 500 Gb, 7200 RPM, 3.0 Gb/s com tecnologia S.M.A.R.T. Com cabos de força e comunicação. | E7: Peça | F7: SEAGATE | G7: 339030.17 | H7: 250 | J7: =I7-(SUM(L7:W7)) -> 0 | K7: =IF(J7<0,"ATENÇÃO","OK") -> OK | L7: 0 | M7: 0 | N7: 0 | O7: 0 | P7: 0 | Q7: 0 | R7: 0 | S7: 0 | T7: 0 | U7: 0 | V7: 0 | W7: 0
C8: 5 | D8: HD SATA II - capacidade 1 Tb, 7200 RPM, 3.0 Gb/s com tecnologia S.M.A.R.T. Com cabos de força e comunicação. | E8: Peça | F8: SEAGATE | G8: 339030.17 | H8: 360.08 | J8: =I8-(SUM(L8:W8)) -> 0 | K8: =IF(J8<0,"ATENÇÃO","OK") -> OK | L8: 0 | M8: 0 | N8: 0 | O8: 0 | P8: 0 | Q8: 0 | R8: 0 | S8: 0 | T8: 0 | U8: 0 | V8: 0 | W8: 0
C9: 6 | D9: HD SATA II - capacidade 2 Tb, 7200 RPM, 3.0 Gb/s com tecnologia S.M.A.R.T. Com cabos de força e comunicação. | E9: Peça | F9: SEAGATE | G9: 339030.17 | H9: 558 | J9: =I9-(SUM(L9:W9)) -> 0 | K9: =IF(J9<0,"ATENÇÃO","OK") -> OK | L9: 0 | M9: 0 | N9: 0 | O9: 0 | P9: 0 | Q9: 0 | R9: 0 | S9: 0 | T9: 0 | U9: 0 | V9: 0 | W9: 0
A10: BEE2B INFORMÁTICA LTDA ME | B10: 3 | C10: 7 | D10: HD Externo de 500 Gb com interface USB 3.0, alimentação via USB, LED indicativo de funcionamento, taxa de transferência de 480 Mbps, incluso cabo de conexão USB. | E10: Peça | F10: WD | G10: 449052.35 | H10: 326.43 | I10: 8 | J10: =I10-(SUM(L10:W10)) -> 8 | K10: =IF(J10<0,"ATENÇÃO","OK") -> OK | L10: 0 | M10: 0 | N10: 0 | O10: 0 | P10: 0 | Q10: 0 | R10: 0 | S10: 0 | T10: 0 | U10: 0 | V10: 0 | W10: 0
C11: 8 | D11: HD Externo de 1 Tb com interface USB 3.0, alimentação via USB, LED indicativo de funcionamento, taxa de transferência de 480 Mbps, incluso cabo de conexão USB. | E11: Peça | F11: SEAGATE | G11: 449052.35 | H11: 414.2 | I11: 2 | J11: =I11-(SUM(L11:W11)) -> 2 | K11: =IF(J11<0,"ATENÇÃO","OK") -> OK | L11: 0 | M11: 0 | N11: 0 | O11: 0 | P11: 0 | Q11: 0 | R11: 0 | S11: 0 | T11: 0 | U11: 0 | V11: 0 | W11: 0
C12: 9 | D12: HD Externo de 2 Tb com interface USB 3.0, alimentação via USB, LED indicativo de funcionamento, taxa de transferência de 480 Mbps, incluso cabo de conexão USB. | E12: Peça | F12: TOSHIBA | G12: 449052.35 | H12: 552.83 | J12: =I12-(SUM(L12:W12)) -> 0 | K12: =IF(J12<0,"ATENÇÃO","OK") -> OK | L12: 0 | M12: 0 | N12: 0 | O12: 0 | P12: 0 | Q12: 0 | R12: 0 | S12: 0 | T12: 0 | U12: 0 | V12: 0 | W12: 0
A13: RICARL DISTRIBUIDORA EIRELI ME | B13: 4 | C13: 10 | D13: Pen Drive 64 Gb USB 3.0 | E13: Peça | F13: SANDISK | G13: 339030.17 | H13: 189.3 | J13: =I13-(SUM(L13:W13)) -> 0 | K13: =IF(J13<0,"ATENÇÃO","OK") -> OK | L13: 0 | M13: 0 | N13: 0 | O13: 0 | P13: 0 | Q13: 0 | R13: 0 | S13: 0 | T13: 0 | U13: 0 | V13: 0 | W13: 0
C14: 11 | D14: Pen Drive 32 Gb USB 3.0 | E14: Peça | F14: SANDISK | G14: 339030.17 | H14: 105 | J14: =I14-(SUM(L14:W14)) -> 0 | K14: =IF(J14<0,"ATENÇÃO","OK") -> OK | L14: 0 | M14: 0 | N14: 0 | O14: 0 | P14: 0 | Q14: 0 | R14: 0 | S14: 0 | T14: 0 | U14: 0 | V14: 0 | W14: 0
C15: 12 | D15: Pen Drive 16 Gb USB 3.0 | E15: Peça | F15: SANDISK | G15: 339030.17 | H15: 68 | J15: =I15-(SUM(L15:W15)) -> 0 | K15: =IF(J15<0,"ATENÇÃO","OK") -> OK | L15: 0 | M15: 0 | N15: 0 | O15: 0 | P15: 0 | Q15: 0 | R15: 0 | S15: 0 | T15: 0 | U15: 0 | V15: 0 | W15: 0
A16: FABRICIO SONCINI EQPTOS DE INFORMÁTICA ME | B16: 5 | C16: 13 | D16: Pente de Memória 4 Gb DDR3-1066 | E16: Peça | F16: MARKVISION | G16: 339030.17 | H16: 197.64 | I16: 30 | J16: =I16-(SUM(L16:W16)) -> 30 | K16: =IF(J16<0,"ATENÇÃO","OK") -> OK | L16: 0 | M16: 0 | N16: 0 | O16: 0 | P16: 0 | Q16: 0 | R16: 0 | S16: 0 | T16: 0 | U16: 0 | V16: 0 | W16: 0
C17: 14 | D17: Pente de Memória 4 Gb DDR2-800 | E17: Peça | F17: KINGSTON | G17: 339030.17 | H17: 269 | I17: 20 | J17: =I17-(SUM(L17:W17)) -> 20 | K17: =IF(J17<0,"ATENÇÃO","OK") -> OK | L17: 0 | M17: 0 | N17: 0 | O17: 0 | P17: 0 | Q17: 0 | R17: 0 | S17: 0 | T17: 0 | U17: 0 | V17: 0 | W17: 0
C18: 15 | D18: Pente de Memória 2 Gb DDR2-667 | E18: Peça | F18: KINGSTON | G18: 339030.17 | H18: 133.11 | J18: =I18-(SUM(L18:W18)) -> 0 | K18: =IF(J18<0,"ATENÇÃO","OK") -> OK | L18: 0 | M18: 0 | N18: 0 | O18: 0 | P18: 0 | Q18: 0 | R18: 0 | S18: 0 | T18: 0 | U18: 0 | V18: 0 | W18: 0
A19: BEE2B INFORMÁTICA LTDA ME | B19: 6 | C19: 16 | D19: Processador AMD Athlon 64 X2 2.6 Ghz (5000B / Socket AM2) | E19: Peça | F19: ATHLON | G19: 339030.17 | H19: 435.95 | J19: =I19-(SUM(L19:W19)) -> 0 | K19: =IF(J19<0,"ATENÇÃO","OK") -> OK | L19: 0 | M19: 0 | N19: 0 | O19: 0 | P19: 0 | Q19: 0 | R19: 0 | S19: 0 | T19: 0 | U19: 0 | V19: 0 | W19: 0
C20: 17 | D20: Processador Intel Core 2 Duo 3 Ghz ou superior compatível com o socket LGA775 | E20: Peça | F20: INTEL | G20: 339030.17 | H20: 486.86 | J20: =I20-(SUM(L20:W20)) -> 0 | K20: =IF(J20<0,"ATENÇÃO","OK") -> OK | L20: 0 | M20: 0 | N20: 0 | O20: 0 | P20: 0 | Q20: 0 | R20: 0 | S20: 0 | T20: 0 | U20: 0 | V20: 0 | W20: 0
A21: MM COMÉRCIO DE EQPTOS LTDA ME | B21: 7 | C21: 18 | D21: Apoio de punho (teclado) ergonômico em gel. | E21: Peça | F21: PISC | G21: 339030.17 | H21: 41.09 | J21: =I21-(SUM(L21:W21)) -> 0 | K21: =IF(J21<0,"ATENÇÃO","OK") -> OK | L21: 0 | M21: 0 | N21: 0 | O21: 0 | P21: 0 | Q21: 0 | R21: 0 | S21: 0 | T21: 0 | U21: 0 | V21: 0 | W21: 0
C22: 19 | D22: Mouse pad com apoio ergonômico de gel | E22: Peça | F22: PISC | G22: 339030.17 | H22: 25.92 | I22: 30 | J22: =I22-(SUM(L22:W22)) -> 30 | K22: =IF(J22<0,"ATENÇÃO","OK") -> OK | L22: 0 | M22: 0 | N22: 0 | O22: 0 | P22: 0 | Q22: 0 | R22: 0 | S22: 0 | T22: 0 | U22: 0 | V22: 0 | W22: 0
A23: BEE2B INFORMÁTICA LTDA ME | B23: 8 | C23: 20 | D23: Mouse Wireless com Apontador Laser ( Mouse Laser Bluetooth, Apresentador de Slides, Apontador Laser e Controle Remoto de Multimídia), com botão Ligar/Desligar, conexão Bluetooth de 2.4 Ghz, com estojo. | E23: Peça | F23: MICROSOFT | G23: 339030.17 | H23: 180 | J23: =I23-(SUM(L23:W23)) -> 0 | K23: =IF(J23<0,"ATENÇÃO","OK") -> OK | L23: 0 | M23: 0 | N23: 0 | O23: 0 | P23: 0 | Q23: 0 | R23: 0 | S23: 0 | T23: 0 | U23: 0 | V23: 0 | W23: 0
C24: 21 | D24: Mouse USB preto (óptico 3 botões net scroll), (não o optomecânico) | E24: Peça | F24: LEADER TECH | G24: 339030.17 | H24: 15.5 | I24: 60 | J24: =I24-(SUM(L24:W24)) -> 60 | K24: =IF(J24<0,"ATENÇÃO","OK") -> OK | L24: 0 | M24: 0 | N24: 0 | O24: 0 | P24: 0 | Q24: 0 | R24: 0 | S24: 0 | T24: 0 | U24: 0 | V24: 0 | W24: 0
C25: 22 | D25: Teclado Wireless, padrão ABNT II Português; teclas com funções internet e multimídia; botão de rolagem no teclado (scroll); teclas de atalho para a função office; 256 endereços de Ids por canal; tecnologia RF (rádio frequência) amplo ângulo de transmissão de sinal; com apoio para pulso, previne L.E.R. | E25: Peça | F25: MULTILASER | G25: 339030.17 | H25: 152 | J25: =I25-(SUM(L25:W25)) -> 0 | K25: =IF(J25<0,"ATENÇÃO","OK") -> OK | L25: 0 | M25: 0 | N25: 0 | O25: 0 | P25: 0 | Q25: 0 | R25: 0 | S25: 0 | T25: 0 | U25: 0 | V25: 0 | W25: 0
C26: 23 | D26: Teclado USB preto Padrão ABNT2 | E26: Peça | F26: MULTILASER | G26: 339030.17 | H26: 27 | I26: 50 | J26: =I26-(SUM(L26:W26)) -> 50 | K26: =IF(J26<0,"ATENÇÃO","OK") -> OK | L26: 0 | M26: 0 | N26: 0 | O26: 0 | P26: 0 | Q26: 0 | R26: 0 | S26: 0 | T26: 0 | U26: 0 | V26: 0 | W26: 0
A27: Infrutífero | B27: 9 | C27: 24 | D27: Mini-teclado numérico USB para PC, interface USB, cor preto, Comprimento do cabo de 1,80 m ou mais, dimensões 110/75/10 mm (Prof/Larg/Alt), fonte de alimentação PC / via USB, compatibilidade com Windows 2000 Windows 98 (SE) Windows ME Windows XP e com teclas de zero a 9 | E27: Peça | G27: 339030.17
C28: 25 | D28: Teclado PIN para senha 12 teclas com conexão para teclado, com display. | E28: Peça | G28: 339030.17
C29: 26 | D29: Teclado PIN: Mini-teclado numérico USB para desktops e notebooks. Função numérica e matemática com as quatro principais operações. Teclado formato slim com teclas e base finas. Tecla backspace para correção e Enter. | E29: Peça | G29: 339030.17
A30: Deserto | B30: 10 | C30: 27 | D30: Placa de Som PCI-e Creative Sound Blaster Audigy Rx, Processador de áudio: Creative E-MU, Relação Sinal para ruído (SNR): 106dB, Opções de conectividade (principais), Headphone Saída: 1 x 3.5mm jack compartilhada com Saída Frontal, Saída de linha: 1 x 3.5mm jack (Saída Frontal) 1 x 3.5mm jack (Rear / Side R) 1 x 3.5mm jack (C / Sub / Side L), Entrada de linha: 1 x 3,5 mm jack, Entrada de microfone: 2 x 3,5 mm jack, Saída ótica: 1 x TOSLINK, Amplificador dos fones de ouvido: Até 600 Ohms | E30: Peça | G30: 339030.17
A31: PERFORM TECNOLOGIA EIRELI EPP | B31: 11 | C31: 28 | D31: Placa de Rede 10/100/1000 PCI | E31: Peça | F31: INTELBRAS | G31: 339030.17 | H31: 65 | I31: 10 | J31: =I31-(SUM(L31:W31)) -> 10 | K31: =IF(J31<0,"ATENÇÃO","OK") -> OK | L31: 0 | M31: 0 | N31: 0 | O31: 0 | P31: 0 | Q31: 0 | R31: 0 | S31: 0 | T31: 0 | U31: 0 | V31: 0 | W31: 0
C32: 29 | D32: Placa de Rede 10/100/1000 PCI-e | E32: Peça | F32: INTELBRAS | G32: 339030.17 | H32: 84.7 | I32: 10 | J32: =I32-(SUM(L32:W32)) -> 10 | K32: =IF(J32<0,"ATENÇÃO","OK") -> OK | L32: 0 | M32: 0 | N32: 0 | O32: 0 | P32: 0 | Q32: 0 | R32: 0 | S32: 0 | T32: 0 | U32: 0 | V32: 0 | W32: 0
C33: 30 | D33: Placa de Rede Wireless, PCI-e, com antena externa, compativel com sinal 2,4 Ghz | E33: Peça | F33: INTELBRAS | G33: 339030.17 | H33: 75 | J33: =I33-(SUM(L33:W33)) -> 0 | K33: =IF(J33<0,"ATENÇÃO","OK") -> OK | L33: 0 | M33: 0 | N33: 0 | O33: 0 | P33: 0 | Q33: 0 | R33: 0 | S33: 0 | T33: 0 | U33: 0 | V33: 0 | W33: 0
A34: PERFORM TECNOLOGIA EIRELI EPP | B34: 12 | C34: 31 | D34: Placa de Vídeo PCI express 512 Mb | E34: Peça | F34: POWER COLOR | G34: 339030.17 | H34: 180 | I34: 20 | J34: =I34-(SUM(L34:W34)) -> 20 | K34: =IF(J34<0,"ATENÇÃO","OK") -> OK | L34: 0 | M34: 0 | N34: 0 | O34: 0 | P34: 0 | Q34: 0 | R34: 0 | S34: 0 | T34: 0 | U34: 0 | V34: 0 | W34: 0
C35: 32 | D35: Placa de Vídeo 1 Gb Vga/Dvi/Hdmi (pricipalmente com HDMI) | E35: Peça | F35: POWER COLOR | G35: 339030.17 | H35: 150 | J35: =I35-(SUM(L35:W35)) -> 0 | K35: =IF(J35<0,"ATENÇÃO","OK") -> OK | L35: 0 | M35: 0 | N35: 0 | O35: 0 | P35: 0 | Q35: 0 | R35: 0 | S35: 0 | T35: 0 | U35: 0 | V35: 0 | W35: 0
C36: 33 | D36: Placa de Vídeo 2 Gb 256 bits Dual Dvi PCI-e | E36: Peça | F36: GIGABYTE | G36: 339030.17 | H36: 1232.25 | I36: 5 | J36: =I36-(SUM(L36:W36)) -> 5 | K36: =IF(J36<0,"ATENÇÃO","OK") -> OK | L36: 0 | M36: 0 | N36: 0 | O36: 0 | P36: 0 | Q36: 0 | R36: 0 | S36: 0 | T36: 0 | U36: 0 | V36: 0 | W36: 0
A37: Deserto | B37: 13 | C37: 34 | D37: Placa mãe Lenovo Socket LGA775 ou compatível FRU-PartNumber 64Y3055 | E37: Peça | G37: 339030.17
C38: 35 | D38: Placa-mãe Lenovo L-A780 ou compatível (socket AM2) p/ computadores Lenovo Thinkcentre A62-7057 | E38: Peça | G38: 339030.17
A39: MM COMÉRCIO DE EQPTOS LTDA ME | B39: 14 | C39: 36 | D39: Spray para limpeza de contatos elétricos e componentes eletrônicos. Embalagem de 300 ml. | E39: Peça | F39: ORBI | G39: 339030.17 | H39: 28.69 | I39: 50 | J39: =I39-(SUM(L39:W39)) -> 50 | K39: =IF(J39<0,"ATENÇÃO","OK") -> OK | L39: 0 | M39: 0 | N39: 0 | O39: 0 | P39: 0 | Q39: 0 | R39: 0 | S39: 0 | T39: 0 | U39: 0 | V39: 0 | W39: 0
C40: 37 | D40: Pasta térmica: Condutividade térmica (Wmk) 1,2 Wmk (norma técnica ISSO 8301:1991). Ponto de gota inexistente. | E40: Peça | F40: TEKBOND | G40: 339030.17 | H40: 14.8 | J40: =I40-(SUM(L40:W40)) -> 0 | K40: =IF(J40<0,"ATENÇÃO","OK") -> OK | L40: 0 | M40: 0 | N40: 0 | O40: 0 | P40: 0 | Q40: 0 | R40: 0 | S40: 0 | T40: 0 | U40: 0 | V40: 0 | W40: 0
A41: COMP1 INFORMÁTICA LTDA EPP | B41: 15 | C41: 38 | D41: Fonte de alimentação ATX 2.0 entrada AC com chaveamento automático (110V e 220V), mínimo 430W. | E41: Peça | F41: CASEMALL | G41: 339030.17 | H41: 365 | I41: 10 | J41: =I41-(SUM(L41:W41)) -> 10 | K41: =IF(J41<0,"ATENÇÃO","OK") -> OK | L41: 0 | M41: 0 | N41: 0 | O41: 0 | P41: 0 | Q41: 0 | R41: 0 | S41: 0 | T41: 0 | U41: 0 | V41: 0 | W41: 0
C42: 39 | D42: Adaptador para fonte ATX com saída SATA. Permite ligar um disco rígido SATA em um conector de 4 pontos da fonte. | E42: Peça | F42: COLLER MASTER | G42: 339030.17 | H42: 8 | J42: =I42-(SUM(L42:W42)) -> 0 | K42: =IF(J42<0,"ATENÇÃO","OK") -> OK | L42: 0 | M42: 0 | N42: 0 | O42: 0 | P42: 0 | Q42: 0 | R42: 0 | S42: 0 | T42: 0 | U42: 0 | V42: 0 | W42: 0
A43: Deserto | B43: 16 | C43: 40 | D43: Caixas de Som com subwoofer integrado e duas caixas de som, com potência mínima de 600W PMPO, entrada com conector padrão mini-jack e RCA (ou adaptador RCA para mini-jack), tensão de alimentação de 220v. | E43: Peça | G43: 339030.17
C44: 41 | D44: Caixas de Som com 2 canais estéreos amplificados, controle de volume, botão liga/desliga, saída para fone de ouvido estéreo, LED indicador de liga e desliga, 2 w RMS e alimentação 220v (sem uso de transformador externo). | E44: Peça | G44: 339030.17
C45: 42 | D45: Caixa de Som, 1 Subwoofer, 2 caixas Satélites, Potência de saída: 30W RMS, botão iluminado quando ligado, controle de volume, auto Bivolt, dimensões aproximadas: +/- 10 a 15% (Larg x Alt x Prof) 16 x 20 x 20 | E45: Peça | G45: 339030.17
A46: Deserto | B46: 17 | C46: 43 | D46: Fone de ouvido profissional, - Sensibilidade: 98 dB (SPL/mW); - Faixa de frequência: de 10 até 30.000 Hz; - Impedância: 32 Ohms; - Potência Máxima: 300 mW; - Cabo: 2,5 m com conector P2 e adaptador P10 | E46: Peça | G46: 339030.17
C47: 44 | D47: Headset (fones de ouvido com microfone): Escala de frequência 20 a 20000Hz. Sensibilidade 105dB/mW. Impedância 32Ohms. Potência máxima: 100 mW. Tamanho do cabo 1,60m (mínimo). Outras características: fones almofadados e revestidos de borracha. | E47: Peça | G47: 339030.17
